Workbook
Name AÑOS: #REF!
Name AÑOS: #REF!
Name AÑOS: #REF!
Name AÑOS: #REF!
Name AÑOS: #REF!
Name Beg_Bal: [1]TABLA!$D$33:$D$392
Name concepto108.casillero: #REF!
Name concepto108.casillero: #REF!
Name concepto108.casillero: #REF!
Name concepto108.casillero: #REF!
Name concepto108.casillero: #REF!
Name concepto109.casillero: #REF!
Name concepto109.casillero: #REF!
Name concepto109.casillero: #REF!
Name concepto109.casillero: #REF!
Name concepto110.casillero: #REF!
Name concepto110.casillero: #REF!
Name concepto110.casillero: #REF!
Name concepto110.casillero: #REF!
Name concepto111.casillero: #REF!
Name concepto111.casillero: #REF!
Name concepto111.casillero: #REF!
Name concepto111.casillero: #REF!
Name concepto116.casillero: #REF!
Name concepto116.casillero: #REF!
Name concepto116.casillero: #REF!
Name concepto116.casillero: #REF!
Name DATOS: #REF!
Name DATOS: #REF!
Name DATOS: #REF!
Name DATOS: #REF!
Name End_Bal: [1]TABLA!$J$33:$J$392
Name ENTRADA: #REF!
Name ENTRADA: #REF!
Name ENTRADA: #REF!
Name ENTRADA: #REF!
Name ENTRADA: #REF!
Name Extra_Pay: [1]TABLA!$F$33:$F$392
Name fgsfgdssgfdg: #REF!
Name fgsfgdssgfdg: #REF!
Name fgsfgdssgfdg: #REF!
Name fgsfgdssgfdg: #REF!
Name fgsfgdssgfdg: #REF!
Name Full_Print: [1]TABLA!$B$17:$J$392
Name gestión: #REF!
Name gestión: #REF!
Name gestión: #REF!
Name gestión: #REF!
Name gestión: #REF!
Name GESTIONN: #REF!
Name GESTIONN: #REF!
Name GESTIONN: #REF!
Name GESTIONN: #REF!
Name Header_Row: ROW([1]TABLA!$32:$32)
Name INDIRECTOS: #REF!
Name INDIRECTOS: #REF!
Name INDIRECTOS: #REF!
Name INDIRECTOS: #REF!
Name INDIRECTOS: #REF!
Name Int: [1]TABLA!$I$33:$I$392

Sheet CARATULA
C11: DEPARTAMENTO DE CIENCIAS ECONÓMICAS, ADMINISTRATIVAS Y DEL COMERCIO
B13: LICENCIATURA EN CONTABILIDAD Y AUDITORÍA
Q14: #d6ce8b | R14: #8fd053 | S14: #02907d | T14: #03453d | U14: #2c1001
B15: PROPUESTA DE TESIS
B17: MODELO DE ANÁLISIS Y EVALUACIÓN DE LA GESTIÓN DE RIESGO Y SU INCIDENCIA EN LA SOSTENIBILIDAD FINANCIERA DEL SECTOR DE SERVICIO DE TRANSPORTE Y ALMACENAMIENTO DE LA PROVINCIA DE COTOPAXI, MEDIANTE EL CÁLCULO DE INDICADORES FINANCIERO.
B19: ELABORADO POR:
B20: RIVAS CRUZ KARINA ELIZABETH
B21: TACO MOROCHO CARLOS EFRAIN
B22: TUTORA: ING. URBINA POVEDA, MYRIAM ALEXANDRA, MSc.

Sheet CONTENIDO
C9: INSTRUCCIONES | J9: SOSTENIBILIDAD FINANCIERA
C12: MARCO METODOLÓGICO | J12: CUESTIONARIO DE CONTROL INTERNO
C15: ESTADOS FINANCIEROS | J15: EVALUACIÓN DE RIESGO
C18: COMPOSICIÓN FINANCIERA | J18: NIVEL DEL RIESGO
C21: INDICADORES DE VALOR | J21: MAPA DE CALOR
C24: INDICADORES DE CONTINUIDAD | J24: RIESGO INHERENTE
B28: NOTA: Al dar clic en el círculo negro y la figura ploma se abrirá la pestaña que desee visualizar.

Sheet INSTRUCCIONES
C9: El presente modelo tiene por objeto analizar y diagnosticar la gestión financiera por su incidencia en la sostenibilidad financiera. El modelo considera dos análisis: 1.- Evaluación y diagnostico de la sostenibilidad financiera a través de indicadores. 2.- Análisis y evaluación del riesgo inherente a través de cuestionario y matriz de riesgo. A continuación se presenta un detalle de las indicaciones por hoja de calculo.
C13: - Las pestañas 3-4-5 y 6 contienen herramientas para poder calcular los indicadores financieros, esto se realizara de forma automática en el momento que usted llene su estado financiero, esto le llevara a la ultima pestaña que seria el resumen de como se encuentra su empresa en el tema de sostenibilidad financiera.
C16: - Las pestañas 7-8-9-10 y 11 contienen matrices de riegos que de igual manera será calculado automáticamente en consideración a las respuestas del cuestionario, cabe indicar que en la pestaña 11 obtendrá el resumen de los riegos y su nivel y usted podrá observar si estos son: bajo, medio o alto considerando una escala de semáforo.
C19: La pestaña 3 comprende un estado financiero donde usted debe ingresar en las celdas correspondientes la información financiera de la empresa a ser analizada al final de un periodo fiscal, se utiliza para el efecto el formulario 101 definido por el SRI. Seguidamente en la pestaña 4 obtendrá un análisis automático de sus activos, pasivos y patrimonio.
C40: En las pestañas 5 y 6 obtendrá información de cada indicador calculado y este resultado será comparado con los niveles referenciales definidos en el marco teórico. Finalmente se obtendrá un diagnostico de la sostenibilidad evaluado a través de pruebas dicotómicas con escalas de color donde el color rojo significa sostenibilidad baja, el amarillo media y el verde alta.
C50: La pestaña 7 contiene un cuestionario, el cual esta conformado por un conjunto de preguntas relacionadas al riesgo inherente. En este apartado usted debe analizar y responder el cuestionario detallando una x en la respuesta que considere oportuna.
C53: La pestaña 8 le dará el resultado de la evaluación de riesgo, considerando la siguiente escala, siendo el rojo riesgo alto, el amarillo moderado y el verde bajo.
C56: De la misma forma en la pestaña 9 podrá observar el nivel de riesgo inherente de forma global con su respectivo color.
C70: En la pestaña 10 se indica un mapa de calor con el detalle de los eventos del riesgo, la probabilidad y el impacto, en este apartado usted deberá seleccionar el impacto en función de las características de la entidad.
C87: Finalmente en la pestaña 11 se evidencia el resumen general de los riesgos, donde se puede observar el tipo de riesgo, a fin de que la entidad pueda analizar causas y efectos y definir una respuesta al riesgo.
C91: La pestaña marco metodológico contiene un detalle de la terminología financiera utilizada en el modelo.

Sheet MARCO METODOLOGICO
D12: INDICADOR DE CONTINUIDAD | E12: DESCRIPCIÓN | F12: FÓRMULA
D13: Liquidez Corriente | E13: Este índice relaciona los activos corrientes frente a los pasivos de la misma naturaleza. Cuanto más alto sea el coeficiente, la empresa tendrá mayores posibilidades de efectuar sus pagos de corto plazo.
D14: Endeudamiento | E14: Permite conocer el grado de endeudamiento al corto plazo
D15: INDICADOR DE VALOR | E15: DESCRIPCIÓN | F15: FÓRMULA
D16: Rentabilidad operacional del patrimonio (ROE) | E16: Permite identificar la rentabilidad que le ofrece a los socios o accionistas el capital que han invertido en la empresa, sin tomar en cuenta los gastos financieros ni de impuestos y participación de trabajadores.
D17: Eficiencia | E17: Permiten medir el nivel de ejecución del proceso, se concentran en el Cómo se hicieron las cosas y miden el rendimiento de los recursos utilizados por un proceso. Tienen que ver con la productividad.
D18: Rentabilidad neta del activo (ROA) | E18: Muestra la capacidad del activo para producir utilidades, independientemente de la forma como haya sido financiado, ya sea con deuda o patrimonio.
D19: Rotación de activos | E19: Permite apreciar el grado de liquidez (en veces) de las cuentas y documentos por cobrar, lo cual se refleja en la gestión y buena marcha de la empresa.

Sheet 3
E3: FORMULARIO 101 | K3: DECLARACIÓN DEL IMPUESTO A LA RENTA Y PRESENTACIÓN DE BALANCES FORMULARIO ÚNICO SOCIEDADES Y ESTABLECIMIENTOS PERMANENTES | AD3: SUPERINTENDENCIA DE COMPAÑÍAS, VALORES Y SEGUROS
C4: RESOLUCIÓN N° NAC-DGERCGC15-00000143
B5: 0
B6: CON PARTES RELACIONADAS LOCALES | C6: OPERACIONES DE ACTIVO | H6: 003 | I6: + | M6: CON PARTES RELACIONADAS EN PARAÍSOS FISCALES Y REGÍMENES FISCALES PREFERENTES | O6: OPERACIONES DE ACTIVO | S6: 007 | T6: + | X6: CON PARTES RELACIONADAS EN OTROS REGÍMENES DEL EXTERIOR | Z6: OPERACIONES DE ACTIVO | AD6: 011 | AE6: +
C7: OPERACIONES DE PASIVO | H7: 004 | I7: + | O7: OPERACIONES DE PASIVO | S7: 008 | T7: + | Z7: OPERACIONES DE PASIVO | AD7: 012 | AE7: +
C8: OPERACIONES DE INGRESO | H8: 005 | I8: + | O8: OPERACIONES DE INGRESO | S8: 009 | T8: + | Z8: OPERACIONES DE INGRESO | AD8: 013 | AE8: +
C9: OPERACIONES DE EGRESO | H9: 006 | I9: + | O9: OPERACIONES DE EGRESO | S9: 010 | T9: + | Z9: OPERACIONES DE EGRESO | AD9: 014 | AE9: +
B10: TOTAL OPERACIONES CON PARTES RELACIONADAS | AD10: 015 | AE10: =
B11: ¿SUJETO PASIVO EXENTO DE APLICACIÓN DEL RÉGIMEN DE PRECIOS DE TRANSFERENCIA? | AD11: 017 | AE11: =
B13: ESTADO DE SITUACIÓN FINANCIERA | R13: ESTADO DE RESULTADOS
B14: ACTIVO | R14: INGRESOS
B15: ACTIVOS CORRIENTES | AD15: TOTAL INGRESOS | AG15: VALOR EXENTO (A efectos de la Conciliación Tributaria)
B16: EFECTIVO Y EQUIVALENTES AL EFECTIVO | O16: 311 | P16: + | Q16: 48942.22 | R16: VENTAS NETAS LOCALES GRAVADAS CON TARIFA 12% DE IVA | AD16: 6011 | AE16: + | AG16: 6012
B17: INVERSIONES CORRIENTES | O17: 312 | P17: + | R17: VENTAS NETAS LOCALES GRAVADAS CON TARIFA 0% DE IVA O EXENTAS DE IVA | AD17: 6021 | AE17: + | AF17: 2472205.3 | AG17: 6022
B18: (-) PROVISIÓN POR DETERIORO DE INVERSIONES CORRIENTES | O18: 313 | P18: (-) | R18: EXPORTACIONES NETAS | AD18: 6031 | AE18: + | AG18: 6032
B19: CUENTAS Y DOCUMENTOS POR COBRAR CLIENTES CORRIENTES | D19: RELACIONADOS | G19: LOCALES | O19: 314 | P19: + | R19: INGRESOS OBTENIDOS BAJO LA MODALIDAD DE COMISIONES O SIMILARES | AD19: 6041 | AE19: + | AG19: 6042
G20: DEL EXTERIOR | O20: 315 | P20: + | R20: INGRESOS POR AGROFORESTERÍA Y SILVICULTURA DE ESPECIES FORESTALES | AD20: 6051 | AE20: + | AG20: 6052
D21: NO RELACIONADOS | G21: LOCALES | O21: 316 | P21: + | Q21: 26076.63 | R21: RENDIMIENTOS FINANCIEROS | AD21: 6061 | AE21: + | AG21: 6062
G22: DEL EXTERIOR | O22: 317 | P22: + | R22: UTILIDAD EN VENTA DE PROPIEDADES, PLANTA Y EQUIPO | AD22: 6071 | AE22: + | AG22: 6072
B23: OTRAS CUENTAS Y DOCUMENTOS POR COBRAR CORRIENTES | D23: RELACIONADOS | G23: LOCALES | O23: 318 | P23: + | R23: DIVIDENDOS | AD23: 6081 | AE23: + | AG23: 6082
G24: DEL EXTERIOR | O24: 319 | P24: + | R24: RENTAS EXENTAS PROVENIENTES DE DONACIONES Y APORTACIONES | V24: DE RECURSOS PÚBLICOS | AD24: 6091 | AE24: + | AG24: 6092
D25: NO RELACIONADOS | G25: LOCALES | O25: 320 | P25: + | V25: DE OTRAS LOCALES | AD25: 6101 | AE25: + | AG25: 6102
G26: DEL EXTERIOR | O26: 321 | P26: + | V26: DEL EXTERIOR | AD26: 6111 | AE26: + | AG26: 6112
B27: (-) PROVISIÓN CUENTAS INCOBRABLES Y DETERIORO | O27: 322 | P27: (-) | R27: OTROS INGRESOS PROVENIENTES DEL EXTERIOR | AD27: 6121 | AE27: + | AG27: 6122
B28: CRÉDITO TRIBUTARIO A FAVOR DEL SUJETO PASIVO (ISD) | O28: 323 | P28: + | R28: OTRAS RENTAS | AD28: 6131 | AE28: + | AF28: 4486.37 | AG28: 6132
B29: CRÉDITO TRIBUTARIO A FAVOR DEL SUJETO PASIVO (IVA) | O29: 324 | P29: + | R29: TOTAL INGRESOS | AA29: SUMAR DEL 6011 AL 6131 | AD29: 6999 | AE29: = | AF29: =SUM(AF16:AF28) -> 2476691.7 | AG29: En la columna "Valor exento" registre la porción del monto declarado en la columna "total ingresos" considerada como exenta de Impuesto a la Renta.
B30: CRÉDITO TRIBUTARIO A FAVOR DEL SUJETO PASIVO (RENTA) | O30: 325 | P30: + | Q30: 45110.61 | R30: VENTAS NETAS DE PROPIEDADES, PLANTA Y EQUIPO (INFORMATIVO) | AD30: 6001
B31: INVENTARIO DE MATERIA PRIMA | O31: 326 | P31: + | R31: INGRESOS POR REEMBOLSO COMO INTERMEDIARIO (INFORMATIVO) | AD31: 6002
B32: INVENTARIO DE PRODUCTOS EN PROCESO | O32: 327 | P32: + | R32: COSTOS Y GASTOS
B33: INVENTARIO DE SUMINISTROS Y MATERIALES | O33: 328 | P33: +
B34: INVENTARIO DE PROD. TERM. Y MERCAD. EN ALMACÉN | O34: 329 | P34: + | AA34: COSTO | AD34: GASTO | AG34: VALOR NO DEDUCIBLE (A efectos de la Conciliación Tributaria)
B35: MERCADERÍAS EN TRÁNSITO | O35: 330 | P35: + | R35: INVENTARIO INICIAL DE BIENES NO PRODUCIDOS POR EL SUJETO PASIVO | AA35: 7010 | AB35: +
B36: OBRAS EN CURSO BAJO CONTRATO DE CONSTRUCCIÓN (NIC 11) | O36: 331 | P36: + | R36: COMPRAS NETAS LOCALES DE BIENES NO PRODUCIDOS POR EL SUJETO PASIVO | AA36: 7011 | AB36: + | AG36: 7012
B37: INVENTARIO DE OBRAS EN CONSTRUCCIÓN (NIC 2) | O37: 332 | P37: + | R37: COMPRAS NETAS LOCALES PRODUCTO DE LA ACTIVIDAD DE COMISIONISTA | AA37: 7021 | AB37: + | AG37: 7023
B38: INVENTARIO DE OBRAS TERMINADAS (NIC 2) | O38: 333 | P38: + | R38: IMPORTACIONES DE BIENES NO PRODUCIDOS POR EL SUJETO PASIVO | AA38: 7031 | AB38: + | AD38: 7032 | AE38: + | AG38: 7033
B39: INVENTARIO DE MATERIALES O BIENES PARA LA CONSTRUCCIÓN (NIC 2) | O39: 334 | P39: + | R39: (-) INVENTARIO FINAL DE BIENES NO PRODUCIDOS POR EL SUJETO PASIVO | AA39: 7041 | AB39: (-)
B40: INVENTARIO REPUESTOS, HERRAMIENTAS Y ACCESORIOS | O40: 335 | P40: + | R40: INVENTARIO INICIAL DE MATERIA PRIMA | AA40: 7051 | AB40: +
B41: (-) PROVISIÓN DE INVENTARIOS POR VALOR NETO DE REALIZACIÓN Y OTRAS PÉRDIDAS EN INVENTARIO | O41: 336 | P41: (-) | R41: COMPRAS NETAS LOCALES DE MATERIA PRIMA | AA41: 7061 | AB41: + | AG41: 7063
B42: ACTIVOS PAGADOS POR ANTICIPADO | O42: 337 | P42: + | R42: IMPORTACIONES DE MATERIA PRIMA | AA42: 7071 | AB42: + | AG42: 7073
B43: (-) PROVISIÓN POR DETERIORO DEL VALOR DEL ACTIVO CORRIENTE | O43: 338 | P43: (-) | R43: (-) INVENTARIO FINAL DE MATERIA PRIMA | AA43: 7081 | AB43: (-)
B44: ACTIVOS NO CORRIENTES MANTENIDOS PARA LA VENTA Y OPERACIONES DISCONTINUADAS | O44: 339 | P44: + | R44: INVENTARIO INICIAL DE PRODUCTOS EN PROCESO | AA44: 7091 | AB44: +
B45: OTROS ACTIVOS CORRIENTES | O45: 340 | P45: + | Q45: 36060.68 | R45: (-) INVENTARIO FINAL DE PRODUCTOS EN PROCESO | AA45: 7101 | AB45: (-)
B46: TOTAL ACTIVOS CORRIENTES | O46: 345 | P46: = | Q46: =Q16+Q17-Q18+Q19+Q20+Q21+Q22+Q23+Q24+Q25+Q26-Q27+Q28+Q29+Q30+Q31+Q32+Q33+Q34+Q35+Q36+Q37+Q38+Q39+Q40-Q41+Q42-Q43+Q44+Q45 -> 156190.14 | R46: INVENTARIO INICIAL PRODUCTOS TERMINADOS | AA46: 7111 | AB46: +
B47: ACTIVOS NO CORRIENTES | R47: (-) INVENTARIO FINAL DE PRODUCTOS TERMINADOS | AA47: 7121 | AB47: (-)
B48: PROPIEDADES, PLANTA Y EQUIPO, PROPIEDADES DE INVERSIÓN Y ACTIVOS BIOLÓGICOS | R48: SUELDOS, SALARIOS Y DEMÁS REMUNERACIONES QUE CONSTITUYEN MATERIA GRAVADA DEL IESS | AA48: 7131 | AB48: + | AD48: 7132 | AE48: + | AF48: 26585.29 | AG48: 7133
B49: TERRENOS | O49: 350 | P49: + | Q49: 59998 | R49: BENEFICIOS SOCIALES, INDEMNIZACIONES Y OTRAS REMUNERACIONES QUE NO CONSTITUYEN MATERIA GRAVADA DEL IESS | AA49: 7141 | AB49: + | AD49: 7142 | AE49: + | AF49: 4518.3 | AG49: 7143
B50: INMUEBLES (EXCEPTO TERRENOS) | O50: 351 | P50: + | R50: APORTE A LA SEGURIDAD SOCIAL (INCLUYE FONDO DE RESERVA) | AA50: 7151 | AB50: + | AD50: 7152 | AE50: + | AF50: 3562.11 | AG50: 7153
B51: CONSTRUCCIONES EN CURSO | O51: 352 | P51: + | R51: HONORARIOS PROFESIONALES Y DIETAS | AA51: 7161 | AB51: + | AD51: 7162 | AE51: + | AF51: 2666.64 | AG51: 7163
B52: MUEBLES Y ENSERES | O52: 353 | P52: + | Q52: 2650 | R52: HONORARIOS A EXTRANJEROS POR SERVICIOS OCASIONALES | AA52: 7171 | AB52: + | AD52: 7172 | AE52: + | AG52: 7173
B53: MAQUINARIA, EQUIPO E INSTALACIONES | O53: 354 | P53: + | Q53: 17499 | R53: ARRENDAMIENTOS | AA53: 7181 | AB53: + | AD53: 7182 | AE53: + | AG53: 7183
B54: NAVES, AERONAVES, BARCAZAS Y SIMILARES | K54: + | O54: 355 | P54: + | R54: MANTENIMIENTO Y REPARACIONES | AA54: 7191 | AB54: + | AD54: 7192 | AE54: + | AF54: 43209.81 | AG54: 7193
B55: EQUIPO DE COMPUTACIÓN Y SOFTWARE | O55: 356 | P55: + | Q55: 4096.7 | R55: COMBUSTIBLES Y LUBRICANTES | AA55: 7201 | AB55: + | AD55: 7202 | AE55: + | AF55: 52756.04 | AG55: 7203
B56: VEHÍCULOS, EQUIPO DE TRANSPORTE Y CAMINERO MÓVIL | O56: 357 | P56: + | Q56: 432099.79 | R56: PROMOCIÓN Y PUBLICIDAD | AA56: 7211 | AB56: + | AD56: 7212 | AE56: + | AG56: 7213
B57: PROPIEDADES, PLANTA Y EQUIPO POR CONTRATOS DE ARRENDAMIENTO FINANCIERO | O57: 358 | P57: + | R57: SUMINISTROS, MATERIALES Y REPUESTOS | AA57: 7221 | AB57: + | AD57: 7222 | AE57: + | AF57: 20269.1 | AG57: 7223
B58: OTROS PROPIEDADES, PLANTA Y EQUIPO | O58: 359 | P58: + | Q58: 1500 | R58: TRANSPORTE | AA58: 7231 | AB58: + | AD58: 7232 | AE58: + | AF58: 2123745 | AG58: 7233
B59: (-) DEPRECIACIÓN ACUMULADA PROPIEDADES, PLANTA Y EQUIPO | O59: 360 | P59: (-) | Q59: 202745.42 | R59: PROVISIONES | V59: PARA JUBILACIÓN PATRONAL | AA59: 7241 | AB59: + | AD59: 7242 | AE59: + | AG59: 7243
B60: (-) DETERIORO ACUMULADO DE PROPIEDADES, PLANTA Y EQUIPO | O60: 361 | P60: (-) | V60: PARA DESAHUCIO | AA60: 7251 | AB60: + | AD60: 7252 | AE60: + | AG60: 7253
B61: ACTIVOS DE EXPLORACIÓN Y EXPLOTACIÓN | O61: 362 | P61: + | V61: PARA CUENTAS INCOBRABLES | AD61: 7262 | AE61: + | AG61: 7263
B62: (-) AMORTIZACIÓN ACUMULADA DE ACTIVOS DE EXPLORACIÓN Y EXPLOTACIÓN | O62: 363 | P62: (-) | V62: POR VALOR NETO DE REALIZACIÓN DE INVENTARIOS | AA62: 7271 | AB62: + | AD62: 7272 | AE62: + | AG62: 7273
B63: (-) DETERIORO ACUMULADO DE ACTIVOS DE EXPLORACIÓN Y EXPLOTACIÓN | O63: 364 | P63: (-) | V63: POR DETERIORO DEL VALOR DE LOS ACTIVOS | AA63: 7281 | AB63: + | AD63: 7282 | AE63: + | AG63: 7283
B64: PROPIEDADES DE INVERSIÓN | O64: 365 | P64: + | V64: OTRAS PROVISIONES | AA64: 7291 | AB64: + | AD64: 7292 | AE64: + | AG64: 7293
B65: (-) DEPRECIACIÓN ACUMULADA PROPIEDADES DE INVERSIÓN | O65: 366 | P65: (-) | R65: ARRENDAMIENTO MERCANTIL | V65: LOCAL | AA65: 7301 | AB65: + | AD65: 7302 | AE65: + | AG65: 7303
B66: (-) DETERIORO ACUMULADO DE PROPIEDADES DE INVERSIÓN | O66: 367 | P66: (-) | V66: DEL EXTERIOR | AA66: 7311 | AB66: + | AD66: 7312 | AE66: + | AG66: 7313
B67: ACTIVOS BIOLÓGICOS | O67: 368 | P67: + | R67: COMISIONES | V67: LOCAL | AA67: 7321 | AB67: + | AD67: 7322 | AE67: + | AF67: 2768.37 | AG67: 7323
B68: (-) DEPRECIACIÓN ACUMULADA ACTIVOS BIOLÓGICOS | O68: 369 | P68: (-) | V68: DEL EXTERIOR | AA68: 7331 | AB68: + | AD68: 7332 | AE68: + | AG68: 7333
B69: (-) DETERIORO ACUMULADO DE ACTIVOS BIOLÓGICOS | O69: 370 | P69: (-) | R69: INTERESES BANCARIOS | V69: LOCAL | AA69: 7341 | AB69: + | AD69: 7342 | AE69: + | AG69: 7343
B70: TOTAL PROPIEDADES, PLANTA Y EQUIPO, PROPIEDADES DE INVERSIÓN Y ACTIVOS BIOLÓGICOS | O70: 379 | P70: = | Q70: =Q49+Q50+Q51+Q52+Q53+Q54+Q55+Q56+Q57+Q58-Q59-Q60+Q61-Q62-Q63+Q64-Q65-Q66+Q67-Q68-Q69 -> 315098.07 | V70: DEL EXTERIOR | AA70: 7351 | AB70: + | AD70: 7352 | AE70: + | AG70: 7353
B71: ACTIVOS INTANGIBLES | R71: INTERESES PAGADOS A TERCEROS | T71: RELACIONADOS | V71: LOCAL | AA71: 7361 | AB71: + | AD71: 7362 | AE71: + | AG71: 7363
B72: PLUSVALÍAS | O72: 381 | P72: + | V72: DEL EXTERIOR | AA72: 7371 | AB72: + | AD72: 7372 | AE72: + | AG72: 7373
B73: MARCAS, PATENTES, DERECHOS DE LLAVE Y OTROS SIMILARES | O73: 382 | P73: + | T73: NO RELACIONADOS | V73: LOCAL | AA73: 7381 | AB73: + | AD73: 7382 | AE73: + | AF73: 21196.04 | AG73: 7383
B74: ACTIVOS DE EXPLORACIÓN Y EXPLOTACIÓN | O74: 383 | P74: + | V74: DEL EXTERIOR | AA74: 7391 | AB74: + | AD74: 7392 | AE74: + | AG74: 7393
B75: OTROS ACTIVOS INTANGIBLES | O75: 384 | P75: + | R75: PÉRDIDA EN VENTA DE ACTIVOS | V75: RELACIONADAS | AA75: 7401 | AB75: + | AD75: 7402 | AE75: + | AG75: 7403
B76: (-) AMORTIZACIÓN ACUMULADA DE ACTIVOS INTANGIBLES | O76: 385 | P76: (-) | V76: NO RELACIONADAS | AA76: 7411 | AB76: + | AD76: 7412 | AE76: + | AG76: 7413
B77: (-) DETERIORO ACUMULADO DE ACTIVOS INTANGIBLES | O77: 386 | P77: (-) | R77: OTRAS PÉRDIDAS | AA77: 7421 | AB77: + | AD77: 7422 | AE77: + | AG77: 7423
B78: TOTAL ACTIVOS INTANGIBLES | O78: 389 | P78: = | Q78: =Q72+Q73+Q74+Q75-Q76-Q77 -> 0 | R78: MERMAS | AA78: 7431 | AB78: + | AD78: 7432 | AE78: + | AG78: 7433
B79: ACTIVOS FINANCIEROS NO CORRIENTES | R79: SEGUROS Y REASEGUROS (PRIMAS Y CESIONES) | AA79: 7441 | AB79: + | AD79: 7442 | AE79: + | AF79: 4699.64 | AG79: 7443
B80: INVERSIONES NO CORRIENTES | D80: EN SUBSIDIARIAS Y ASOCIADAS | O80: 411 | P80: + | R80: GASTOS INDIRECTOS ASIGNADOS DESDE EL EXTERIOR POR PARTES RELACIONADAS | AA80: 7451 | AB80: + | AD80: 7452 | AE80: + | AG80: 7453
D81: EN NEGOCIOS CONJUNTOS | O81: 412 | P81: + | R81: GASTOS DE GESTIÓN | AD81: 7462 | AE81: + | AG81: 7463
D82: OTRAS | O82: 413 | P82: + | R82: IMPUESTOS, CONTRIBUCIONES Y OTROS | AD82: 7472 | AE82: + | AG82: 7473
B83: CUENTAS Y DOCUMENTOS POR COBRAR CLIENTES NO CORRIENTES | D83: RELACIONADOS | G83: LOCALES | O83: 414 | P83: + | R83: GASTOS DE VIAJE | AA83: 7481 | AB83: + | AD83: 7482 | AE83: + | AG83: 7483
G84: DEL EXTERIOR | O84: 415 | P84: + | R84: IVA QUE SE CARGA AL COSTO O GASTO | AA84: 7491 | AB84: + | AD84: 7492 | AE84: + | AF84: 27778.16 | AG84: 7493
D85: NO RELACIONADOS | G85: LOCALES | O85: 416 | P85: + | R85: DEPRECIACIÓN DE PROPIEDADES, PLANTA Y EQUIPO (EXCLUYE ACTIVOS BIOLÓGICOS Y PROPIEDADES DE INVERSIÓN) | X85: ACELERADA | AA85: 7501 | AB85: + | AD85: 7502 | AE85: + | AG85: 7503
G86: DEL EXTERIOR | O86: 417 | P86: + | X86: NO ACELERADA | AA86: 7511 | AB86: + | AD86: 7512 | AE86: + | AF86: 72886.66 | AG86: 7513
B87: OTRAS CUENTAS Y DOCUMENTOS POR COBRAR NO CORRIENTES | D87: RELACIONADOS | G87: LOCALES | O87: 418 | P87: + | R87: DEPRECIACIÓN DEL REAVALÚO DE PROPIEDADES, PLANTA Y EQUIPO | AA87: 7521 | AB87: + | AD87: 7522 | AE87: + | AG87: 7523
G88: DEL EXTERIOR | O88: 419 | P88: + | R88: DEPRECIACIÓN DE ACTIVOS BIOLÓGICOS | AA88: 7531 | AB88: + | AG88: 7533
D89: NO RELACIONADOS | G89: LOCALES | O89: 420 | P89: + | R89: DEPRECIACIÓN DE PROPIEDADES DE INVERSIÓN | AD89: 7542 | AE89: + | AG89: 7543
G90: DEL EXTERIOR | O90: 421 | P90: + | R90: AMORTIZACIÓN DE ACTIVOS DE EXPLORACIÓN Y EXPLOTACIÓN | AA90: 7551 | AB90: + | AG90: 7553
B91: (-) PROVISIÓN CUENTAS INCOBRABLES Y DETERIORO | O91: 422 | P91: (-) | R91: OTRAS AMORTIZACIONES | AA91: 7561 | AB91: + | AD91: 7562 | AE91: + | AG91: 7563
B92: (-) PROVISIÓN POR DETERIORO DE ACTIVOS FINANCIEROS NO CORRIENTES | O92: 423 | P92: (-) | R92: SERVICIOS PÚBLICOS | AA92: 7571 | AB92: + | AD92: 7572 | AE92: + | AG92: 7573
B93: OTROS ACTIVOS FINANCIEROS NO CORRIENTES | O93: 424 | P93: + | R93: PAGOS POR OTROS SERVICIOS | AA93: 7581 | AB93: + | AD93: 7582 | AE93: + | AF93: 19159.12 | AG93: 7583 | AI93: 4380.8
B94: TOTAL ACTIVOS FINANCIEROS NO CORRIENTES | O94: 439 | P94: = | Q94: =Q80+Q81+Q82+Q83+Q84+Q85+Q86+Q87+Q88+Q89+Q90-Q91-Q92+Q93 -> 0 | R94: PAGOS POR OTROS BIENES | AA94: 7591 | AB94: + | AD94: 7592 | AE94: + | AF94: 7695.75 | AG94: 7593
B95: OTROS ACTIVOS NO CORRIENTES | O95: 445 | P95: + | R95: TOTAL COSTOS | AA95: 7991 | AB95: = | AC95: =SUM(AC35:AC94) -> 0 | AG95: En la columna "Valor no deducible" registre la porción del monto declarado en las columnas "costo" y "gasto" considerada como no deducible para el cálculo del Impuesto a la Renta.
B96: TOTAL ACTIVOS NO CORRIENTES | J96: 379+389+439+445 | O96: 498 | P96: = | Q96: =Q94+Q78+Q70 -> 315098.07
B97: EFECTO DE LA REVALUACIÓN DE ACTIVOS (Casillero informativo para el cálculo del anticipo de impuesto a la renta) | O97: 446 | P97: = | R97: TOTAL GASTOS | AD97: 7992 | AE97: = | AF97: =SUM(AF38:AF94) -> 2433496.1
B98: TOTAL DEL ACTIVO | J98: 345+498 | O98: 499 | P98: = | Q98: =Q96+Q46 -> 471288.21 | AF98: =+AF69+AF70+AF71+AF72+AF73+AF73+AF74 -> 42392.08
B99: ACTIVO POR REINVERSIÓN DE UTILIDADES (INFORMATIVO) | O99: 496
B100: PASIVO | R100: TOTAL COSTOS Y GASTOS (7991+7992) | AD100: 7999 | AE100: = | AF100: =AC95+AF97 -> 2433496.1
B101: PASIVOS CORRIENTES
B102: CUENTAS Y DOCUMENTOS POR PAGAR PROVEEDORES CORRIENTES | D102: RELACIONADOS | G102: LOCALES | O102: 511 | P102: + | R102: BAJA DE INVENTARIO (INFORMATIVO) | AD102: 7001
G103: DEL EXTERIOR | O103: 512 | P103: + | R103: PAGO POR REEMBOLSO COMO REEMBOLSANTE (INFORMATIVO) | AD103: 7002
...

Sheet 4
C10: ESTADO DE SITUACIÓN FINANCIERA
C11: CUENTA | D11: VALOR | E11: ANÁLISIS VERTICAL
C12: ACTIVO
C13: Efectivo y equivalentes al efectivo | D13: ='3'!Q16 -> 48942.22 | E13: =(D13*$E$22)/$D$22 -> 0.10384775
C14: Cuentas y docuemntos por cobrar clientes corrientes | D14: ='3'!Q19+'3'!Q20+'3'!Q21+'3'!Q22 -> 26076.63 | E14: =(D14*$E$22)/$D$22 -> 0.055330538
C15: Otras cuentas y documentos por cobrar | D15: ='3'!Q23+'3'!Q24+'3'!Q25+'3'!Q26 -> 0 | E15: =(D15*$E$22)/$D$22 -> 0
C16: Inventario | D16: ='3'!Q31+'3'!Q33+'3'!Q34+'3'!Q37+'3'!Q38+'3'!Q39+'3'!Q40+'3'!Q35+'3'!Q36-'3'!Q41 -> 0 | E16: =(D16*$E$22)/$D$22 -> 0
C17: Otros activos corrientes | D17: =SUM(D18)-D13-D15-D16-D14 -> 81171.29 | E17: =(D17*$E$22)/$D$22 -> 0.1722328
C18: Total Activo Corriente | D18: ='3'!Q46 -> 156190.14 | E18: =(D18*$E$22)/$D$22 -> 0.33141109
C19: Propiedad,planta y equipo | D19: =SUM('3'!Q49:Q58) -> 517843.49 | E19: =(D19*$E$22)/$D$22 -> 1.098783
C20: Otros activos no corrientes | D20: =D21-D19 -> -202745.42 | E20: =(D20*$E$22)/$D$22 -> -0.43019413
C21: Total Activo no Corriente | D21: ='3'!Q96 -> 315098.07 | E21: =(D21*$E$22)/$D$22 -> 0.66858891
C22: TOTAL ACTIVO | D22: =D18+D21 -> 471288.21 | E22: 1
C23: PASIVO
C24: Cuentas y documentos por pagar comerciales corrrientes | D24: ='3'!Q102+'3'!Q103+'3'!Q104+'3'!Q105 -> 94505.98 | E24: =(D24*$E$39)/$D$39 -> 0.20052693
C25: Otras cuentas y documentos por cobrar corrientes | D25: ='3'!Q110+'3'!Q111+'3'!Q112+'3'!Q113 -> 19240 | E25: =(D25*$E$39)/$D$39 -> 0.040824276
C26: Obligaciones con instituciones financieras | D26: ='3'!Q106+'3'!Q107+'3'!Q108+'3'!Q109 -> 7155.09 | E26: =(D26*$E$39)/$D$39 -> 0.015181984
C27: Otros pasivos corrientes | D27: =SUM(D28)-D24-D26-D25 -> 23685.08 | E27: =(D27*$E$39)/$D$39 -> 0.050256042
C28: Total Pasivo Corriente | D28: ='3'!Q126 -> 144586.15 | E28: =(D28*$E$39)/$D$39 -> 0.30678924
C29: Cuentas y documentos por pagar comerciales no corrientes | D29: ='3'!Q136+'3'!Q137+'3'!Q138+'3'!Q139 -> 47835.18 | E29: =(D29*$E$39)/$D$39 -> 0.10149878
C30: Otras cuentas y documentos por pagar no corrientes | D30: ='3'!Q136+'3'!Q137+'3'!Q138+'3'!Q139 -> 47835.18 | E30: =(D30*$E$39)/$D$39 -> 0.10149878
C31: Obligaciones con instituciones financieras no corrientes | D31: ='3'!Q132+'3'!Q133+'3'!Q134+'3'!Q135 -> 182087.17 | E31: =(D31*$E$39)/$D$39 -> 0.38636055
C32: Otros pasivos corrientes | D32: =SUM(D33)-D29-D31-D30 -> -47835.18 | E32: =(D32*$E$39)/$D$39 -> -0.10149878
C33: Total Pasivo no Corriente | D33: ='3'!Q148 -> 229922.35 | E33: =(D33*$E$39)/$D$39 -> 0.48785933
C34: TOTAL PASIVO | D34: =D28+D33 -> 374508.5 | E34: =(D34*$E$39)/$D$39 -> 0.79464857
C35: PATRIMONIO
C36: Capital | D36: ='3'!Q153 -> 800 | E36: =(D36*$E$39)/$D$39 -> 0.0016974751
C37: Otros rubros del patrimonio | D37: ='3'!Q155-'3'!Q154+'3'!Q156+'3'!Q157+'3'!Q158+'3'!Q159+'3'!Q160+'3'!Q161+'3'!Q162+'3'!Q163+'3'!Q164-'3'!Q165+'3'!Q166+'3'!Q167+'3'!Q170+'3'!Q169+'3'!Q168 -> 95979.71 | E37: =(D37*$E$39)/$D$39 -> 0.20365396
C38: Total Patrimonio | D38: ='3'!Q172 -> 96779.71 | E38: =(D38*$E$39)/$D$39 -> 0.20535143
C39: TOTAL PASIVO Y PATRIMONIO | D39: =SUM(D34+D38) -> 471288.21 | E39: 1
C41: ESTADO DE RESULTADOS
C42: CUENTA | D42: VALOR | E42: PORCENTAJE
C43: Utilidad Neta | D43: ='3'!AF108 -> 43195.64 | E43: =D43*$E$50/$D$50 -> 0.0087204314
C44: Costos y gastos | D44: ='3'!AF100 -> 2433496.1 | E44: =D44*$E$50/$D$50 -> 0.49127957
C45: Ingresos | D45: ='3'!AF29 -> 2476691.7 | E45: =D45*$E$50/$D$50 -> 0.5
C46: Ganancias retenidas | D46: ='3'!Q153 -> 800 | E46: =D46*$E$43/$D$43 -> 0.00016150577
C47: Gastos por intereses | D47: ='3'!AF82 -> 0 | E47: =D47*$E$43/$D$43 -> 0
E48: =D48*$E$43/$D$43 -> 0
D50: =D45+D44+D43 -> 4953383.4 | E50: 1

Sheet 5
C17: Mediante los cálculos de indicadores de valor diferencial comparar la capacidad que tiene la empresa en comparación al sector
C21: Indicador | E21: Resultado | F21: Interpretación | K21: Gráfico
C22: ROE | D22: EMPRESA | E22: ='4'!D43/'4'!D38 -> 0.4463295 | F22: =VLOOKUP(E22,'TABLAS - GRÁFICAS'!E13:F513,2,TRUE) -> ROE por encima de los estándares óptimos, Gran trabajo
D24: SECTOR | E24: 0.24
D26: ÓPTIMO | E26: 0.232
C27: Activos totales/ Activos corrientes | D27: EMPRESA | E27: ='4'!D22/'4'!D18 -> 3.0174005 | F27: =VLOOKUP(E27,'TABLAS - GRÁFICAS'!K13:L513,2,TRUE) -> Muy bien, su empresa tiene los estándares del activo necesarios
D30: SECTOR | E30: 2.14
D33: ÓPTIMO | E33: 2.14
C34: ROA | D34: EMPRESA | E34: ='4'!D43/'4'!D22 -> 0.091654404 | F34: =VLOOKUP(E34,'TABLAS - GRÁFICAS'!O13:P519,2,TRUE) -> Se detectó un ROA alto significá que la empresa es capaz de generar más dinero con menor inversión. Felicitaciones
D37: SECTOR | E37: 0.13
D40: ÓPTIMO | E40: 0.13
C41: Rotación de activos | D41: EMPRESA | E41: ='4'!D45/'4'!D22 -> 5.2551531 | F41: =VLOOKUP(E41,'TABLAS - GRÁFICAS'!R13:S513,2,TRUE) -> Se detectó una rotación de activos alta en consecuente la empresa tendrá una productividad mayor. Muy bien
D44: SECTOR | E44: 9.92
D49: ÓPTIMO | E49: 1

Sheet 6
C17: Es un conjunto de datos que nos ayudan a medir objetivamente, en un ámbito espacio temporal, la evolución de acciones asumidas por el Estado para el cumplimiento de un determinado compromiso adquirido.
C21: Indicador | E21: Resultado | F21: Interpretación | K21: Gráfico
C22: Liquidez Corriente | D22: EMPRESA | E22: =+'4'!D18/'4'!D28 -> 1.0802566 | F22: =VLOOKUP(E22,'TABLAS - GRÁFICAS'!AF13:AG193,2,TRUE) -> La empresa no cuenta con liquidez suficiente para realizar sus actividades y por ende no pagar sus deudas.
D25: SECTOR | E25: 2.21
D30: ÓPTIMO | E30: 1.1
C31: Endeudamiento | D31: EMPRESA | E31: =+'4'!D34/'4'!D22 -> 0.79464857 | F31: =VLOOKUP(E31,'TABLAS - GRÁFICAS'!AJ13:AK513,2,TRUE) -> La empresa muestra que las deudas representan la mayor parte de los activos, eso significa que una empresa al presentar fluctuaciones con sus ventas, tendrá dificultades para mantenerse y cumplir con sus obligaciones; ya que se traduce que presenta un grado de endeudamiento alto o riesgoso.
D34: SECTOR | E34: 0.49
D39: ÓPTIMO | E39: 0.5
C40: Ganancias Retenidas/Ingresos | D40: EMPRESA | E40: ='4'!D46/'4'!D43 -> 0.018520388 | F40: =VLOOKUP(E40,'TABLAS - GRÁFICAS'!AN13:AO513,2,TRUE) -> La empresa posee una deficiente capacidad de ganancias retenidas sobre los ingresos.
D43: SECTOR | E43: 0.08
D48: ÓPTIMO | E48: 0.08
C49: Gasto por Interés/Utilidad antes de impuesto | D49: EMPRESA | E49: =+'4'!D47/'4'!D43 -> 0 | F49: =VLOOKUP(E49,'TABLAS - GRÁFICAS'!AR13:AS513,2,TRUE) -> Existe una deficiente administración de los recursos, por lo que a partir de sus gastos efectuados el negocio no puede cubrir sus costos de producción y contar con un margen de utilidad.
D52: SECTOR | E52: 0.02
D57: ÓPTIMO | E57: 0.02

Sheet resumen
B8: RESUMEN DE LA SOSTENIBILIDAD FINANCIERA
C10: Tabla de equivalencia
C11: Regla de decisión
C12: Indicador de referencia
C13: N | D13: Indicador | F13: Referencia | G13: Indicador > Referencia | H13: Indicador < Referencia | L13: Valor Total | M13: Equivalente
C14: X1 | D14: ROE | F14: 0.29 | G14: 1 | H14: 0 | L14: 1 a 3 | M14: Baja
C15: X2 | D15: EFICIENCIA | F15: 1.37 | G15: 1 | H15: 0 | L15: 4 a 6 | M15: Media
C16: X3 | D16: ROA | F16: 0.13 | G16: 1 | H16: 0 | L16: 7 y 8 | M16: Alta
C17: X4 | D17: ROTACIÓN DE ACTIVOS | F17: 5.31 | G17: 1 | H17: 0
C18: X5 | D18: LIQUIDEZ CORRIENTE | F18: 2.12 | G18: 1 | H18: 0
C19: X6 | D19: ENDEUDAMIENTO | F19: 0.5 | G19: 0 | H19: 1
C20: X7 | D20: GANANCIAS RETENIDAS_ INGRESOS | F20: 0.09 | G20: 1 | H20: 0
C21: X8 | D21: GASTOS POR INTERESES_EBIT | F21: 0.02 | G21: 0 | H21: 1
C22: TOTAL | G22: 8
C24: N | D24: Indicadores de Valor | H24: Indicadores de Continuidad | L24: TOTAL | M24: EQUIVALENTE
D25: X1 | E25: X2 | F25: X3 | G25: X4 | H25: X5 | I25: X6 | J25: X7 | K25: X8
D26: 0.29 | E26: 1.37 | F26: 0.13 | G26: 5.31 | H26: 2.12 | I26: 0.5 | J26: 0.09 | K26: 0.02
C27: 1 | D27: =IF([2]datos!D6>=resumen!$F$14,1,0) -> 0 | E27: =IF([2]datos!E6>=$F$15,1,0) -> 0 | F27: =IF([2]datos!F6>=$F$16,1,0) -> 0 | G27: =IF([2]datos!G6>=$F$17,1,0) -> 0 | H27: =IF([2]datos!H6>=$F$18,1,0) -> 0 | I27: =IF([2]datos!I6>=$F$19,0,1) -> 0 | J27: =IF([2]datos!J6>=$F$20,1,0) -> 0 | K27: =IF([2]datos!K6>=$F$21,1,0) -> 0 | L27: =SUM(D27:K27) -> 0 | M27: =IF(L27<=3,"Baja Sostenibilidad",IF(L27<=6,"Media Sostenibilidad","Alta Sostenibilidad")) -> Baja Sostenibilidad | N27: =L27 -> 0
C28: 2 | D28: =IF([2]datos!D7>=resumen!$F$14,1,0) -> 0 | E28: =IF([2]datos!E7>=$F$15,1,0) -> 0 | F28: =IF([2]datos!F7>=$F$16,1,0) -> 1 | G28: =IF([2]datos!G7>=$F$17,1,0) -> 0 | H28: 0 | I28: =IF([2]datos!I7>=$F$19,0,1) -> 0 | J28: =IF([2]datos!J7>=$F$20,1,0) -> 1 | K28: =IF([2]datos!K7>=$F$21,1,0) -> 1 | L28: =SUM(D28:K28) -> 3 | M28: =IF(L28<=3,"Baja Sostenibilidad",IF(L28<=6,"Media Sostenibilidad","Alta Sostenibilidad")) -> Baja Sostenibilidad | N28: =L28 -> 3
C29: 3 | D29: =IF([2]datos!D8>=resumen!$F$14,1,0) -> 0 | E29: =IF([2]datos!E8>=$F$15,1,0) -> 0 | F29: =IF([2]datos!F8>=$F$16,1,0) -> 0 | G29: =IF([2]datos!G8>=$F$17,1,0) -> 0 | H29: =IF([2]datos!H8>=$F$18,1,0) -> 1 | I29: 0 | J29: =IF([2]datos!J8>=$F$20,1,0) -> 1 | K29: =IF([2]datos!K8>=$F$21,1,0) -> 1 | L29: =SUM(D29:K29) -> 3 | M29: =IF(L29<=3,"Baja Sostenibilidad",IF(L29<=6,"Media Sostenibilidad","Alta Sostenibilidad")) -> Baja Sostenibilidad | N29: =L29 -> 3
C30: 4 | D30: =IF([2]datos!D9>=resumen!$F$14,1,0) -> 0 | E30: =IF([2]datos!E9>=$F$15,1,0) -> 1 | F30: =IF([2]datos!F9>=$F$16,1,0) -> 0 | G30: =IF([2]datos!G9>=$F$17,1,0) -> 0 | H30: =IF([2]datos!H9>=$F$18,1,0) -> 1 | I30: =IF([2]datos!I9>=$F$19,0,1) -> 1 | J30: =IF([2]datos!J9>=$F$20,1,0) -> 1 | K30: =IF([2]datos!K9>=$F$21,1,0) -> 1 | L30: =SUM(D30:K30) -> 5 | M30: =IF(L30<=3,"Baja Sostenibilidad",IF(L30<=6,"Media Sostenibilidad","Alta Sostenibilidad")) -> Media Sostenibilidad | N30: =L30 -> 5
C31: 5 | D31: =IF([2]datos!D10>=resumen!$F$14,1,0) -> 0 | E31: =IF([2]datos!E10>=$F$15,1,0) -> 0 | F31: =IF([2]datos!F10>=$F$16,1,0) -> 0 | G31: =IF([2]datos!G10>=$F$17,1,0) -> 0 | H31: =IF([2]datos!H10>=$F$18,1,0) -> 0 | I31: =IF([2]datos!I10>=$F$19,0,1) -> 0 | J31: =IF([2]datos!J10>=$F$20,1,0) -> 0 | K31: =IF([2]datos!K10>=$F$21,1,0) -> 1 | L31: =SUM(D31:K31) -> 1 | M31: =IF(L31<=3,"Baja Sostenibilidad",IF(L31<=6,"Media Sostenibilidad","Alta Sostenibilidad")) -> Baja Sostenibilidad | N31: =L31 -> 1
C32: 6 | D32: =IF([2]datos!D11>=resumen!$F$14,1,0) -> 0 | E32: =IF([2]datos!E11>=$F$15,1,0) -> 1 | F32: =IF([2]datos!F11>=$F$16,1,0) -> 0 | G32: =IF([2]datos!G11>=$F$17,1,0) -> 0 | H32: =IF([2]datos!H11>=$F$18,1,0) -> 0 | I32: =IF([2]datos!I11>=$F$19,0,1) -> 0 | J32: =IF([2]datos!J11>=$F$20,1,0) -> 1 | K32: =IF([2]datos!K11>=$F$21,1,0) -> 0 | L32: =SUM(D32:K32) -> 2 | M32: =IF(L32<=3,"Baja Sostenibilidad",IF(L32<=6,"Media Sostenibilidad","Alta Sostenibilidad")) -> Baja Sostenibilidad | N32: =L32 -> 2
C33: 7 | D33: =IF([2]datos!D12>=resumen!$F$14,1,0) -> 0 | E33: =IF([2]datos!E12>=$F$15,1,0) -> 0 | F33: =IF([2]datos!F12>=$F$16,1,0) -> 0 | G33: =IF([2]datos!G12>=$F$17,1,0) -> 0 | H33: =IF([2]datos!H12>=$F$18,1,0) -> 0 | I33: =IF([2]datos!I12>=$F$19,0,1) -> 0 | J33: =IF([2]datos!J12>=$F$20,1,0) -> 0 | K33: =IF([2]datos!K12>=$F$21,1,0) -> 1 | L33: =SUM(D33:K33) -> 1 | M33: =IF(L33<=3,"Baja Sostenibilidad",IF(L33<=6,"Media Sostenibilidad","Alta Sostenibilidad")) -> Baja Sostenibilidad | N33: =L33 -> 1
C34: 8 | D34: =IF([2]datos!D13>=resumen!$F$14,1,0) -> 0 | E34: =IF([2]datos!E13>=$F$15,1,0) -> 0 | F34: =IF([2]datos!F13>=$F$16,1,0) -> 1 | G34: =IF([2]datos!G13>=$F$17,1,0) -> 0 | H34: =IF([2]datos!H13>=$F$18,1,0) -> 1 | I34: =IF([2]datos!I13>=$F$19,0,1) -> 1 | J34: =IF([2]datos!J13>=$F$20,1,0) -> 1 | K34: =IF([2]datos!K13>=$F$21,1,0) -> 0 | L34: =SUM(D34:K34) -> 4 | M34: =IF(L34<=3,"Baja Sostenibilidad",IF(L34<=6,"Media Sostenibilidad","Alta Sostenibilidad")) -> Media Sostenibilidad | N34: =L34 -> 4
C35: 9 | D35: =IF([2]datos!D14>=resumen!$F$14,1,0) -> 0 | E35: =IF([2]datos!E14>=$F$15,1,0) -> 0 | F35: =IF([2]datos!F14>=$F$16,1,0) -> 0 | G35: =IF([2]datos!G14>=$F$17,1,0) -> 0 | H35: =IF([2]datos!H14>=$F$18,1,0) -> 0 | I35: =IF([2]datos!I14>=$F$19,0,1) -> 0 | J35: =IF([2]datos!J14>=$F$20,1,0) -> 1 | K35: =IF([2]datos!K14>=$F$21,1,0) -> 0 | L35: =SUM(D35:K35) -> 1 | M35: =IF(L35<=3,"Baja Sostenibilidad",IF(L35<=6,"Media Sostenibilidad","Alta Sostenibilidad")) -> Baja Sostenibilidad | N35: =L35 -> 1
C36: 10 | D36: =IF([2]datos!D15>=resumen!$F$14,1,0) -> 0 | E36: =IF([2]datos!E15>=$F$15,1,0) -> 0 | F36: =IF([2]datos!F15>=$F$16,1,0) -> 1 | G36: =IF([2]datos!G15>=$F$17,1,0) -> 1 | H36: =IF([2]datos!H15>=$F$18,1,0) -> 1 | I36: =IF([2]datos!I15>=$F$19,0,1) -> 1 | J36: =IF([2]datos!J15>=$F$20,1,0) -> 0 | K36: =IF([2]datos!K15>=$F$21,1,0) -> 0 | L36: =SUM(D36:K36) -> 4 | M36: =IF(L36<=3,"Baja Sostenibilidad",IF(L36<=6,"Media Sostenibilidad","Alta Sostenibilidad")) -> Media Sostenibilidad | N36: =L36 -> 4
C37: 11 | D37: =IF([2]datos!D16>=resumen!$F$14,1,0) -> 0 | E37: =IF([2]datos!E16>=$F$15,1,0) -> 1 | F37: =IF([2]datos!F16>=$F$16,1,0) -> 1 | G37: =IF([2]datos!G16>=$F$17,1,0) -> 0 | H37: =IF([2]datos!H16>=$F$18,1,0) -> 0 | I37: =IF([2]datos!I16>=$F$19,0,1) -> 0 | J37: =IF([2]datos!J16>=$F$20,1,0) -> 1 | K37: =IF([2]datos!K16>=$F$21,1,0) -> 0 | L37: =SUM(D37:K37) -> 3 | M37: =IF(L37<=3,"Baja Sostenibilidad",IF(L37<=6,"Media Sostenibilidad","Alta Sostenibilidad")) -> Baja Sostenibilidad | N37: =L37 -> 3
C38: 12 | D38: =IF([2]datos!D17>=resumen!$F$14,1,0) -> 0 | E38: =IF([2]datos!E17>=$F$15,1,0) -> 0 | F38: =IF([2]datos!F17>=$F$16,1,0) -> 1 | G38: =IF([2]datos!G17>=$F$17,1,0) -> 0 | H38: =IF([2]datos!H17>=$F$18,1,0) -> 0 | I38: =IF([2]datos!I17>=$F$19,0,1) -> 0 | J38: =IF([2]datos!J17>=$F$20,1,0) -> 0 | K38: =IF([2]datos!K17>=$F$21,1,0) -> 0 | L38: =SUM(D38:K38) -> 1 | M38: =IF(L38<=3,"Baja Sostenibilidad",IF(L38<=6,"Media Sostenibilidad","Alta Sostenibilidad")) -> Baja Sostenibilidad | N38: =L38 -> 1
C39: 13 | D39: =IF([2]datos!D18>=resumen!$F$14,1,0) -> 0 | E39: =IF([2]datos!E18>=$F$15,1,0) -> 0 | F39: =IF([2]datos!F18>=$F$16,1,0) -> 0 | G39: =IF([2]datos!G18>=$F$17,1,0) -> 0 | H39: =IF([2]datos!H18>=$F$18,1,0) -> 0 | I39: =IF([2]datos!I18>=$F$19,0,1) -> 0 | J39: =IF([2]datos!J18>=$F$20,1,0) -> 0 | K39: =IF([2]datos!K18>=$F$21,1,0) -> 0 | L39: =SUM(D39:K39) -> 0 | M39: =IF(L39<=3,"Baja Sostenibilidad",IF(L39<=6,"Media Sostenibilidad","Alta Sostenibilidad")) -> Baja Sostenibilidad | N39: =L39 -> 0
C40: 14 | D40: =IF([2]datos!D19>=resumen!$F$14,1,0) -> 0 | E40: =IF([2]datos!E19>=$F$15,1,0) -> 1 | F40: =IF([2]datos!F19>=$F$16,1,0) -> 1 | G40: =IF([2]datos!G19>=$F$17,1,0) -> 0 | H40: =IF([2]datos!H19>=$F$18,1,0) -> 0 | I40: =IF([2]datos!I19>=$F$19,0,1) -> 0 | J40: =IF([2]datos!J19>=$F$20,1,0) -> 0 | K40: =IF([2]datos!K19>=$F$21,1,0) -> 1 | L40: =SUM(D40:K40) -> 3 | M40: =IF(L40<=3,"Baja Sostenibilidad",IF(L40<=6,"Media Sostenibilidad","Alta Sostenibilidad")) -> Baja Sostenibilidad | N40: =L40 -> 3
C41: 15 | D41: =IF([2]datos!D20>=resumen!$F$14,1,0) -> 0 | E41: =IF([2]datos!E20>=$F$15,1,0) -> 1 | F41: =IF([2]datos!F20>=$F$16,1,0) -> 0 | G41: =IF([2]datos!G20>=$F$17,1,0) -> 0 | H41: =IF([2]datos!H20>=$F$18,1,0) -> 1 | I41: =IF([2]datos!I20>=$F$19,0,1) -> 0 | J41: =IF([2]datos!J20>=$F$20,1,0) -> 1 | K41: =IF([2]datos!K20>=$F$21,1,0) -> 0 | L41: =SUM(D41:K41) -> 3 | M41: =IF(L41<=3,"Baja Sostenibilidad",IF(L41<=6,"Media Sostenibilidad","Alta Sostenibilidad")) -> Baja Sostenibilidad | N41: =L41 -> 3
... C60: 34 | D60: =IF([2]datos!D39>=resumen!$F$14,1,0) -> 0 | E60: =IF([2]datos!E39>=$F$15,1,0) -> 0 | F60: =IF([2]datos!F39>=$F$16,1,0) -> 0 | G60: =IF([2]datos!G39>=$F$17,1,0) -> 0 | H60: =IF([2]datos!H39>=$F$18,1,0) -> 0 | I60: =IF([2]datos!I39>=$F$19,0,1) -> 0 | J60: =IF([2]datos!J39>=$F$20,1,0) -> 0 | K60: =IF([2]datos!K39>=$F$21,1,0) -> 0 | L60: =SUM(D60:K60) -> 0 | M60: =IF(L60<=3,"Baja Sostenibilidad",IF(L60<=6,"Media Sostenibilidad","Alta Sostenibilidad")) -> Baja Sostenibilidad | N60: =L60 -> 0
C61: 35 | D61: =IF([2]datos!D40>=resumen!$F$14,1,0) -> 1 | E61: 1 | F61: 1 | G61: 1 | H61: 1 | I61: 0 | J61: 0 | K61: 0 | L61: =SUM(D61:K61) -> 5 | M61: =IF(L61<=3,"Baja Sostenibilidad",IF(L61<=6,"Media Sostenibilidad","Alta Sostenibilidad")) -> Media Sostenibilidad | N61: =L61 -> 5
D62: =SUM(D27:D61) -> 11 | E62: =SUM(E27:E61) -> 12 | F62: =SUM(F27:F61) -> 18 | G62: =SUM(G27:G61) -> 6 | H62: =SUM(H27:H61) -> 10 | I62: =SUM(I27:I61) -> 8 | J62: =SUM(J27:J61) -> 12 | K62: =SUM(K27:K61) -> 9

Sheet 7
B4: SISTEMA GESTIÓN DE RIESGO INHERENTE PARA LAS PYMES COMERCIALES DE LA PROVINCIA DE COTOPAXI
B5: CUESTIONARIO DE RECONOCIMIENTO PARA RIESGOS INHERENTES
B6: Instrucción: Marque con una X en la casilla que crea pertinente
B7: CALIFICACIÓN DEL NIVEL DE RIESGO Y CONFIANZA
B8: N° | C8: POSIBLES RIESGOS INHERENTES EN EMPRESAS COMERCIALES | D8: PT | E8: SI | F8: NO | G8: CT
D9: =SUM(D10:D24) -> 15
B10: PR1 | C10: ¿Se aplica indicadores financieros en la organización? | D10: 1 | G10: =IF(E10="x",1,0) -> 0
B11: PR2 | C11: ¿El personal conoce los parámetros a seguir en caso de un accidente? | D11: 1 | E11: x | G11: =IF(E11="x",1,0) -> 1
B12: PR3 | C12: ¿Se capacita al personal de la empresa cada cierto tiempo sobre las leyes de tránsito y así evitar posibles accidentes? | D12: 1 | G12: =IF(E12="x",1,0) -> 0
B13: PR4 | C13: ¿Existe un reglamento interno para la comisión y accidentes? | D13: 1 | G13: =IF(E13="x",1,0) -> 0
B14: PR5 | C14: ¿Se analiza el motivo del accidente previa verificación, para proceder tomar las acciones requeridas? | D14: 1 | E14: x | G14: =IF(E14="x",1,0) -> 1
B15: PR6 | C15: ¿Se mantiene un archivo con documentación relevante de los accidentes de tránsito? | D15: 1 | G15: =IF(E15="x",1,0) -> 0
B16: PR7 | C16: ¿Existen montos separados en casos de accidentes? | D16: 1 | G16: =IF(E16="x",1,0) -> 0
B17: PR8 | C17: ¿Se efectúa un proceso de administración y gestión de riesgo dentro de la organización? | D17: 1 | E17: x | G17: =IF(E17="x",1,0) -> 1
B18: PR9 | C18: ¿La empresa cuenta con un proceso para la identificación de los riesgos que puedan afectar y sean inherentes a su actividad económica? | D18: 1 | E18: x | G18: =IF(E18="x",1,0) -> 1
B19: PR10 | C19: ¿Se encuentran definidos mecanismos de control interno para los principales procesos que desarrolla la organización? | D19: 1 | G19: =IF(E19="x",1,0) -> 0
B20: PR11 | C20: ¿En la empresa existe un plan estratégico para responder a situaciones de riesgos? | D20: 1 | G20: =IF(E20="x",1,0) -> 0
B21: PR12 | C21: ¿La empresa se adapta continuamente a sus actividades en función a los cambios de estrategias y procesos? | D21: 1 | E21: x | G21: =IF(E21="x",1,0) -> 1
B22: PR13 | C22: ¿Considera que la gestión de riesgos inherentes de la organización influye directamente en la sostenibilidad financiera? | D22: 1 | E22: x | G22: =IF(E22="x",1,0) -> 1
B23: PR14 | C23: ¿Se realiza análisis de indicadores financieros para la toma de decisiones empresariales? | D23: 1 | E23: x | G23: =IF(E23="x",1,0) -> 1
B24: PR15 | C24: ¿Se realiza un análisis con frecuencia a los Estados Financieros? | D24: 1 | G24: =IF(E24="x",1,0) -> 0
B25: CALIFICACION TOTAL | D25: CT= | G25: =COUNTIF(G10:G24,"1") -> 7
B26: PONDERACION TOTAL | D26: PT= | G26: =SUM(D10:D24) -> 15
B27: NIVEL DE CONFIANZA NC= CT/PT X 100 | D27: NC= | G27: =G25/G26 -> 0.46666667
B28: NIVEL DE RIESGO INHERENTE RI= 100% - NC | D28: NR= | G28: =100%-G27 -> 0.53333333

Sheet 8
B7: EVALUACIÓN DE RIESGOS
C9: CP= | D9: CALIFICACIÓN PORCENTUAL
C10: PT= | D10: PONDERACIÓN TOTAL
C11: CT= | D11: CALIFICACIÓN TOTAL
C13: NIVEL DE CONFIANZA
C14: BAJO | D14: MODERADO | E14: ALTO | F14: 0.15
C15: 15% - 50% | D15: 51% - 75% | E15: 76% - 95% | F15: 0.5
C16: 85% - 50% | D16: 49% - 25% | E16: 24% - 5% | F16: 0.75
C17: ALTO | D17: MODERADO | E17: BAJO
C18: NIVEL DE RIESGO (100 - NC)
C20: VALORACIÓN DE RIESGOS INHRENTES DE LA EMPRESA
D21: CP= (CT * 100)/PT | E21: =('7'!G25*100)/'7'!G26 -> 46.666667
C23: DETERMINACIÓN NIVEL DE RIESGOS
C24: NIVEL DE CONFIANZA | E24: FRECUENCIA
C25: NIVEL DE RIESGO | E25: BAJO | F25: MODERADO | G25: ALTO
C26: NC | D26: ='7'!G27 -> 0.46666667 | E26: =IF(AND(D26<$F$15),"BAJO",0) -> BAJO | F26: =IF(AND(D26<=F16,D26>=F15),"MODERADO","-") -> - | G26: =IF(D26>$F$16,"ALTO",0) -> 0
C27: NR | D27: ='7'!G28 -> 0.53333333 | E27: =IF(AND(D27<$F$15),"BAJO",0) -> 0 | F27: =IF(AND(D27<=F17,D27>=F16),"MODERADO","-") -> - | G27: =IF(AND(D27>$F$16),"ALTO",0) -> 0

Sheet 9
B7: NIVEL DE RIESGO INHERENTE GLOBAL
B8: =D10*100 -> 46.666667 | D8: 2 | E8: =H8+H9+H10+H11+H12-B8-D8 -> 151.33333 | I8: RIESGO | K8: CONFIANZA
B9: =D11*100 -> 53.333333 | D9: 2 | E9: =H9+H10+H11+H12+H8-B9-D9 -> 144.66667 | H9: 50 | I9: BAJO | J9: 25 | K9: BAJO
B10: NIVEL DE RIESGO | D10: ='8'!D26 -> 0.46666667 | E10: =100%-D10 -> 0.53333333 | H10: 25 | I10: MODERADO | J10: 25 | K10: MODERADO
B11: NIVEL DE RIESGO | D11: ='8'!D27 -> 0.53333333 | E11: =100%-D11 -> 0.46666667 | H11: 25 | I11: ALTO | J11: 50 | K11: ALTO
H12: 100 | J12: 100

Sheet 11
B9: MAPA DE RIESGOS
B10: N° | C10: Riesgo | D10: Tipo | E10: Descripción | F10: Responsable | G10: Causa | H10: Efecto | I10: Frecuencia | J10: Evaluación al riesgo | K10: Respuesta sugerida | L10: Respuesta al riesgo
B11: ='7'!B10 -> PR1 | C11: ='10'!C20 -> Indicadores Financieros | D11: Inherente | E11: Existencia de empresas que aplican mejores estrategias de manera que puedan lograr y mantenerse activas e innovadoras frente a otros. | F11: Gerencia | I11: =+'10'!F20 -> 8 | J11: =IF(AND(I11>=2,I11>=3,I11>=6),IF(I11>=6,"Riesgo Severo",""),IF(I11>2,"Riesgo Tolerable","Riesgo Aceptable")) -> Riesgo Severo | K11: =IF(AND(I11>=2,I11>=3,I11>=6),IF(I11>=6,"Evitar",""),IF(I11>2,"Reducir y Transferir","Aceptar activamente o Pasivamente")) -> Evitar | L11: =IF(AND(I11>=2,I11>=3,I11>=6),IF(I11>=6,"La empresa necesita de manera urgente implementar un sistema de gestón de riesgos inmediatamente",""),IF(I11>2,"Se sugiere a la empresa diseñar un control de evaluacion de riesgos y esta sea monitoriada bajo cierto tiempo ","La empresa cuenta con un sistema que control de gestión de riesgo efectivo")) -> La empresa necesita de manera urgente implementar un sistema de gestón de riesgos inmediatamente
B12: ='7'!B11 -> PR2 | C12: ='10'!C21 -> Si aplica la empresa | E12: Empresas que pueden elaborar y ofrecer un producto o servicio con la capacidad de sustituir los de tu empresa, ya sea por su menor precio o mejores funciones | F12: Gerencia | G12: Si la empresa sube los precios de los productos, los consumidores optarán por los productos que ofrecen los mismos benefcios menores precios. | H12: Limitan el potencial de la empresa, ya que su aparición supone una pérdida de ingresos y de ventas para la empresa. | I12: ='10'!F21 -> #N/A | J12: =IF(AND(I12>=2,I12>=3,I12>=6),IF(I12>=6,"Riesgo Severo",""),IF(I12>2,"Riesgo Tolerable","Riesgo Aceptable")) -> #N/A | K12: =IF(AND(I12>=2,I12>=3,I12>=6),IF(I12>=6,"Evitar",""),IF(I12>2,"Reducir y Transferir","Aceptar activamente o Pasivamente")) -> #N/A | L12: =IF(AND(I12>=2,I12>=3,I12>=6),IF(I12>=6,"La empresa necesita de manera urgente implementar un sistema de gestón de riesgos inmediatamente",""),IF(I12>2,"Se sugiere a la empresa diseñar un control de evaluacion de riesgos y esta sea monitoriada bajo cierto tiempo ","La empresa cuenta con un sistema que control de gestión de riesgo efectivo")) -> #N/A
B13: ='7'!B12 -> PR3 | C13: ='10'!C22 -> Capacitaciones constantes | D13: Inherente | E13: Inexistencia de organización en la entidad, retraso en los procesos normales | F13: Gerencia | G13: Cultura organizacional inmadura o inexistente: Cuando una organización opera sin tener una visión, misión y valores claros, establecidos, comunicados e interiorizados. | H13: El impacto de este hecho puede ser catastrófico para la continuidad del negocio. Al no tener claro hacia donde se quiere ir, cómo y mediante qué vehículos, nadie pondrá los medios para que estos objetivos se lleguen a cumplir. | I13: ='10'!F22 -> 2 | J13: =IF(AND(I13>=2,I13>=3,I13>=6),IF(I13>=6,"Riesgo Severo",""),IF(I13>2,"Riesgo Tolerable","Riesgo Aceptable")) -> Riesgo Aceptable | K13: =IF(AND(I13>=2,I13>=3,I13>=6),IF(I13>=6,"Evitar",""),IF(I13>2,"Reducir y Transferir","Aceptar activamente o Pasivamente")) -> Aceptar activamente o Pasivamente | L13: =IF(AND(I13>=2,I13>=3,I13>=6),IF(I13>=6,"La empresa necesita de manera urgente implementar un sistema de gestón de riesgos inmediatamente",""),IF(I13>2,"Se sugiere a la empresa diseñar un control de evaluacion de riesgos y esta sea monitoriada bajo cierto tiempo ","La empresa cuenta con un sistema que control de gestión de riesgo efectivo")) -> La empresa cuenta con un sistema que control de gestión de riesgo efectivo
B14: ='7'!B13 -> PR4 | C14: ='10'!C23 -> Reglamneto interno | D14: Inherente | E14: Entrada, la salida y la venta clandestina de mercancías prohibidas o sometidas a derechos en el que se defrauda a las autoridades locales | F14: Gerencia | G14: Altos precios de los productos en el país y falta de oportunidades laborales | H14: El contrabando genera a la entidad menos comercio formal perjudicando a los ingresos de la misma. | I14: ='10'!F23 -> 8 | J14: =IF(AND(I14>=2,I14>=3,I14>=6),IF(I14>=6,"Riesgo Severo",""),IF(I14>2,"Riesgo Tolerable","Riesgo Aceptable")) -> Riesgo Severo | K14: =IF(AND(I14>=2,I14>=3,I14>=6),IF(I14>=6,"Evitar",""),IF(I14>2,"Reducir y Transferir","Aceptar activamente o Pasivamente")) -> Evitar | L14: =IF(AND(I14>=2,I14>=3,I14>=6),IF(I14>=6,"La empresa necesita de manera urgente implementar un sistema de gestón de riesgos inmediatamente",""),IF(I14>2,"Se sugiere a la empresa diseñar un control de evaluacion de riesgos y esta sea monitoriada bajo cierto tiempo ","La empresa cuenta con un sistema que control de gestión de riesgo efectivo")) -> La empresa necesita de manera urgente implementar un sistema de gestón de riesgos inmediatamente
B15: ='7'!B14 -> PR5 | C15: ='10'!C24 -> Si aplica la empresa | D15: Inherente | E15: Se presentan fluctuaciones, bajando y subiendo, esporádicamente, sus ventas por motivos distintos de la estacionalidad. | F15: Gerencia | G15: Crisis económica nacional por la mala administración de gobierno, inflación. | H15: Reducción en las ventas por la situación ecónomica de los consumidores. | I15: ='10'!F24 -> #N/A | J15: =IF(AND(I15>=2,I15>=3,I15>=6),IF(I15>=6,"Riesgo Severo",""),IF(I15>2,"Riesgo Tolerable","Riesgo Aceptable")) -> #N/A | K15: =IF(AND(I15>=2,I15>=3,I15>=6),IF(I15>=6,"Evitar",""),IF(I15>2,"Reducir y Transferir","Aceptar activamente o Pasivamente")) -> #N/A | L15: =IF(AND(I15>=2,I15>=3,I15>=6),IF(I15>=6,"La empresa necesita de manera urgente implementar un sistema de gestón de riesgos inmediatamente",""),IF(I15>2,"Se sugiere a la empresa diseñar un control de evaluacion de riesgos y esta sea monitoriada bajo cierto tiempo ","La empresa cuenta con un sistema que control de gestión de riesgo efectivo")) -> #N/A
B16: ='7'!B15 -> PR6 | C16: ='10'!C25 -> Registro de documentación | D16: Inherente | E16: Se presentan fluctuaciones, bajando y subiendo, esporádicamente, sus ventas por motivos distintos de la estacionalidad. | F16: Gerencia | G16: Crisis económica nacional por la mala administración de gobierno, inflación. | H16: Reducción en las ventas por la situación ecónomica de los consumidores. | I16: ='10'!F25 -> 12 | J16: =IF(AND(I16>=2,I16>=3,I16>=6),IF(I16>=6,"Riesgo Severo",""),IF(I16>2,"Riesgo Tolerable","Riesgo Aceptable")) -> Riesgo Severo | K16: =IF(AND(I16>=2,I16>=3,I16>=6),IF(I16>=6,"Evitar",""),IF(I16>2,"Reducir y Transferir","Aceptar activamente o Pasivamente")) -> Evitar | L16: =IF(AND(I16>=2,I16>=3,I16>=6),IF(I16>=6,"La empresa necesita de manera urgente implementar un sistema de gestón de riesgos inmediatamente",""),IF(I16>2,"Se sugiere a la empresa diseñar un control de evaluacion de riesgos y esta sea monitoriada bajo cierto tiempo ","La empresa cuenta con un sistema que control de gestión de riesgo efectivo")) -> La empresa necesita de manera urgente implementar un sistema de gestón de riesgos inmediatamente
B17: ='7'!B16 -> PR7 | C17: ='10'!C26 -> Verificación de montos | D17: Inherente | E17: Se presentan fluctuaciones, bajando y subiendo, esporádicamente, sus ventas por motivos distintos de la estacionalidad. | F17: Gerencia | G17: Crisis económica nacional por la mala administración de gobierno, inflación. | H17: Reducción en las ventas por la situación ecónomica de los consumidores. | I17: ='10'!F26 -> 2 | J17: =IF(AND(I17>=2,I17>=3,I17>=6),IF(I17>=6,"Riesgo Severo",""),IF(I17>2,"Riesgo Tolerable","Riesgo Aceptable")) -> Riesgo Aceptable | K17: =IF(AND(I17>=2,I17>=3,I17>=6),IF(I17>=6,"Evitar",""),IF(I17>2,"Reducir y Transferir","Aceptar activamente o Pasivamente")) -> Aceptar activamente o Pasivamente | L17: =IF(AND(I17>=2,I17>=3,I17>=6),IF(I17>=6,"La empresa necesita de manera urgente implementar un sistema de gestón de riesgos inmediatamente",""),IF(I17>2,"Se sugiere a la empresa diseñar un control de evaluacion de riesgos y esta sea monitoriada bajo cierto tiempo ","La empresa cuenta con un sistema que control de gestión de riesgo efectivo")) -> La empresa cuenta con un sistema que control de gestión de riesgo efectivo
B18: ='7'!B17 -> PR8 | C18: ='10'!C27 -> Si aplica la empresa | D18: Inherente | E18: Se presentan fluctuaciones, bajando y subiendo, esporádicamente, sus ventas por motivos distintos de la estacionalidad. | F18: Gerencia | G18: Crisis económica nacional por la mala administración de gobierno, inflación. | H18: Reducción en las ventas por la situación ecónomica de los consumidores. | I18: ='10'!F27 -> #N/A | J18: =IF(AND(I18>=2,I18>=3,I18>=6),IF(I18>=6,"Riesgo Severo",""),IF(I18>2,"Riesgo Tolerable","Riesgo Aceptable")) -> #N/A | K18: =IF(AND(I18>=2,I18>=3,I18>=6),IF(I18>=6,"Evitar",""),IF(I18>2,"Reducir y Transferir","Aceptar activamente o Pasivamente")) -> #N/A | L18: =IF(AND(I18>=2,I18>=3,I18>=6),IF(I18>=6,"La empresa necesita de manera urgente implementar un sistema de gestón de riesgos inmediatamente",""),IF(I18>2,"Se sugiere a la empresa diseñar un control de evaluacion de riesgos y esta sea monitoriada bajo cierto tiempo ","La empresa cuenta con un sistema que control de gestión de riesgo efectivo")) -> #N/A
B19: ='7'!B18 -> PR9 | C19: ='10'!C28 -> Si aplica la empresa | D19: Inherente | E19: Se presentan fluctuaciones, bajando y subiendo, esporádicamente, sus ventas por motivos distintos de la estacionalidad. | F19: Gerencia | G19: Crisis económica nacional por la mala administración de gobierno, inflación. | H19: Reducción en las ventas por la situación ecónomica de los consumidores. | I19: ='10'!F28 -> #N/A | J19: =IF(AND(I19>=2,I19>=3,I19>=6),IF(I19>=6,"Riesgo Severo",""),IF(I19>2,"Riesgo Tolerable","Riesgo Aceptable")) -> #N/A | K19: =IF(AND(I19>=2,I19>=3,I19>=6),IF(I19>=6,"Evitar",""),IF(I19>2,"Reducir y Transferir","Aceptar activamente o Pasivamente")) -> #N/A | L19: =IF(AND(I19>=2,I19>=3,I19>=6),IF(I19>=6,"La empresa necesita de manera urgente implementar un sistema de gestón de riesgos inmediatamente",""),IF(I19>2,"Se sugiere a la empresa diseñar un control de evaluacion de riesgos y esta sea monitoriada bajo cierto tiempo ","La empresa cuenta con un sistema que control de gestión de riesgo efectivo")) -> #N/A
B20: ='7'!B19 -> PR10 | C20: ='10'!C29 -> Mecanismos de control interno | D20: Inherente | E20: Se presentan fluctuaciones, bajando y subiendo, esporádicamente, sus ventas por motivos distintos de la estacionalidad. | F20: Gerencia | G20: Crisis económica nacional por la mala administración de gobierno, inflación. | H20: Reducción en las ventas por la situación ecónomica de los consumidores. | I20: ='10'!F29 -> 8 | J20: =IF(AND(I20>=2,I20>=3,I20>=6),IF(I20>=6,"Riesgo Severo",""),IF(I20>2,"Riesgo Tolerable","Riesgo Aceptable")) -> Riesgo Severo | K20: =IF(AND(I20>=2,I20>=3,I20>=6),IF(I20>=6,"Evitar",""),IF(I20>2,"Reducir y Transferir","Aceptar activamente o Pasivamente")) -> Evitar | L20: =IF(AND(I20>=2,I20>=3,I20>=6),IF(I20>=6,"La empresa necesita de manera urgente implementar un sistema de gestón de riesgos inmediatamente",""),IF(I20>2,"Se sugiere a la empresa diseñar un control de evaluacion de riesgos y esta sea monitoriada bajo cierto tiempo ","La empresa cuenta con un sistema que control de gestión de riesgo efectivo")) -> La empresa necesita de manera urgente implementar un sistema de gestón de riesgos inmediatamente
B21: ='7'!B20 -> PR11 | C21: ='10'!C30 -> Adaptabilidad a los cambios | D21: Inherente | E21: Existencia de empresas que aplican mejores estrategias de manera que puedan lograr y mantenerse activas e innovadoras frente a otros. | F21: Gerencia | G21: Falta de generación de generación de estrategias que le permiten destacar su producto | H21: Posibilidad de menores ganancias para una empresa, o incluso pérdidas asociadas a la entrada de nuevos competidores en un mercado. | I21: ='10'!F30 -> 2 | J21: =IF(AND(I21>=2,I21>=3,I21>=6),IF(I21>=6,"Riesgo Severo",""),IF(I21>2,"Riesgo Tolerable","Riesgo Aceptable")) -> Riesgo Aceptable | K21: =IF(AND(I21>=2,I21>=3,I21>=6),IF(I21>=6,"Evitar",""),IF(I21>2,"Reducir y Transferir","Aceptar activamente o Pasivamente")) -> Aceptar activamente o Pasivamente | L21: =IF(AND(I21>=2,I21>=3,I21>=6),IF(I21>=6,"La empresa necesita de manera urgente implementar un sistema de gestón de riesgos inmediatamente",""),IF(I21>2,"Se sugiere a la empresa diseñar un control de evaluacion de riesgos y esta sea monitoriada bajo cierto tiempo ","La empresa cuenta con un sistema que control de gestión de riesgo efectivo")) -> La empresa cuenta con un sistema que control de gestión de riesgo efectivo
B22: ='7'!B21 -> PR12 | C22: ='10'!C31 -> Si aplica la empresa | D22: Inherente | E22: Empresas que pueden elaborar y ofrecer un producto o servicio con la capacidad de sustituir los de tu empresa, ya sea por su menor precio o mejores funciones | F22: Gerencia | G22: Si la empresa sube los precios de los productos, los consumidores optarán por los productos que ofrecen los mismos benefcios menores precios. | H22: Limitan el potencial de la empresa, ya que su aparición supone una pérdida de ingresos y de ventas para la empresa. | I22: ='10'!F31 -> #N/A | J22: =IF(AND(I22>=2,I22>=3,I22>=6),IF(I22>=6,"Riesgo Severo",""),IF(I22>2,"Riesgo Tolerable","Riesgo Aceptable")) -> #N/A | K22: =IF(AND(I22>=2,I22>=3,I22>=6),IF(I22>=6,"Evitar",""),IF(I22>2,"Reducir y Transferir","Aceptar activamente o Pasivamente")) -> #N/A | L22: =IF(AND(I22>=2,I22>=3,I22>=6),IF(I22>=6,"La empresa necesita de manera urgente implementar un sistema de gestón de riesgos inmediatamente",""),IF(I22>2,"Se sugiere a la empresa diseñar un control de evaluacion de riesgos y esta sea monitoriada bajo cierto tiempo ","La empresa cuenta con un sistema que control de gestión de riesgo efectivo")) -> #N/A
B23: ='7'!B22 -> PR13 | C23: ='10'!C32 -> Si aplica la empresa | D23: Inherente | E23: Inexistencia de organización en la entidad, retraso en los procesos normales | F23: Gerencia | G23: Cultura organizacional inmadura o inexistente: Cuando una organización opera sin tener una visión, misión y valores claros, establecidos, comunicados e interiorizados. | H23: El impacto de este hecho puede ser catastrófico para la continuidad del negocio. Al no tener claro hacia donde se quiere ir, cómo y mediante qué vehículos, nadie pondrá los medios para que estos objetivos se lleguen a cumplir. | I23: ='10'!F32 -> #N/A | J23: =IF(AND(I23>=2,I23>=3,I23>=6),IF(I23>=6,"Riesgo Severo",""),IF(I23>2,"Riesgo Tolerable","Riesgo Aceptable")) -> #N/A | K23: =IF(AND(I23>=2,I23>=3,I23>=6),IF(I23>=6,"Evitar",""),IF(I23>2,"Reducir y Transferir","Aceptar activamente o Pasivamente")) -> #N/A | L23: =IF(AND(I23>=2,I23>=3,I23>=6),IF(I23>=6,"La empresa necesita de manera urgente implementar un sistema de gestón de riesgos inmediatamente",""),IF(I23>2,"Se sugiere a la empresa diseñar un control de evaluacion de riesgos y esta sea monitoriada bajo cierto tiempo ","La empresa cuenta con un sistema que control de gestión de riesgo efectivo")) -> #N/A
B24: ='7'!B23 -> PR14 | C24: ='10'!C33 -> Si aplica la empresa | D24: Inherente | E24: Entrada, la salida y la venta clandestina de mercancías prohibidas o sometidas a derechos en el que se defrauda a las autoridades locales | F24: Gerencia | G24: Altos precios de los productos en el país y falta de oportunidades laborales | H24: El contrabando genera a la entidad menos comercio formal perjudicando a los ingresos de la misma. | I24: ='10'!F33 -> #N/A | J24: =IF(AND(I24>=2,I24>=3,I24>=6),IF(I24>=6,"Riesgo Severo",""),IF(I24>2,"Riesgo Tolerable","Riesgo Aceptable")) -> #N/A | K24: =IF(AND(I24>=2,I24>=3,I24>=6),IF(I24>=6,"Evitar",""),IF(I24>2,"Reducir y Transferir","Aceptar activamente o Pasivamente")) -> #N/A | L24: =IF(AND(I24>=2,I24>=3,I24>=6),IF(I24>=6,"La empresa necesita de manera urgente implementar un sistema de gestón de riesgos inmediatamente",""),IF(I24>2,"Se sugiere a la empresa diseñar un control de evaluacion de riesgos y esta sea monitoriada bajo cierto tiempo ","La empresa cuenta con un sistema que control de gestión de riesgo efectivo")) -> #N/A
B25: ='7'!B24 -> PR15 | C25: ='10'!C34 -> Análisis de los Estados Financiero | D25: Inherente | E25: Se presentan fluctuaciones, bajando y subiendo, esporádicamente, sus ventas por motivos distintos de la estacionalidad. | F25: Gerencia | G25: Crisis económica nacional por la mala administración de gobierno, inflación. | H25: Reducción en las ventas por la situación ecónomica de los consumidores. | I25: ='10'!F34 -> 4 | J25: =IF(AND(I25>=2,I25>=3,I25>=6),IF(I25>=6,"Riesgo Severo",""),IF(I25>2,"Riesgo Tolerable","Riesgo Aceptable")) -> Riesgo Tolerable | K25: =IF(AND(I25>=2,I25>=3,I25>=6),IF(I25>=6,"Evitar",""),IF(I25>2,"Reducir y Transferir","Aceptar activamente o Pasivamente")) -> Reducir y Transferir | L25: =IF(AND(I25>=2,I25>=3,I25>=6),IF(I25>=6,"La empresa necesita de manera urgente implementar un sistema de gestón de riesgos inmediatamente",""),IF(I25>2,"Se sugiere a la empresa diseñar un control de evaluacion de riesgos y esta sea monitoriada bajo cierto tiempo ","La empresa cuenta con un sistema que control de gestión de riesgo efectivo")) -> Se sugiere a la empresa diseñar un control de evaluacion de riesgos y esta sea monitoriada bajo cierto tiempo

Sheet 10
B7: MATRIZ DE RIESGOS
B9: MAPA DE CALOR
D11: CONSECUENCIA
D12: Bajo | E12: Moderado | F12: Alto
B13: PROBABILIDAD | D13: 1 | E13: 2 | F13: 4
B14: Alta | C14: 3 | D14: =$C14*D$13 -> 3 | E14: =$C14*E$13 -> 6 | F14: =$C14*F$13 -> 12 | H14: NIVEL DE RIESGO | I14: COLOR
B15: Media | C15: 2 | D15: =$C15*D$13 -> 2 | E15: =$C15*E$13 -> 4 | F15: =$C15*F$13 -> 8 | H15: Riesgo Aceptable
B16: Baja | C16: 1 | D16: =$C16*D$13 -> 1 | E16: =$C16*E$13 -> 2 | F16: =$C16*F$13 -> 4 | H16: Riesgo Tolerable
H17: Riesgo Severo
C19: EVENTO | D19: PROBABILIDAD | E19: IMPACTO | F19: NIVEL DE RIESGO
B20: ='7'!B10 -> PR1 | C20: =IF('7'!G10=1,"Si aplica la empresa","Indicadores Financieros") -> Indicadores Financieros | D20: Media | E20: Alto | F20: =INDEX($C$14:$C$16,MATCH(D20,$B$14:$B$16,0))*INDEX($D$13:$F$13,MATCH(E20,$D$12:$F$12,0)) -> 8
B21: ='7'!B11 -> PR2 | C21: =IF('7'!G11=1,"Si aplica la empresa","Parámetros de accidentes") -> Si aplica la empresa | F21: =INDEX($C$14:$C$16,MATCH(D21,$B$14:$B$16,0))*INDEX($D$13:$F$13,MATCH(E21,$D$12:$F$12,0)) -> #N/A
B22: ='7'!B12 -> PR3 | C22: =IF('7'!G12=1,"Si aplica la empresa","Capacitaciones constantes") -> Capacitaciones constantes | D22: Baja | E22: Moderado | F22: =INDEX($C$14:$C$16,MATCH(D22,$B$14:$B$16,0))*INDEX($D$13:$F$13,MATCH(E22,$D$12:$F$12,0)) -> 2
B23: ='7'!B13 -> PR4 | C23: =IF('7'!G13=1,"Si aplica la empresa","Reglamneto interno") -> Reglamneto interno | D23: Media | E23: Alto | F23: =INDEX($C$14:$C$16,MATCH(D23,$B$14:$B$16,0))*INDEX($D$13:$F$13,MATCH(E23,$D$12:$F$12,0)) -> 8
B24: ='7'!B14 -> PR5 | C24: =IF('7'!G14=1,"Si aplica la empresa","Analisis de accidentes") -> Si aplica la empresa | F24: =INDEX($C$14:$C$16,MATCH(D24,$B$14:$B$16,0))*INDEX($D$13:$F$13,MATCH(E24,$D$12:$F$12,0)) -> #N/A
B25: ='7'!B15 -> PR6 | C25: =IF('7'!G15=1,"Si aplica la empresa","Registro de documentación") -> Registro de documentación | D25: Alta | E25: Alto | F25: =INDEX($C$14:$C$16,MATCH(D25,$B$14:$B$16,0))*INDEX($D$13:$F$13,MATCH(E25,$D$12:$F$12,0)) -> 12
B26: ='7'!B16 -> PR7 | C26: =IF('7'!G16=1,"Si aplica la empresa","Verificación de montos") -> Verificación de montos | D26: Media | E26: Bajo | F26: =INDEX($C$14:$C$16,MATCH(D26,$B$14:$B$16,0))*INDEX($D$13:$F$13,MATCH(E26,$D$12:$F$12,0)) -> 2
B27: ='7'!B17 -> PR8 | C27: =IF('7'!G17=1,"Si aplica la empresa","Procesos de gestión de riesgo") -> Si aplica la empresa | F27: =INDEX($C$14:$C$16,MATCH(D27,$B$14:$B$16,0))*INDEX($D$13:$F$13,MATCH(E27,$D$12:$F$12,0)) -> #N/A
B28: ='7'!B18 -> PR9 | C28: =IF('7'!G18=1,"Si aplica la empresa","Procesos de identificcaión") -> Si aplica la empresa | F28: =INDEX($C$14:$C$16,MATCH(D28,$B$14:$B$16,0))*INDEX($D$13:$F$13,MATCH(E28,$D$12:$F$12,0)) -> #N/A
B29: ='7'!B19 -> PR10 | C29: =IF('7'!G19=1,"Si aplica la empresa","Mecanismos de control interno") -> Mecanismos de control interno | D29: Media | E29: Alto | F29: =INDEX($C$14:$C$16,MATCH(D29,$B$14:$B$16,0))*INDEX($D$13:$F$13,MATCH(E29,$D$12:$F$12,0)) -> 8
B30: ='7'!B20 -> PR11 | C30: =IF('7'!G20=1,"Si aplica la empresa","Adaptabilidad a los cambios") -> Adaptabilidad a los cambios | D30: Media | E30: Bajo | F30: =INDEX($C$14:$C$16,MATCH(D30,$B$14:$B$16,0))*INDEX($D$13:$F$13,MATCH(E30,$D$12:$F$12,0)) -> 2
B31: ='7'!B21 -> PR12 | C31: =IF('7'!G21=1,"Si aplica la empresa","Realiza cambios a los planes de gestión") -> Si aplica la empresa | F31: =INDEX($C$14:$C$16,MATCH(D31,$B$14:$B$16,0))*INDEX($D$13:$F$13,MATCH(E31,$D$12:$F$12,0)) -> #N/A
B32: ='7'!B22 -> PR13 | C32: =IF('7'!G22=1,"Si aplica la empresa","Análisis del riesgo y la sostenibilidad") -> Si aplica la empresa | F32: =INDEX($C$14:$C$16,MATCH(D32,$B$14:$B$16,0))*INDEX($D$13:$F$13,MATCH(E32,$D$12:$F$12,0)) -> #N/A
B33: ='7'!B23 -> PR14 | C33: =IF('7'!G23=1,"Si aplica la empresa","Analisis de indicadores ") -> Si aplica la empresa | F33: =INDEX($C$14:$C$16,MATCH(D33,$B$14:$B$16,0))*INDEX($D$13:$F$13,MATCH(E33,$D$12:$F$12,0)) -> #N/A
B34: ='7'!B24 -> PR15 | C34: =IF('7'!G24=1,"Si aplica la empresa","Análisis de los Estados Financiero") -> Análisis de los Estados Financiero | D34: Media | E34: Moderado | F34: =INDEX($C$14:$C$16,MATCH(D34,$B$14:$B$16,0))*INDEX($D$13:$F$13,MATCH(E34,$D$12:$F$12,0)) -> 4

Sheet TABLAS - GRÁFICAS
B2: Estrategia de Liquidez | D2: Ingrese su meta
B3: RELAJADA | C3: =D3 -> 0.2 | D3: 0.2 | H3: RELAJADA | I3: 0.2 | J3: 0.2 | Y3: RELAJADA | Z3: 0.25 | AA3: 0.2 | AE3: RELAJADA | AF3: 0.15 | AI3: RELAJADA | AJ3: 0.25 | AM3: RELAJADA | AN3: 0.08 | AQ3: RELAJADA | AR3: 0.2
B4: RESTRINGIDA | C4: =D4 -> -0.2 | D4: -0.2 | H4: RESTRINGIDA | I4: -0.1 | J4: -0.1 | Y4: RESTRINGIDA | Z4: -0.25 | AA4: -0.1 | AE4: RESTRINGIDA | AF4: 0.1 | AI4: RESTRINGIDA | AJ4: -0.25 | AM4: RESTRINGIDA | AN4: 0.05 | AQ4: RESTRINGIDA | AR4: 0.1
B5: MODERADA | C5: =D5 -> 0.05 | D5: 0.05 | H5: MODERADA | I5: 0.05 | J5: 0.05 | Y5: MODERADA | Z5: -0.1 | AA5: 0.05 | AE5: MODERADA | AF5: 0.05 | AI5: MODERADA | AJ5: -0.1
B9: ROE | H9: ACTIVOS TOTALES/ACTIVOS CORRIENTES | O9: ROA | R9: Rotacion de activos | Y9: ROA | AE9: LIQUIDEZ CORRIENTE | AI9: ENDEUDAMIENTO | AM9: GANANCIAS RETENIDAS | AQ9: GASTOS POR INTERES
U10: ROA
B11: LC | C11: NC | H11: PA | I11: NC | U11: 0 | V11: Deficiente | Y11: PMC | Z11: NC | AE11: LQ | AF11: NC | AI11: E | AJ11: NC | AM11: GR | AN11: NC | AQ11: GI | AR11: NC
B12: X | C12: Y | H12: X | I12: Y | U12: 1 | V12: Deficiente | Y12: X | Z12: Y | AE12: X | AF12: Y | AI12: X | AJ12: Y | AM12: X | AN12: Y | AQ12: X | AR12: Y
B13: 0 | C13: 0 | D13: Deficiente | E13: 0 | F13: Se detectó ROE bajo se recomienda: Subir el precio del producto, negociar con proveedores, reducir sus costos laborales. | G13: . | H13: 0 | I13: 0 | J13: Deficiente | K13: 0 | L13: Se detectó un activo muy bajo se recomienda mejorar el control de ellos | O13: 0 | P13: Se detectó un ROA bajo se recomienda: Reducir la deuda | R13: 0 | S13: Se detectó una rotación de activos baja lo que podría indicar que la compañía tiene mucho capital inutilizado en sus activos | T13: . | U13: 2 | V13: Deficiente | Y13: 0 | Z13: 1 | AA13: Óptimo | AB13: 0 | AC13: La política de cobro de la empresa es eficiente pues hace efectivo la cuenta por cobrar rápidamente. | AD13: . | AE13: 0 | AF13: 0 | AG13: La empresa no cuenta con liquidez suficiente para realizar sus actividades y por ende no pagar sus deudas. | AH13: . | AI13: 0 | AJ13: 0 | AK13: La empresa muestra un buen resultado ya que las deudas representan la menor parte de los activos, y podra mantenerse y cumplir con sus obligaciones. | AL13: . | AM13: 0 | AN13: 0 | AO13: La empresa posee una deficiente capacidad de ganancias retenidas sobre los ingresos. | AP13: . | AQ13: 0 | AR13: 0 | AS13: Existe una deficiente administración de los recursos, por lo que a partir de sus gastos efectuados el negocio no puede cubrir sus costos de producción y contar con un margen de utilidad. | AT13: . | AU13: .
B14: 0.01 | C14: =1/130 -> 0.0076923077 | D14: Deficiente | E14: 0.01 | F14: Se detectó ROE bajo se recomienda: Subir el precio del producto, negociar con proveedores, reducir sus costos laborales. | G14: . | H14: 0.01 | I14: =1/110 -> 0.0090909091 | J14: Deficiente | K14: 0.01 | L14: Se detectó un activo muy bajo se recomienda mejorar el control de ellos | O14: 0.01 | P14: Se detectó un ROA bajo se recomienda: Reducir la deuda | R14: 0.01 | S14: Se detectó una rotación de activos baja lo que podría indicar que la compañía tiene mucho capital inutilizado en sus activos | T14: . | U14: 3 | V14: Deficiente | Y14: 1 | Z14: 1 | AA14: Óptimo | AB14: 1 | AC14: La política de cobro de la empresa es eficiente pues hace efectivo la cuenta por cobrar rápidamente. | AD14: . | AE14: 1 | AF14: =1/60 -> 0.016666667 | AG14: La empresa no cuenta con liquidez suficiente para realizar sus actividades y por ende no pagar sus deudas. | AH14: . | AI14: 1 | AJ14: 0.01 | AK14: La empresa muestra un buen resultado ya que las deudas representan la menor parte de los activos, y podra mantenerse y cumplir con sus obligaciones. | AL14: . | AM14: 0.1 | AN14: 0.01 | AO14: La empresa posee una deficiente capacidad de ganancias retenidas sobre los ingresos. | AP14: . | AQ14: 0.1 | AR14: 0.01 | AS14: Existe una deficiente administración de los recursos, por lo que a partir de sus gastos efectuados el negocio no puede cubrir sus costos de producción y contar con un margen de utilidad. | AT14: . | AU14: .
B15: 0.02 | C15: =(1/130)+C14 -> 0.015384615 | D15: Deficiente | E15: 0.02 | F15: Se detectó ROE bajo se recomienda: Subir el precio del producto, negociar con proveedores, reducir sus costos laborales. | G15: . | H15: 0.02 | I15: =(1/110)+I14 -> 0.018181818 | J15: Deficiente | K15: 0.02 | L15: Se detectó un activo muy bajo se recomienda mejorar el control de ellos | O15: 0.02 | P15: Se detectó un ROA bajo se recomienda: Reducir la deuda | R15: 0.02 | S15: Se detectó una rotación de activos baja lo que podría indicar que la compañía tiene mucho capital inutilizado en sus activos | T15: . | U15: 4 | V15: Poco satisfactorio | Y15: 2 | Z15: 1 | AA15: Óptimo | AB15: 2 | AC15: La política de cobro de la empresa es eficiente pues hace efectivo la cuenta por cobrar rápidamente. | AD15: . | AE15: 2 | AF15: =AF14+(1/60) -> 0.033333333 | AG15: La empresa no cuenta con liquidez suficiente para realizar sus actividades y por ende no pagar sus deudas. | AH15: . | AI15: 2 | AJ15: 0.02 | AK15: La empresa muestra un buen resultado ya que las deudas representan la menor parte de los activos, y podra mantenerse y cumplir con sus obligaciones. | AL15: . | AM15: 0.2 | AN15: 0.02 | AO15: La empresa posee una deficiente capacidad de ganancias retenidas sobre los ingresos. | AP15: . | AQ15: 0.2 | AR15: 0.02 | AS15: Existe una optima administración de los recursos, por lo que a partir de sus gastos efectuados el negocio puede cubrir sus costos y gastos y contar con un margen de utilidad. | AT15: . | AU15: .
B16: 0.03 | C16: =(1/130)+C15 -> 0.023076923 | D16: Deficiente | E16: 0.03 | F16: Se detectó ROE bajo se recomienda: Subir el precio del producto, negociar con proveedores, reducir sus costos laborales. | G16: . | H16: 0.03 | I16: =(1/110)+I15 -> 0.027272727 | J16: Deficiente | K16: 0.03 | L16: Se detectó un activo muy bajo se recomienda mejorar el control de ellos | O16: 0.03 | P16: Se detectó un ROA bajo se recomienda: Reducir la deuda | R16: 0.03 | S16: Se detectó una rotación de activos baja lo que podría indicar que la compañía tiene mucho capital inutilizado en sus activos | T16: . | U16: 5 | V16: Poco satisfactorio | Y16: 3 | Z16: 1 | AA16: Óptimo | AB16: 3 | AC16: La política de cobro de la empresa es eficiente pues hace efectivo la cuenta por cobrar rápidamente. | AD16: . | AE16: 3 | AF16: =AF15+(1/60) -> 0.05 | AG16: La empresa no cuenta con liquidez suficiente para realizar sus actividades y por ende no pagar sus deudas. | AH16: . | AI16: 3 | AJ16: 0.03 | AK16: La empresa muestra un buen resultado ya que las deudas representan la menor parte de los activos, y podra mantenerse y cumplir con sus obligaciones. | AL16: . | AM16: 0.3 | AN16: 0.03 | AO16: La empresa posee una deficiente capacidad de ganancias retenidas sobre los ingresos. | AP16: . | AQ16: 0.3 | AR16: 0.03 | AS16: Existe una optima administración de los recursos, por lo que a partir de sus gastos efectuados el negocio puede cubrir sus costos y gastos y contar con un margen de utilidad. | AT16: . | AU16: .
B17: 0.04 | C17: =(1/130)+C16 -> 0.030769231 | D17: Deficiente | E17: 0.04 | F17: Se detectó ROE bajo se recomienda: Subir el precio del producto, negociar con proveedores, reducir sus costos laborales. | G17: . | H17: 0.04 | I17: =(1/110)+I16 -> 0.036363636 | J17: Deficiente | K17: 0.04 | L17: Se detectó un activo muy bajo se recomienda mejorar el control de ellos | O17: 0.04 | P17: Se detectó un ROA bajo se recomienda: Reducir la deuda | R17: 0.04 | S17: Se detectó una rotación de activos baja lo que podría indicar que la compañía tiene mucho capital inutilizado en sus activos | T17: . | U17: 6 | V17: Medianamente satisfactorio | Y17: 4 | Z17: 1 | AA17: Óptimo | AB17: 4 | AC17: La política de cobro de la empresa es eficiente pues hace efectivo la cuenta por cobrar rápidamente. | AD17: . | AE17: 4 | AF17: =AF16+(1/60) -> 0.066666667 | AG17: La empresa no cuenta con liquidez suficiente para realizar sus actividades y por ende no pagar sus deudas. | AH17: . | AI17: 4 | AJ17: 0.04 | AK17: La empresa muestra un buen resultado ya que las deudas representan la menor parte de los activos, y podra mantenerse y cumplir con sus obligaciones. | AL17: . | AM17: 0.4 | AN17: 0.04 | AO17: La empresa posee una deficiente capacidad de ganancias retenidas sobre los ingresos. | AP17: . | AQ17: 0.4 | AR17: 0.04 | AS17: Existe una optima administración de los recursos, por lo que a partir de sus gastos efectuados el negocio puede cubrir sus costos y gastos y contar con un margen de utilidad. | AT17: . | AU17: .
B18: 0.05 | C18: =(1/130)+C17 -> 0.038461538 | D18: Deficiente | E18: 0.05 | F18: Se detectó ROE bajo se recomienda: Subir el precio del producto, negociar con proveedores, reducir sus costos laborales. | G18: . | H18: 0.05 | I18: =(1/110)+I17 -> 0.045454545 | J18: Deficiente | K18: 0.05 | L18: Se detectó un activo muy bajo se recomienda mejorar el control de ellos | O18: 0.05 | P18: Se detectó un ROA bajo se recomienda: Reducir la deuda | R18: 0.05 | S18: Se detectó una rotación de activos baja lo que podría indicar que la compañía tiene mucho capital inutilizado en sus activos | T18: . | U18: 7 | V18: Medianamente satisfactorio | Y18: 5 | Z18: 1 | AA18: Óptimo | AB18: 5 | AC18: La política de cobro de la empresa es eficiente pues hace efectivo la cuenta por cobrar rápidamente. | AD18: . | AE18: 5 | AF18: =AF17+(1/60) -> 0.083333333 | AG18: La empresa no cuenta con liquidez suficiente para realizar sus actividades y por ende no pagar sus deudas. | AH18: . | AI18: 5 | AJ18: 0.05 | AK18: La empresa muestra un buen resultado ya que las deudas representan la menor parte de los activos, y podra mantenerse y cumplir con sus obligaciones. | AL18: . | AM18: 0.5 | AN18: 0.05 | AO18: La empresa posee una deficiente capacidad de ganancias retenidas sobre los ingresos. | AP18: . | AQ18: 0.5 | AR18: 0.05 | AS18: Existe una optima administración de los recursos, por lo que a partir de sus gastos efectuados el negocio puede cubrir sus costos y gastos y contar con un margen de utilidad. | AT18: . | AU18: .
B19: 0.06 | C19: =(1/130)+C18 -> 0.046153846 | D19: Deficiente | E19: 0.06 | F19: Se detectó ROE bajo se recomienda: Subir el precio del producto, negociar con proveedores, reducir sus costos laborales. | G19: . | H19: 0.06 | I19: =(1/110)+I18 -> 0.054545455 | J19: Deficiente | K19: 0.06 | L19: Se detectó un activo muy bajo se recomienda mejorar el control de ellos | O19: 0.06 | P19: Se detectó un ROA bajo se recomienda: Reducir la deuda | R19: 0.06 | S19: Se detectó una rotación de activos baja lo que podría indicar que la compañía tiene mucho capital inutilizado en sus activos | T19: . | U19: 8 | V19: Medianamente satisfactorio | Y19: 6 | Z19: 1 | AA19: Óptimo | AB19: 6 | AC19: La política de cobro de la empresa es eficiente pues hace efectivo la cuenta por cobrar rápidamente. | AD19: . | AE19: 6 | AF19: =AF18+(1/60) -> 0.1 | AG19: La empresa no cuenta con liquidez suficiente para realizar sus actividades y por ende no pagar sus deudas. | AH19: . | AI19: 6 | AJ19: 0.06 | AK19: La empresa muestra un buen resultado ya que las deudas representan la menor parte de los activos, y podra mantenerse y cumplir con sus obligaciones. | AL19: . | AM19: 0.6 | AN19: 0.06 | AO19: La empresa posee una deficiente capacidad de ganancias retenidas sobre los ingresos. | AP19: . | AQ19: 0.6 | AR19: 0.06 | AS19: Existe una optima administración de los recursos, por lo que a partir de sus gastos efectuados el negocio puede cubrir sus costos y gastos y contar con un margen de utilidad. | AT19: . | AU19: .
B20: 0.07 | C20: =(1/130)+C19 -> 0.053846154 | D20: Deficiente | E20: 0.07 | F20: Se detectó ROE bajo se recomienda: Subir el precio del producto, negociar con proveedores, reducir sus costos laborales. | G20: . | H20: 0.07 | I20: =(1/110)+I19 -> 0.063636364 | J20: Deficiente | K20: 0.07 | L20: Se detectó un activo muy bajo se recomienda mejorar el control de ellos | O20: 0.07 | P20: Se detectó un ROA bajo se recomienda: Reducir la deuda | R20: 0.07 | S20: Se detectó una rotación de activos baja lo que podría indicar que la compañía tiene mucho capital inutilizado en sus activos | T20: . | U20: 9 | V20: Satisfactorio | Y20: 7 | Z20: 1 | AA20: Óptimo | AB20: 7 | AC20: La política de cobro de la empresa es eficiente pues hace efectivo la cuenta por cobrar rápidamente. | AD20: . | AE20: 7 | AF20: =AF19+(1/60) -> 0.11666667 | AG20: La empresa no cuenta con liquidez suficiente para realizar sus actividades y por ende no pagar sus deudas. | AH20: . | AI20: 7 | AJ20: 0.07 | AK20: La empresa muestra un buen resultado ya que las deudas representan la menor parte de los activos, y podra mantenerse y cumplir con sus obligaciones. | AL20: . | AM20: 0.7 | AN20: 0.07 | AO20: La empresa posee una deficiente capacidad de ganancias retenidas sobre los ingresos. | AP20: . | AQ20: 0.7 | AR20: 0.07 | AS20: Existe una optima administración de los recursos, por lo que a partir de sus gastos efectuados el negocio puede cubrir sus costos y gastos y contar con un margen de utilidad. | AT20: . | AU20: .
B21: 0.08 | C21: =(1/130)+C20 -> 0.061538462 | D21: Deficiente | E21: 0.08 | F21: Se detectó ROE bajo se recomienda: Subir el precio del producto, negociar con proveedores, reducir sus costos laborales. | G21: . | H21: 0.08 | I21: =(1/110)+I20 -> 0.072727273 | J21: Deficiente | K21: 0.08 | L21: Se detectó un activo muy bajo se recomienda mejorar el control de ellos | O21: 0.08 | P21: ROA en estado optimo, mejorar el manejo de la deuda | R21: 0.08 | S21: Se detectó una rotación de activos baja lo que podría indicar que la compañía tiene mucho capital inutilizado en sus activos | T21: . | U21: 10 | V21: Satisfactorio | Y21: 8 | Z21: 1 | AA21: Óptimo | AB21: 8 | AC21: La política de cobro de la empresa es eficiente pues hace efectivo la cuenta por cobrar rápidamente. | AD21: . | AE21: 8 | AF21: =AF20+(1/60) -> 0.13333333 | AG21: La empresa no cuenta con liquidez suficiente para realizar sus actividades y por ende no pagar sus deudas. | AH21: . | AI21: 8 | AJ21: 0.08 | AK21: La empresa muestra un buen resultado ya que las deudas representan la menor parte de los activos, y podra mantenerse y cumplir con sus obligaciones. | AL21: . | AM21: 0.8 | AN21: 0.08 | AO21: La empresa posee una optima capacidad de ganancias retenidas sobre los ingresos. | AP21: . | AQ21: 0.8 | AR21: 0.08 | AS21: Existe una optima administración de los recursos, por lo que a partir de sus gastos efectuados el negocio puede cubrir sus costos y gastos y contar con un margen de utilidad. | AT21: . | AU21: .
B22: 0.09 | C22: =(1/130)+C21 -> 0.069230769 | D22: Deficiente | E22: 0.09 | F22: Se detectó ROE bajo se recomienda: Subir el precio del producto, negociar con proveedores, reducir sus costos laborales. | G22: . | H22: 0.09 | I22: =(1/110)+I21 -> 0.081818182 | J22: Deficiente | K22: 0.09 | L22: Se detectó un activo muy bajo se recomienda mejorar el control de ellos | O22: 0.09 | P22: Se detectó un ROA alto significá que la empresa es capaz de generar más dinero con menor inversión. Felicitaciones | R22: 0.09 | S22: Se detectó una rotación de activos baja lo que podría indicar que la compañía tiene mucho capital inutilizado en sus activos | T22: . | Y22: 9 | Z22: 1 | AA22: Óptimo | AB22: 9 | AC22: La política de cobro de la empresa es eficiente pues hace efectivo la cuenta por cobrar rápidamente. | AD22: . | AE22: 9 | AF22: =AF21+(1/60) -> 0.15 | AG22: La empresa no cuenta con liquidez suficiente para realizar sus actividades y por ende no pagar sus deudas. | AH22: . | AI22: 9 | AJ22: 0.09 | AK22: La empresa muestra un buen resultado ya que las deudas representan la menor parte de los activos, y podra mantenerse y cumplir con sus obligaciones. | AL22: . | AM22: 0.9 | AN22: 0.09 | AO22: La empresa posee una optima capacidad de ganancias retenidas sobre los ingresos. | AP22: . | AQ22: 0.9 | AR22: 0.09 | AS22: Existe una optima administración de los recursos, por lo que a partir de sus gastos efectuados el negocio puede cubrir sus costos y gastos y contar con un margen de utilidad. | AT22: . | AU22: .
B23: 0.1 | C23: =(1/130)+C22 -> 0.076923077 | D23: Deficiente | E23: 0.1 | F23: Se detectó ROE bajo se recomienda: Subir el precio del producto, negociar con proveedores, reducir sus costos laborales. | G23: . | H23: 0.1 | I23: =(1/110)+I22 -> 0.090909091 | J23: Deficiente | K23: 0.1 | L23: Se detectó un activo muy bajo se recomienda mejorar el control de ellos | O23: 0.1 | P23: Se detectó un ROA alto significá que la empresa es capaz de generar más dinero con menor inversión. Felicitaciones | R23: 0.1 | S23: Se detectó una rotación de activos baja lo que podría indicar que la compañía tiene mucho capital inutilizado en sus activos | T23: . | Y23: 10 | Z23: 1 | AA23: Óptimo | AB23: 10 | AC23: La política de cobro de la empresa es eficiente pues hace efectivo la cuenta por cobrar rápidamente. | AD23: . | AE23: 10 | AF23: =AF22+(1/60) -> 0.16666667 | AG23: La empresa no cuenta con liquidez suficiente para realizar sus actividades y por ende no pagar sus deudas. | AH23: . | AI23: 10 | AJ23: 0.1 | AK23: La empresa muestra un buen resultado ya que las deudas representan la menor parte de los activos, y podra mantenerse y cumplir con sus obligaciones. | AL23: . | AM23: 1 | AN23: 0.1 | AO23: La empresa posee una optima capacidad de ganancias retenidas sobre los ingresos. | AP23: . | AQ23: 1 | AR23: 0.1 | AS23: Existe una optima administración de los recursos, por lo que a partir de sus gastos efectuados el negocio puede cubrir sus costos y gastos y contar con un margen de utilidad. | AT23: . | AU23: .
B24: 0.11 | C24: =(1/130)+C23 -> 0.084615385 | D24: Deficiente | E24: 0.11 | F24: Se detectó ROE bajo se recomienda: Subir el precio del producto, negociar con proveedores, reducir sus costos laborales. | G24: . | H24: 0.11 | I24: =(1/110)+I23 -> 0.1 | J24: Deficiente | K24: 0.11 | L24: Se detectó un activo muy bajo se recomienda mejorar el control de ellos | O24: 0.11 | P24: Se detectó un ROA alto significá que la empresa es capaz de generar más dinero con menor inversión. Felicitaciones | R24: 0.11 | S24: Se detectó una rotación de activos baja lo que podría indicar que la compañía tiene mucho capital inutilizado en sus activos | T24: . | Y24: 11 | Z24: 1 | AA24: Óptimo | AB24: 11 | AC24: La política de cobro de la empresa es eficiente pues hace efectivo la cuenta por cobrar rápidamente. | AD24: . | AE24: 11 | AF24: =AF23+(1/60) -> 0.18333333 | AG24: La empresa no cuenta con liquidez suficiente para realizar sus actividades y por ende no pagar sus deudas. | AH24: . | AI24: 11 | AJ24: 0.11 | AK24: La empresa muestra un buen resultado ya que las deudas representan la menor parte de los activos, y podra mantenerse y cumplir con sus obligaciones. | AL24: . | AM24: 1.1 | AN24: 0.11 | AO24: La empresa posee una optima capacidad de ganancias retenidas sobre los ingresos. | AP24: . | AQ24: 1.1 | AR24: 0.11 | AS24: Existe una optima administración de los recursos, por lo que a partir de sus gastos efectuados el negocio puede cubrir sus costos y gastos y contar con un margen de utilidad. | AT24: . | AU24: .
B25: 0.12 | C25: =(1/130)+C24 -> 0.092307692 | D25: Deficiente | E25: 0.12 | F25: Se detectó ROE bajo se recomienda: Subir el precio del producto, negociar con proveedores, reducir sus costos laborales. | G25: . | H25: 0.12 | I25: =(1/110)+I24 -> 0.10909091 | J25: Deficiente | K25: 0.12 | L25: Se detectó un activo muy bajo se recomienda mejorar el control de ellos | O25: 0.12 | P25: Se detectó un ROA alto significá que la empresa es capaz de generar más dinero con menor inversión. Felicitaciones | R25: 0.12 | S25: Se detectó una rotación de activos baja lo que podría indicar que la compañía tiene mucho capital inutilizado en sus activos | T25: . | Y25: 12 | Z25: 1 | AA25: Óptimo | AB25: 12 | AC25: La política de cobro de la empresa es eficiente pues hace efectivo la cuenta por cobrar rápidamente. | AD25: . | AE25: 12 | AF25: =AF24+(1/60) -> 0.2 | AG25: La empresa no cuenta con liquidez suficiente para realizar sus actividades y por ende no pagar sus deudas. | AH25: . | AI25: 12 | AJ25: 0.12 | AK25: La empresa muestra un buen resultado ya que las deudas representan la menor parte de los activos, y podra mantenerse y cumplir con sus obligaciones. | AL25: . | AM25: 1.2 | AN25: 0.12 | AO25: La empresa posee una optima capacidad de ganancias retenidas sobre los ingresos. | AP25: . | AQ25: 1.2 | AR25: 0.12 | AS25: Existe una optima administración de los recursos, por lo que a partir de sus gastos efectuados el negocio puede cubrir sus costos y gastos y contar con un margen de utilidad. | AT25: . | AU25: .
B26: 0.13 | C26: =(1/130)+C25 -> 0.1 | D26: Deficiente | E26: 0.13 | F26: Se detectó ROE bajo se recomienda: Subir el precio del producto, negociar con proveedores, reducir sus costos laborales. | G26: . | H26: 0.13 | I26: =(1/110)+I25 -> 0.11818182 | J26: Deficiente | K26: 0.13 | L26: Se detectó un activo muy bajo se recomienda mejorar el control de ellos | O26: 0.13 | P26: Se detectó un ROA alto significá que la empresa es capaz de generar más dinero con menor inversión. Felicitaciones | R26: 0.13 | S26: Se detectó una rotación de activos baja lo que podría indicar que la compañía tiene mucho capital inutilizado en sus activos | T26: . | Y26: 13 | Z26: 1 | AA26: Óptimo | AB26: 13 | AC26: La política de cobro de la empresa es eficiente pues hace efectivo la cuenta por cobrar rápidamente. | AD26: . | AE26: 13 | AF26: =AF25+(1/60) -> 0.21666667 | AG26: La empresa no cuenta con liquidez suficiente para realizar sus actividades y por ende no pagar sus deudas. | AH26: . | AI26: 13 | AJ26: 0.13 | AK26: La empresa muestra un buen resultado ya que las deudas representan la menor parte de los activos, y podra mantenerse y cumplir con sus obligaciones. | AL26: . | AM26: 1.3 | AN26: 0.13 | AO26: La empresa posee una optima capacidad de ganancias retenidas sobre los ingresos. | AP26: . | AQ26: 1.3 | AR26: 0.13 | AS26: Existe una optima administración de los recursos, por lo que a partir de sus gastos efectuados el negocio puede cubrir sus costos y gastos y contar con un margen de utilidad. | AT26: . | AU26: .
B27: 0.14 | C27: =(1/130)+C26 -> 0.10769231 | D27: Deficiente | E27: 0.14 | F27: Se detectó ROE bajo se recomienda: Subir el precio del producto, negociar con proveedores, reducir sus costos laborales. | G27: . | H27: 0.14 | I27: =(1/110)+I26 -> 0.12727273 | J27: Deficiente | K27: 0.14 | L27: Se detectó un activo muy bajo se recomienda mejorar el control de ellos | O27: 0.14 | P27: Se detectó un ROA alto significá que la empresa es capaz de generar más dinero con menor inversión. Felicitaciones | R27: 0.14 | S27: Se detectó una rotación de activos baja lo que podría indicar que la compañía tiene mucho capital inutilizado en sus activos | T27: . | Y27: 14 | Z27: 1 | AA27: Óptimo | AB27: 14 | AC27: La política de cobro de la empresa es eficiente pues hace efectivo la cuenta por cobrar rápidamente. | AD27: . | AE27: 14 | AF27: =AF26+(1/60) -> 0.23333333 | AG27: La empresa no cuenta con liquidez suficiente para realizar sus actividades y por ende no pagar sus deudas. | AH27: . | AI27: 14 | AJ27: 0.14 | AK27: La empresa muestra un buen resultado ya que las deudas representan la menor parte de los activos, y podra mantenerse y cumplir con sus obligaciones. | AL27: . | AM27: 1.4 | AN27: 0.14 | AO27: La empresa posee una optima capacidad de ganancias retenidas sobre los ingresos. | AP27: . | AQ27: 1.4 | AR27: 0.14 | AS27: Existe una optima administración de los recursos, por lo que a partir de sus gastos efectuados el negocio puede cubrir sus costos y gastos y contar con un margen de utilidad. | AT27: . | AU27: .
B28: 0.15 | C28: =(1/130)+C27 -> 0.11538462 | D28: Deficiente | E28: 0.15 | F28: Se detectó ROE bajo se recomienda: Subir el precio del producto, negociar con proveedores, reducir sus costos laborales. | G28: . | H28: 0.15 | I28: =(1/110)+I27 -> 0.13636364 | J28: Deficiente | K28: 0.15 | L28: Se detectó un activo muy bajo se recomienda mejorar el control de ellos | O28: 0.15 | P28: Se detectó un ROA alto significá que la empresa es capaz de generar más dinero con menor inversión. Felicitaciones | R28: 0.15 | S28: Se detectó una rotación de activos baja lo que podría indicar que la compañía tiene mucho capital inutilizado en sus activos | T28: . | Y28: 15 | Z28: 1 | AA28: Óptimo | AB28: 15 | AC28: La política de cobro de la empresa es eficiente pues hace efectivo la cuenta por cobrar rápidamente. | AD28: . | AE28: 15 | AF28: =AF27+(1/60) -> 0.25 | AG28: La empresa no cuenta con liquidez suficiente para realizar sus actividades y por ende no pagar sus deudas. | AH28: . | AI28: 15 | AJ28: 0.15 | AK28: La empresa muestra un buen resultado ya que las deudas representan la menor parte de los activos, y podra mantenerse y cumplir con sus obligaciones. | AL28: . | AM28: 1.5 | AN28: 0.15 | AO28: La empresa posee una optima capacidad de ganancias retenidas sobre los ingresos. | AP28: . | AQ28: 1.5 | AR28: 0.15 | AS28: Existe una optima administración de los recursos, por lo que a partir de sus gastos efectuados el negocio puede cubrir sus costos y gastos y contar con un margen de utilidad. | AT28: . | AU28: .
B29: 0.16 | C29: =(1/130)+C28 -> 0.12307692 | D29: Deficiente | E29: 0.16 | F29: Se detectó ROE bajo se recomienda: Subir el precio del producto, negociar con proveedores, reducir sus costos laborales. | G29: . | H29: 0.16 | I29: =(1/110)+I28 -> 0.14545455 | J29: Deficiente | K29: 0.16 | L29: Se detectó un activo muy bajo se recomienda mejorar el control de ellos | O29: 0.16 | P29: Se detectó un ROA alto significá que la empresa es capaz de generar más dinero con menor inversión. Felicitaciones | R29: 0.16 | S29: Se detectó una rotación de activos baja lo que podría indicar que la compañía tiene mucho capital inutilizado en sus activos | T29: . | Y29: 16 | Z29: 1 | AA29: Óptimo | AB29: 16 | AC29: La política de cobro de la empresa es eficiente pues hace efectivo la cuenta por cobrar rápidamente. | AD29: . | AE29: 16 | AF29: =AF28+(1/60) -> 0.26666667 | AG29: La empresa no cuenta con liquidez suficiente para realizar sus actividades y por ende no pagar sus deudas. | AH29: . | AI29: 16 | AJ29: 0.16 | AK29: La empresa muestra un buen resultado ya que las deudas representan la menor parte de los activos, y podra mantenerse y cumplir con sus obligaciones. | AL29: . | AM29: 1.6 | AN29: 0.16 | AO29: La empresa posee una optima capacidad de ganancias retenidas sobre los ingresos. | AP29: . | AQ29: 1.6 | AR29: 0.16 | AS29: Existe una optima administración de los recursos, por lo que a partir de sus gastos efectuados el negocio puede cubrir sus costos y gastos y contar con un margen de utilidad. | AT29: . | AU29: .
B30: 0.17 | C30: =(1/130)+C29 -> 0.13076923 | D30: Deficiente | E30: 0.17 | F30: Se detectó ROE bajo se recomienda: Subir el precio del producto, negociar con proveedores, reducir sus costos laborales. | G30: . | H30: 0.17 | I30: =(1/110)+I29 -> 0.15454545 | J30: Deficiente | K30: 0.17 | L30: Se detectó un activo muy bajo se recomienda mejorar el control de ellos | O30: 0.17 | P30: Se detectó un ROA alto significá que la empresa es capaz de generar más dinero con menor inversión. Felicitaciones | R30: 0.17 | S30: Se detectó una rotación de activos baja lo que podría indicar que la compañía tiene mucho capital inutilizado en sus activos | T30: . | Y30: 17 | Z30: 1 | AA30: Óptimo | AB30: 17 | AC30: La política de cobro de la empresa es eficiente pues hace efectivo la cuenta por cobrar rápidamente. | AD30: . | AE30: 17 | AF30: =AF29+(1/60) -> 0.28333333 | AG30: La empresa no cuenta con liquidez suficiente para realizar sus actividades y por ende no pagar sus deudas. | AH30: . | AI30: 17 | AJ30: 0.17 | AK30: La empresa muestra un buen resultado ya que las deudas representan la menor parte de los activos, y podra mantenerse y cumplir con sus obligaciones. | AL30: . | AM30: 1.7 | AN30: 0.17 | AO30: La empresa posee una optima capacidad de ganancias retenidas sobre los ingresos. | AP30: . | AQ30: 1.7 | AR30: 0.17 | AS30: Existe una optima administración de los recursos, por lo que a partir de sus gastos efectuados el negocio puede cubrir sus costos y gastos y contar con un margen de utilidad. | AT30: . | AU30: .
B31: 0.18 | C31: =(1/130)+C30 -> 0.13846154 | D31: Deficiente | E31: 0.18 | F31: Se detectó ROE bajo se recomienda: Subir el precio del producto, negociar con proveedores, reducir sus costos laborales. | G31: . | H31: 0.18 | I31: =(1/110)+I30 -> 0.16363636 | J31: Deficiente | K31: 0.18 | L31: Se detectó un activo muy bajo se recomienda mejorar el control de ellos | O31: 0.18 | P31: Se detectó un ROA alto significá que la empresa es capaz de generar más dinero con menor inversión. Felicitaciones | R31: 0.18 | S31: Se detectó una rotación de activos baja lo que podría indicar que la compañía tiene mucho capital inutilizado en sus activos | T31: . | Y31: 18 | Z31: 1 | AA31: Óptimo | AB31: 18 | AC31: La política de cobro de la empresa es eficiente pues hace efectivo la cuenta por cobrar rápidamente. | AD31: . | AE31: 18 | AF31: =AF30+(1/60) -> 0.3 | AG31: La empresa no cuenta con liquidez suficiente para realizar sus actividades y por ende no pagar sus deudas. | AH31: . | AI31: 18 | AJ31: 0.18 | AK31: La empresa muestra un buen resultado ya que las deudas representan la menor parte de los activos, y podra mantenerse y cumplir con sus obligaciones. | AL31: . | AM31: 1.8 | AN31: 0.18 | AO31: La empresa posee una optima capacidad de ganancias retenidas sobre los ingresos. | AP31: . | AQ31: 1.8 | AR31: 0.18 | AS31: Existe una optima administración de los recursos, por lo que a partir de sus gastos efectuados el negocio puede cubrir sus costos y gastos y contar con un margen de utilidad. | AT31: . | AU31: .
B32: 0.19 | C32: =(1/130)+C31 -> 0.14615385 | D32: Deficiente | E32: 0.19 | F32: Se detectó ROE bajo se recomienda: Subir el precio del producto, negociar con proveedores, reducir sus costos laborales. | G32: . | H32: 0.19 | I32: =(1/110)+I31 -> 0.17272727 | J32: Deficiente | K32: 0.19 | L32: Se detectó un activo muy bajo se recomienda mejorar el control de ellos | O32: 0.19 | P32: Se detectó un ROA alto significá que la empresa es capaz de generar más dinero con menor inversión. Felicitaciones | R32: 0.19 | S32: Se detectó una rotación de activos baja lo que podría indicar que la compañía tiene mucho capital inutilizado en sus activos | T32: . | Y32: 19 | Z32: 1 | AA32: Óptimo | AB32: 19 | AC32: La política de cobro de la empresa es eficiente pues hace efectivo la cuenta por cobrar rápidamente. | AD32: . | AE32: 19 | AF32: =AF31+(1/60) -> 0.31666667 | AG32: La empresa no cuenta con liquidez suficiente para realizar sus actividades y por ende no pagar sus deudas. | AH32: . | AI32: 19 | AJ32: 0.19 | AK32: La empresa muestra un buen resultado ya que las deudas representan la menor parte de los activos, y podra mantenerse y cumplir con sus obligaciones. | AL32: . | AM32: 1.9 | AN32: 0.19 | AO32: La empresa posee una optima capacidad de ganancias retenidas sobre los ingresos. | AP32: . | AQ32: 1.9 | AR32: 0.19 | AS32: Existe una optima administración de los recursos, por lo que a partir de sus gastos efectuados el negocio puede cubrir sus costos y gastos y contar con un margen de utilidad. | AT32: . | AU32: .
B33: 0.2 | C33: =(1/130)+C32 -> 0.15384615 | D33: Deficiente | E33: 0.2 | F33: Se detectó ROE bajo se recomienda: Subir el precio del producto, negociar con proveedores, reducir sus costos laborales. | G33: . | H33: 0.2 | I33: =(1/110)+I32 -> 0.18181818 | J33: Deficiente | K33: 0.2 | L33: Se detectó un activo muy bajo se recomienda mejorar el control de ellos | O33: 0.2 | P33: Se detectó un ROA alto significá que la empresa es capaz de generar más dinero con menor inversión. Felicitaciones | R33: 0.2 | S33: Se detectó una rotación de activos baja lo que podría indicar que la compañía tiene mucho capital inutilizado en sus activos | T33: . | Y33: 20 | Z33: 1 | AA33: Óptimo | AB33: 20 | AC33: La política de cobro de la empresa es eficiente pues hace efectivo la cuenta por cobrar rápidamente. | AD33: . | AE33: 20 | AF33: =AF32+(1/60) -> 0.33333333 | AG33: La empresa no cuenta con liquidez suficiente para realizar sus actividades y por ende no pagar sus deudas. | AH33: . | AI33: 20 | AJ33: 0.2 | AK33: La empresa muestra un buen resultado ya que las deudas representan la menor parte de los activos, y podra mantenerse y cumplir con sus obligaciones. | AL33: . | AM33: 2 | AN33: 0.2 | AO33: La empresa posee una exelente capacidad de ganancias retenidas sobre los ingresos. | AP33: . | AQ33: 2 | AR33: 0.2 | AS33: Existe una optima administración de los recursos, por lo que a partir de sus gastos efectuados el negocio puede cubrir sus costos y gastos y contar con un margen de utilidad. | AT33: . | AU33: .
... B41: 0.28 | C41: =(1/130)+C40 -> 0.21538462 | D41: Deficiente | E41: 0.28 | F41: ROE por encima de los estándares óptimos, Gran trabajo | G41: . | H41: 0.28 | I41: =(1/110)+I40 -> 0.25454545 | J41: Deficiente | K41: 0.28 | L41: Se detectó un activo muy bajo se recomienda mejorar el control de ellos | O41: 0.28 | P41: Se detectó un ROA alto significá que la empresa es capaz de generar más dinero con menor inversión. Felicitaciones | R41: 0.28 | S41: Se detectó una rotación de activos baja lo que podría indicar que la compañía tiene mucho capital inutilizado en sus activos | T41: . | Y41: 28 | Z41: 1 | AA41: Óptimo | AB41: 28 | AC41: La política de cobro de la empresa es eficiente pues hace efectivo la cuenta por cobrar rápidamente. | AD41: . | AE41: 28 | AF41: =AF40+(1/60) -> 0.46666667 | AG41: La empresa no cuenta con liquidez suficiente para realizar sus actividades y por ende no pagar sus deudas. | AH41: . | AI41: 28 | AJ41: 0.28 | AK41: La empresa muestra un buen resultado ya que las deudas representan la menor parte de los activos, y podra mantenerse y cumplir con sus obligaciones. | AL41: . | AM41: 2.8 | AN41: 0.28 | AO41: La empresa posee una exelente capacidad de ganancias retenidas sobre los ingresos. | AP41: . | AQ41: 2.8 | AR41: 0.28 | AS41: Existe una optima administración de los recursos, por lo que a partir de sus gastos efectuados el negocio puede cubrir sus costos y gastos y contar con un margen de utilidad. | AT41: . | AU41: .
B42: 0.29 | C42: =(1/130)+C41 -> 0.22307692 | D42: Deficiente | E42: 0.29 | F42: ROE por encima de los estándares óptimos, Gran trabajo | G42: =VLOOKUP(V48,'TABLAS - GRÁFICAS'!Y3:Z5,2,TRUE) -> #N/A | H42: 0.29 | I42: =(1/110)+I41 -> 0.26363636 | J42: Deficiente | K42: 0.29 | L42: Se detectó un activo muy bajo se recomienda mejorar el control de ellos | O42: 0.29 | P42: Se detectó un ROA alto significá que la empresa es capaz de generar más dinero con menor inversión. Felicitaciones | R42: 0.29 | S42: Se detectó una rotación de activos baja lo que podría indicar que la compañía tiene mucho capital inutilizado en sus activos | T42: . | Y42: 29 | Z42: 1 | AA42: Óptimo | AB42: 29 | AC42: La política de cobro de la empresa es eficiente pues hace efectivo la cuenta por cobrar rápidamente. | AD42: . | AE42: 29 | AF42: =AF41+(1/60) -> 0.48333333 | AG42: La empresa no cuenta con liquidez suficiente para realizar sus actividades y por ende no pagar sus deudas. | AH42: . | AI42: 29 | AJ42: 0.29 | AK42: La empresa muestra un buen resultado ya que las deudas representan la menor parte de los activos, y podra mantenerse y cumplir con sus obligaciones. | AL42: . | AM42: 2.9 | AN42: 0.29 | AO42: La empresa posee una exelente capacidad de ganancias retenidas sobre los ingresos. | AP42: . | AQ42: 2.9 | AR42: 0.29 | AS42: Existe una optima administración de los recursos, por lo que a partir de sus gastos efectuados el negocio puede cubrir sus costos y gastos y contar con un margen de utilidad. | AT42: . | AU42: .
B43: 0.3 | C43: =(1/130)+C42 -> 0.23076923 | D43: Deficiente | E43: 0.3 | F43: ROE por encima de los estándares óptimos, Gran trabajo | G43: . | H43: 0.3 | I43: =(1/110)+I42 -> 0.27272727 | J43: Deficiente | K43: 0.3 | L43: Se detectó un activo muy bajo se recomienda mejorar el control de ellos | O43: 0.3 | P43: Se detectó un ROA alto significá que la empresa es capaz de generar más dinero con menor inversión. Felicitaciones | R43: 0.3 | S43: Se detectó una rotación de activos baja lo que podría indicar que la compañía tiene mucho capital inutilizado en sus activos | T43: . | Y43: 30 | Z43: 1 | AA43: Óptimo | AB43: 30 | AC43: La política de cobro de la empresa es eficiente pues hace efectivo la cuenta por cobrar rápidamente. | AD43: . | AE43: 30 | AF43: =AF42+(1/60) -> 0.5 | AG43: La empresa no cuenta con liquidez suficiente para realizar sus actividades y por ende no pagar sus deudas. | AH43: . | AI43: 30 | AJ43: 0.3 | AK43: La empresa muestra un buen resultado ya que las deudas representan la menor parte de los activos, y podra mantenerse y cumplir con sus obligaciones. | AL43: . | AM43: 3 | AN43: 0.3 | AO43: La empresa posee una exelente capacidad de ganancias retenidas sobre los ingresos. | AP43: . | AQ43: 3 | AR43: 0.3 | AS43: Existe una optima administración de los recursos, por lo que a partir de sus gastos efectuados el negocio puede cubrir sus costos y gastos y contar con un margen de utilidad. | AT43: . | AU43: .
B44: 0.31 | C44: =(1/130)+C43 -> 0.23846154 | D44: Deficiente | E44: 0.31 | F44: ROE por encima de los estándares óptimos, Gran trabajo | G44: . | H44: 0.31 | I44: =(1/110)+I43 -> 0.28181818 | J44: Deficiente | K44: 0.31 | L44: Se detectó un activo muy bajo se recomienda mejorar el control de ellos | O44: 0.31 | P44: Se detectó un ROA alto significá que la empresa es capaz de generar más dinero con menor inversión. Felicitaciones | R44: 0.31 | S44: Se detectó una rotación de activos baja lo que podría indicar que la compañía tiene mucho capital inutilizado en sus activos | T44: . | Y44: 31 | Z44: 1 | AA44: Óptimo | AB44: 31 | AC44: La política de cobro de la empresa es eficiente pues hace efectivo la cuenta por cobrar rápidamente. | AD44: . | AE44: 31 | AF44: =AF43+(1/60) -> 0.51666667 | AG44: La empresa no cuenta con liquidez suficiente para realizar sus actividades y por ende no pagar sus deudas. | AH44: . | AI44: 31 | AJ44: 0.31 | AK44: La empresa muestra un buen resultado ya que las deudas representan la menor parte de los activos, y podra mantenerse y cumplir con sus obligaciones. | AL44: . | AM44: 3.1 | AN44: 0.31 | AO44: La empresa posee una exelente capacidad de ganancias retenidas sobre los ingresos. | AP44: . | AQ44: 3.1 | AR44: 0.31 | AS44: Existe una optima administración de los recursos, por lo que a partir de sus gastos efectuados el negocio puede cubrir sus costos y gastos y contar con un margen de utilidad. | AT44: . | AU44: .
B45: 0.32 | C45: =(1/130)+C44 -> 0.24615385 | D45: Deficiente | E45: 0.32 | F45: ROE por encima de los estándares óptimos, Gran trabajo | G45: . | H45: 0.32 | I45: =(1/110)+I44 -> 0.29090909 | J45: Deficiente | K45: 0.32 | L45: Se detectó un activo muy bajo se recomienda mejorar el control de ellos | O45: 0.32 | P45: Se detectó un ROA alto significá que la empresa es capaz de generar más dinero con menor inversión. Felicitaciones | R45: 0.32 | S45: Se detectó una rotación de activos baja lo que podría indicar que la compañía tiene mucho capital inutilizado en sus activos | T45: . | Y45: 32 | Z45: 1 | AA45: Óptimo | AB45: 32 | AC45: La política de cobro de la empresa es eficiente pues hace efectivo la cuenta por cobrar rápidamente. | AD45: . | AE45: 32 | AF45: =AF44+(1/60) -> 0.53333333 | AG45: La empresa no cuenta con liquidez suficiente para realizar sus actividades y por ende no pagar sus deudas. | AH45: . | AI45: 32 | AJ45: 0.32 | AK45: La empresa muestra un buen resultado ya que las deudas representan la menor parte de los activos, y podra mantenerse y cumplir con sus obligaciones. | AL45: . | AM45: 3.2 | AN45: 0.32 | AO45: La empresa posee una exelente capacidad de ganancias retenidas sobre los ingresos. | AP45: . | AQ45: 3.2 | AR45: 0.32 | AS45: Existe una optima administración de los recursos, por lo que a partir de sus gastos efectuados el negocio puede cubrir sus costos y gastos y contar con un margen de utilidad. | AT45: . | AU45: .
B46: 0.33 | C46: =(1/130)+C45 -> 0.25384615 | D46: Deficiente | E46: 0.33 | F46: ROE por encima de los estándares óptimos, Gran trabajo | G46: . | H46: 0.33 | I46: =(1/110)+I45 -> 0.3 | J46: Deficiente | K46: 0.33 | L46: Se detectó un activo muy bajo se recomienda mejorar el control de ellos | O46: 0.33 | P46: Se detectó un ROA alto significá que la empresa es capaz de generar más dinero con menor inversión. Felicitaciones | R46: 0.33 | S46: Se detectó una rotación de activos baja lo que podría indicar que la compañía tiene mucho capital inutilizado en sus activos | T46: . | Y46: 33 | Z46: 1 | AA46: Óptimo | AB46: 33 | AC46: La política de cobro de la empresa es eficiente pues hace efectivo la cuenta por cobrar rápidamente. | AD46: . | AE46: 33 | AF46: =AF45+(1/60) -> 0.55 | AG46: La empresa no cuenta con liquidez suficiente para realizar sus actividades y por ende no pagar sus deudas. | AH46: . | AI46: 33 | AJ46: 0.33 | AK46: La empresa muestra un buen resultado ya que las deudas representan la menor parte de los activos, y podra mantenerse y cumplir con sus obligaciones. | AL46: . | AM46: 3.3 | AN46: 0.33 | AO46: La empresa posee una exelente capacidad de ganancias retenidas sobre los ingresos. | AP46: . | AQ46: 3.3 | AR46: 0.33 | AS46: Existe una optima administración de los recursos, por lo que a partir de sus gastos efectuados el negocio puede cubrir sus costos y gastos y contar con un margen de utilidad. | AT46: . | AU46: .
B47: 0.34 | C47: =(1/130)+C46 -> 0.26153846 | D47: Deficiente | E47: 0.34 | F47: ROE por encima de los estándares óptimos, Gran trabajo | G47: . | H47: 0.34 | I47: =(1/110)+I46 -> 0.30909091 | J47: Deficiente | K47: 0.34 | L47: Se detectó un activo muy bajo se recomienda mejorar el control de ellos | O47: 0.34 | P47: Se detectó un ROA alto significá que la empresa es capaz de generar más dinero con menor inversión. Felicitaciones | R47: 0.34 | S47: Se detectó una rotación de activos baja lo que podría indicar que la compañía tiene mucho capital inutilizado en sus activos | T47: . | Y47: 34 | Z47: 1 | AA47: Óptimo | AB47: 34 | AC47: La política de cobro de la empresa es eficiente pues hace efectivo la cuenta por cobrar rápidamente. | AD47: . | AE47: 34 | AF47: =AF46+(1/60) -> 0.56666667 | AG47: La empresa no cuenta con liquidez suficiente para realizar sus actividades y por ende no pagar sus deudas. | AH47: . | AI47: 34 | AJ47: 0.34 | AK47: La empresa muestra un buen resultado ya que las deudas representan la menor parte de los activos, y podra mantenerse y cumplir con sus obligaciones. | AL47: . | AM47: 3.4 | AN47: 0.34 | AO47: La empresa posee una exelente capacidad de ganancias retenidas sobre los ingresos. | AP47: . | AQ47: 3.4 | AR47: 0.34 | AS47: Existe una optima administración de los recursos, por lo que a partir de sus gastos efectuados el negocio puede cubrir sus costos y gastos y contar con un margen de utilidad. | AT47: . | AU47: .
B48: 0.35 | C48: =(1/130)+C47 -> 0.26923077 | D48: Deficiente | E48: 0.35 | F48: ROE por encima de los estándares óptimos, Gran trabajo | G48: . | H48: 0.35 | I48: =(1/110)+I47 -> 0.31818182 | J48: Deficiente | K48: 0.35 | L48: Se detectó un activo muy bajo se recomienda mejorar el control de ellos | O48: 0.35 | P48: Se detectó un ROA alto significá que la empresa es capaz de generar más dinero con menor inversión. Felicitaciones | R48: 0.35 | S48: Se detectó una rotación de activos baja lo que podría indicar que la compañía tiene mucho capital inutilizado en sus activos | T48: . | Y48: 35 | Z48: 1 | AA48: Óptimo | AB48: 35 | AC48: La política de cobro de la empresa es eficiente pues hace efectivo la cuenta por cobrar rápidamente. | AD48: . | AE48: 35 | AF48: =AF47+(1/60) -> 0.58333333 | AG48: La empresa no cuenta con liquidez suficiente para realizar sus actividades y por ende no pagar sus deudas. | AH48: . | AI48: 35 | AJ48: 0.35 | AK48: La empresa muestra un buen resultado ya que las deudas representan la menor parte de los activos, y podra mantenerse y cumplir con sus obligaciones. | AL48: . | AM48: 3.5 | AN48: 0.35 | AO48: La empresa posee una exelente capacidad de ganancias retenidas sobre los ingresos. | AP48: . | AQ48: 3.5 | AR48: 0.35 | AS48: Existe una optima administración de los recursos, por lo que a partir de sus gastos efectuados el negocio puede cubrir sus costos y gastos y contar con un margen de utilidad. | AT48: . | AU48: .
B49: 0.36 | C49: =(1/130)+C48 -> 0.27692308 | D49: Deficiente | E49: 0.36 | F49: ROE por encima de los estándares óptimos, Gran trabajo | G49: . | H49: 0.36 | I49: =(1/110)+I48 -> 0.32727273 | J49: Deficiente | K49: 0.36 | L49: Se detectó un activo muy bajo se recomienda mejorar el control de ellos | O49: 0.36 | P49: Se detectó un ROA alto significá que la empresa es capaz de generar más dinero con menor inversión. Felicitaciones | R49: 0.36 | S49: Se detectó una rotación de activos baja lo que podría indicar que la compañía tiene mucho capital inutilizado en sus activos | T49: . | Y49: 36 | Z49: 1 | AA49: Óptimo | AB49: 36 | AC49: La política de cobro de la empresa es eficiente pues hace efectivo la cuenta por cobrar rápidamente. | AD49: . | AE49: 36 | AF49: =AF48+(1/60) -> 0.6 | AG49: La empresa no cuenta con liquidez suficiente para realizar sus actividades y por ende no pagar sus deudas. | AH49: . | AI49: 36 | AJ49: 0.36 | AK49: La empresa muestra un buen resultado ya que las deudas representan la menor parte de los activos, y podra mantenerse y cumplir con sus obligaciones. | AL49: . | AM49: 3.6 | AN49: 0.36 | AO49: La empresa posee una exelente capacidad de ganancias retenidas sobre los ingresos. | AP49: . | AQ49: 3.6 | AR49: 0.36 | AS49: Existe una optima administración de los recursos, por lo que a partir de sus gastos efectuados el negocio puede cubrir sus costos y gastos y contar con un margen de utilidad. | AT49: . | AU49: .
B50: 0.37 | C50: =(1/130)+C49 -> 0.28461538 | D50: Deficiente | E50: 0.37 | F50: ROE por encima de los estándares óptimos, Gran trabajo | G50: . | H50: 0.37 | I50: =(1/110)+I49 -> 0.33636364 | J50: Deficiente | K50: 0.37 | L50: Se detectó un activo muy bajo se recomienda mejorar el control de ellos | O50: 0.37 | P50: Se detectó un ROA alto significá que la empresa es capaz de generar más dinero con menor inversión. Felicitaciones | R50: 0.37 | S50: Se detectó una rotación de activos baja lo que podría indicar que la compañía tiene mucho capital inutilizado en sus activos | T50: . | Y50: 37 | Z50: 1 | AA50: Óptimo | AB50: 37 | AC50: La política de cobro de la empresa es eficiente pues hace efectivo la cuenta por cobrar rápidamente. | AD50: . | AE50: 37 | AF50: =AF49+(1/60) -> 0.61666667 | AG50: La empresa no cuenta con liquidez suficiente para realizar sus actividades y por ende no pagar sus deudas. | AH50: . | AI50: 37 | AJ50: 0.37 | AK50: La empresa muestra un buen resultado ya que las deudas representan la menor parte de los activos, y podra mantenerse y cumplir con sus obligaciones. | AL50: . | AM50: 3.7 | AN50: 0.37 | AO50: La empresa posee una exelente capacidad de ganancias retenidas sobre los ingresos. | AP50: . | AQ50: 3.7 | AR50: 0.37 | AS50: Existe una optima administración de los recursos, por lo que a partir de sus gastos efectuados el negocio puede cubrir sus costos y gastos y contar con un margen de utilidad. | AT50: . | AU50: .
B51: 0.38 | C51: =(1/130)+C50 -> 0.29230769 | D51: Deficiente | E51: 0.38 | F51: ROE por encima de los estándares óptimos, Gran trabajo | G51: . | H51: 0.38 | I51: =(1/110)+I50 -> 0.34545455 | J51: Deficiente | K51: 0.38 | L51: Se detectó un activo muy bajo se recomienda mejorar el control de ellos | O51: 0.38 | P51: Se detectó un ROA alto significá que la empresa es capaz de generar más dinero con menor inversión. Felicitaciones | R51: 0.38 | S51: Se detectó una rotación de activos baja lo que podría indicar que la compañía tiene mucho capital inutilizado en sus activos | T51: . | Y51: 38 | Z51: 1 | AA51: Óptimo | AB51: 38 | AC51: La política de cobro de la empresa es eficiente pues hace efectivo la cuenta por cobrar rápidamente. | AD51: . | AE51: 38 | AF51: =AF50+(1/60) -> 0.63333333 | AG51: La empresa no cuenta con liquidez suficiente para realizar sus actividades y por ende no pagar sus deudas. | AH51: . | AI51: 38 | AJ51: 0.38 | AK51: La empresa muestra un buen resultado ya que las deudas representan la menor parte de los activos, y podra mantenerse y cumplir con sus obligaciones. | AL51: . | AM51: 3.8 | AN51: 0.38 | AO51: La empresa posee una exelente capacidad de ganancias retenidas sobre los ingresos. | AP51: . | AQ51: 3.8 | AR51: 0.38 | AS51: Existe una optima administración de los recursos, por lo que a partir de sus gastos efectuados el negocio puede cubrir sus costos y gastos y contar con un margen de utilidad. | AT51: . | AU51: .
B52: 0.39 | C52: =(1/130)+C51 -> 0.3 | D52: Deficiente | E52: 0.39 | F52: ROE por encima de los estándares óptimos, Gran trabajo | G52: . | H52: 0.39 | I52: =(1/110)+I51 -> 0.35454545 | J52: Deficiente | K52: 0.39 | L52: Se detectó un activo muy bajo se recomienda mejorar el control de ellos | O52: 0.39 | P52: Se detectó un ROA alto significá que la empresa es capaz de generar más dinero con menor inversión. Felicitaciones | R52: 0.39 | S52: Se detectó una rotación de activos baja lo que podría indicar que la compañía tiene mucho capital inutilizado en sus activos | T52: . | Y52: 39 | Z52: 1 | AA52: Óptimo | AB52: 39 | AC52: La política de cobro de la empresa es eficiente pues hace efectivo la cuenta por cobrar rápidamente. | AD52: . | AE52: 39 | AF52: =AF51+(1/60) -> 0.65 | AG52: La empresa no cuenta con liquidez suficiente para realizar sus actividades y por ende no pagar sus deudas. | AH52: . | AI52: 39 | AJ52: 0.39 | AK52: La empresa muestra un buen resultado ya que las deudas representan la menor parte de los activos, y podra mantenerse y cumplir con sus obligaciones. | AL52: . | AM52: 3.9 | AN52: 0.39 | AO52: La empresa posee una exelente capacidad de ganancias retenidas sobre los ingresos. | AP52: . | AQ52: 3.9 | AR52: 0.39 | AS52: Existe una optima administración de los recursos, por lo que a partir de sus gastos efectuados el negocio puede cubrir sus costos y gastos y contar con un margen de utilidad. | AT52: . | AU52: .
B53: 0.4 | C53: =(1/130)+C52 -> 0.30769231 | D53: Deficiente | E53: 0.4 | F53: ROE por encima de los estándares óptimos, Gran trabajo | G53: . | H53: 0.4 | I53: =(1/110)+I52 -> 0.36363636 | J53: Deficiente | K53: 0.4 | L53: Se detectó un activo muy bajo se recomienda mejorar el control de ellos | O53: 0.4 | P53: Se detectó un ROA alto significá que la empresa es capaz de generar más dinero con menor inversión. Felicitaciones | R53: 0.4 | S53: Se detectó una rotación de activos baja lo que podría indicar que la compañía tiene mucho capital inutilizado en sus activos | T53: . | Y53: 40 | Z53: 1 | AA53: Óptimo | AB53: 40 | AC53: La política de cobro de la empresa es eficiente pues hace efectivo la cuenta por cobrar rápidamente. | AD53: . | AE53: 40 | AF53: =AF52+(1/60) -> 0.66666667 | AG53: La empresa no cuenta con liquidez suficiente para realizar sus actividades y por ende no pagar sus deudas. | AH53: . | AI53: 40 | AJ53: 0.4 | AK53: La empresa muestra un buen resultado ya que las deudas representan la menor parte de los activos, y podra mantenerse y cumplir con sus obligaciones. | AL53: . | AM53: 4 | AN53: 0.4 | AO53: La empresa posee una exelente capacidad de ganancias retenidas sobre los ingresos. | AP53: . | AQ53: 4 | AR53: 0.4 | AS53: Existe una optima administración de los recursos, por lo que a partir de sus gastos efectuados el negocio puede cubrir sus costos y gastos y contar con un margen de utilidad. | AT53: . | AU53: .
B54: 0.41 | C54: =(1/130)+C53 -> 0.31538462 | D54: Deficiente | E54: 0.41 | F54: ROE por encima de los estándares óptimos, Gran trabajo | G54: . | H54: 0.41 | I54: =(1/110)+I53 -> 0.37272727 | J54: Deficiente | K54: 0.41 | L54: Se detectó un activo muy bajo se recomienda mejorar el control de ellos | O54: 0.41 | P54: Se detectó un ROA alto significá que la empresa es capaz de generar más dinero con menor inversión. Felicitaciones | R54: 0.41 | S54: Se detectó una rotación de activos baja lo que podría indicar que la compañía tiene mucho capital inutilizado en sus activos | T54: . | Y54: 41 | Z54: 1 | AA54: Óptimo | AB54: 41 | AC54: La política de cobro de la empresa es eficiente pues hace efectivo la cuenta por cobrar rápidamente. | AD54: . | AE54: 41 | AF54: =AF53+(1/60) -> 0.68333333 | AG54: La empresa no cuenta con liquidez suficiente para realizar sus actividades y por ende no pagar sus deudas. | AH54: . | AI54: 41 | AJ54: 0.41 | AK54: La empresa muestra un buen resultado ya que las deudas representan la menor parte de los activos, y podra mantenerse y cumplir con sus obligaciones. | AL54: . | AM54: 4.1 | AN54: 0.41 | AO54: La empresa posee una exelente capacidad de ganancias retenidas sobre los ingresos. | AP54: . | AQ54: 4.1 | AR54: 0.41 | AS54: Existe una optima administración de los recursos, por lo que a partir de sus gastos efectuados el negocio puede cubrir sus costos y gastos y contar con un margen de utilidad. | AT54: . | AU54: .
... B72: 0.59 | C72: =(1/130)+C71 -> 0.45384615 | D72: Deficiente | E72: 0.59 | F72: ROE por encima de los estándares óptimos, Gran trabajo | G72: . | H72: 0.59 | I72: =(1/110)+I71 -> 0.53636364 | J72: Deficiente | K72: 0.59 | L72: Se detectó un activo muy bajo se recomienda mejorar el control de ellos | O72: 0.59 | P72: Se detectó un ROA alto significá que la empresa es capaz de generar más dinero con menor inversión. Felicitaciones | R72: 0.59 | S72: Se detectó una rotación de activos baja lo que podría indicar que la compañía tiene mucho capital inutilizado en sus activos | T72: . | Y72: 59 | Z72: 1 | AA72: Óptimo | AB72: 59 | AC72: La política de cobro de la empresa es eficiente pues hace efectivo la cuenta por cobrar rápidamente. | AD72: . | AE72: 59 | AF72: =AF71+(1/60) -> 0.98333333 | AG72: La empresa no cuenta con liquidez suficiente para realizar sus actividades y por ende no pagar sus deudas. | AH72: . | AI72: 59 | AJ72: 0.59 | AK72: La empresa muestra un resultado optimo ya que las deudas representan la menor parte de los activos, y podra mantenerse y cumplir con sus obligaciones. | AL72: . | AM72: 5.9 | AN72: 0.59 | AO72: La empresa posee una exelente capacidad de ganancias retenidas sobre los ingresos. | AP72: . | AQ72: 5.9 | AR72: 0.59 | AS72: Existe una optima administración de los recursos, por lo que a partir de sus gastos efectuados el negocio puede cubrir sus costos y gastos y contar con un margen de utilidad. | AT72: . | AU72: .
B73: 0.6 | C73: =(1/130)+C72 -> 0.46153846 | D73: Deficiente | E73: 0.6 | F73: ROE por encima de los estándares óptimos, Gran trabajo | G73: . | H73: 0.6 | I73: =(1/110)+I72 -> 0.54545455 | J73: Deficiente | K73: 0.6 | L73: Se detectó un activo muy bajo se recomienda mejorar el control de ellos | O73: 0.6 | P73: Se detectó un ROA alto significá que la empresa es capaz de generar más dinero con menor inversión. Felicitaciones | R73: 0.6 | S73: Se detectó una rotación de activos baja lo que podría indicar que la compañía tiene mucho capital inutilizado en sus activos | T73: . | Y73: 60 | Z73: 1 | AA73: Óptimo | AB73: 60 | AC73: La política de cobro de la empresa es eficiente pues hace efectivo la cuenta por cobrar rápidamente. | AD73: . | AE73: 60 | AF73: 1 | AG73: La empresa no cuenta con liquidez suficiente para realizar sus actividades y por ende no pagar sus deudas. | AH73: . | AI73: 60 | AJ73: 0.6 | AK73: La empresa muestra un resultado optimo ya que las deudas representan la menor parte de los activos, y podra mantenerse y cumplir con sus obligaciones. | AL73: . | AM73: 6 | AN73: 0.6 | AO73: La empresa posee una exelente capacidad de ganancias retenidas sobre los ingresos. | AP73: . | AQ73: 6 | AR73: 0.6 | AS73: Existe una optima administración de los recursos, por lo que a partir de sus gastos efectuados el negocio puede cubrir sus costos y gastos y contar con un margen de utilidad. | AT73: . | AU73: .
B74: 0.61 | C74: =(1/130)+C73 -> 0.46923077 | D74: Deficiente | E74: 0.61 | F74: ROE por encima de los estándares óptimos, Gran trabajo | G74: . | H74: 0.61 | I74: =(1/110)+I73 -> 0.55454545 | J74: Deficiente | K74: 0.61 | L74: Se detectó un activo muy bajo se recomienda mejorar el control de ellos | O74: 0.61 | P74: Se detectó un ROA alto significá que la empresa es capaz de generar más dinero con menor inversión. Felicitaciones | R74: 0.61 | S74: Se detectó una rotación de activos baja lo que podría indicar que la compañía tiene mucho capital inutilizado en sus activos | T74: . | Y74: 61 | Z74: =1-(1/60) -> 0.98333333 | AA74: Óptimo | AB74: 61 | AC74: La política de cobro de la empresa es eficiente pues hace efectivo la cuenta por cobrar rápidamente. | AD74: . | AE74: 61 | AF74: 1.02 | AG74: La empresa no cuenta con liquidez suficiente para realizar sus actividades y por ende no pagar sus deudas. | AH74: . | AI74: 61 | AJ74: 0.61 | AK74: La empresa muestra un resultado optimo ya que las deudas representan la menor parte de los activos, y podra mantenerse y cumplir con sus obligaciones. | AL74: . | AM74: 6.1 | AN74: 0.61 | AO74: La empresa posee una exelente capacidad de ganancias retenidas sobre los ingresos. | AP74: . | AQ74: 6.1 | AR74: 0.61 | AS74: Existe una optima administración de los recursos, por lo que a partir de sus gastos efectuados el negocio puede cubrir sus costos y gastos y contar con un margen de utilidad. | AT74: . | AU74: .
B75: 0.62 | C75: =(1/130)+C74 -> 0.47692308 | D75: Deficiente | E75: 0.62 | F75: ROE por encima de los estándares óptimos, Gran trabajo | G75: . | H75: 0.62 | I75: =(1/110)+I74 -> 0.56363636 | J75: Deficiente | K75: 0.62 | L75: Se detectó un activo muy bajo se recomienda mejorar el control de ellos | O75: 0.62 | P75: Se detectó un ROA alto significá que la empresa es capaz de generar más dinero con menor inversión. Felicitaciones | R75: 0.62 | S75: Se detectó una rotación de activos baja lo que podría indicar que la compañía tiene mucho capital inutilizado en sus activos | T75: . | Y75: 62 | Z75: =Z74-(1/60) -> 0.96666667 | AA75: Óptimo | AB75: 62 | AC75: La política de cobro de la empresa es eficiente pues hace efectivo la cuenta por cobrar rápidamente. | AD75: . | AE75: 62 | AF75: 1.04 | AG75: La empresa no cuenta con liquidez suficiente para realizar sus actividades y por ende no pagar sus deudas. | AH75: . | AI75: 62 | AJ75: 0.62 | AK75: La empresa muestra un resultado optimo ya que las deudas representan la menor parte de los activos, y podra mantenerse y cumplir con sus obligaciones. | AL75: . | AM75: 6.2 | AN75: 0.62 | AO75: La empresa posee una exelente capacidad de ganancias retenidas sobre los ingresos. | AP75: . | AQ75: 6.2 | AR75: 0.62 | AS75: Existe una optima administración de los recursos, por lo que a partir de sus gastos efectuados el negocio puede cubrir sus costos y gastos y contar con un margen de utilidad. | AT75: . | AU75: .
B76: 0.63 | C76: =(1/130)+C75 -> 0.48461538 | D76: Deficiente | E76: 0.63 | F76: ROE por encima de los estándares óptimos, Gran trabajo | G76: . | H76: 0.63 | I76: =(1/110)+I75 -> 0.57272727 | J76: Deficiente | K76: 0.63 | L76: Se detectó un activo muy bajo se recomienda mejorar el control de ellos | O76: 0.63 | P76: Se detectó un ROA alto significá que la empresa es capaz de generar más dinero con menor inversión. Felicitaciones | R76: 0.63 | S76: Se detectó una rotación de activos baja lo que podría indicar que la compañía tiene mucho capital inutilizado en sus activos | T76: . | Y76: 63 | Z76: =Z75-(1/60) -> 0.95 | AA76: Óptimo | AB76: 63 | AC76: La política de cobro de la empresa es eficiente pues hace efectivo la cuenta por cobrar rápidamente. | AD76: . | AE76: 63 | AF76: 1.06 | AG76: La empresa no cuenta con liquidez suficiente para realizar sus actividades y por ende no pagar sus deudas. | AH76: . | AI76: 63 | AJ76: 0.63 | AK76: La empresa muestra un resultado optimo ya que las deudas representan la menor parte de los activos, y podra mantenerse y cumplir con sus obligaciones. | AL76: . | AM76: 6.3 | AN76: 0.63 | AO76: La empresa posee una exelente capacidad de ganancias retenidas sobre los ingresos. | AP76: . | AQ76: 6.3 | AR76: 0.63 | AS76: Existe una optima administración de los recursos, por lo que a partir de sus gastos efectuados el negocio puede cubrir sus costos y gastos y contar con un margen de utilidad. | AT76: . | AU76: .
B77: 0.64 | C77: =(1/130)+C76 -> 0.49230769 | D77: Deficiente | E77: 0.64 | F77: ROE por encima de los estándares óptimos, Gran trabajo | G77: . | H77: 0.64 | I77: =(1/110)+I76 -> 0.58181818 | J77: Deficiente | K77: 0.64 | L77: Se detectó un activo muy bajo se recomienda mejorar el control de ellos | O77: 0.64 | P77: Se detectó un ROA alto significá que la empresa es capaz de generar más dinero con menor inversión. Felicitaciones | R77: 0.64 | S77: Se detectó una rotación de activos baja lo que podría indicar que la compañía tiene mucho capital inutilizado en sus activos | T77: . | Y77: 64 | Z77: =Z76-(1/60) -> 0.93333333 | AA77: Óptimo | AB77: 64 | AC77: La política de cobro de la empresa es eficiente pues hace efectivo la cuenta por cobrar rápidamente. | AD77: . | AE77: 64 | AF77: 1.08 | AG77: La empresa no cuenta con liquidez suficiente para realizar sus actividades y por ende no pagar sus deudas. | AH77: . | AI77: 64 | AJ77: 0.64 | AK77: La empresa muestra un resultado optimo ya que las deudas representan la menor parte de los activos, y podra mantenerse y cumplir con sus obligaciones. | AL77: . | AM77: 6.4 | AN77: 0.64 | AO77: La empresa posee una exelente capacidad de ganancias retenidas sobre los ingresos. | AP77: . | AQ77: 6.4 | AR77: 0.64 | AS77: Existe una optima administración de los recursos, por lo que a partir de sus gastos efectuados el negocio puede cubrir sus costos y gastos y contar con un margen de utilidad. | AT77: . | AU77: .
B78: 0.65 | C78: =(1/130)+C77 -> 0.5 | D78: Deficiente | E78: 0.65 | F78: ROE por encima de los estándares óptimos, Gran trabajo | G78: . | H78: 0.65 | I78: =(1/110)+I77 -> 0.59090909 | J78: Deficiente | K78: 0.65 | L78: Se detectó un activo muy bajo se recomienda mejorar el control de ellos | O78: 0.65 | P78: Se detectó un ROA alto significá que la empresa es capaz de generar más dinero con menor inversión. Felicitaciones | R78: 0.65 | S78: Se detectó una rotación de activos baja lo que podría indicar que la compañía tiene mucho capital inutilizado en sus activos | T78: . | Y78: 65 | Z78: =Z77-(1/60) -> 0.91666667 | AA78: Óptimo | AB78: 65 | AC78: La política de cobro de la empresa es eficiente pues hace efectivo la cuenta por cobrar rápidamente. | AD78: . | AE78: 65 | AF78: 1.1 | AG78: La empresa cuenta con buena liquidez y asi asumir oportunamente el pago de sus deudas. | AH78: . | AI78: 65 | AJ78: 0.65 | AK78: La empresa muestra un resultado optimo ya que las deudas representan la menor parte de los activos, y podra mantenerse y cumplir con sus obligaciones. | AL78: . | AM78: 6.5 | AN78: 0.65 | AO78: La empresa posee una exelente capacidad de ganancias retenidas sobre los ingresos. | AP78: . | AQ78: 6.5 | AR78: 0.65 | AS78: Existe una optima administración de los recursos, por lo que a partir de sus gastos efectuados el negocio puede cubrir sus costos y gastos y contar con un margen de utilidad. | AT78: . | AU78: .
B79: 0.66 | C79: =(1/130)+C78 -> 0.50769231 | D79: Deficiente | E79: 0.66 | F79: ROE por encima de los estándares óptimos, Gran trabajo | G79: . | H79: 0.66 | I79: =(1/110)+I78 -> 0.6 | J79: Deficiente | K79: 0.66 | L79: Se detectó un activo muy bajo se recomienda mejorar el control de ellos | O79: 0.66 | P79: Se detectó un ROA alto significá que la empresa es capaz de generar más dinero con menor inversión. Felicitaciones | R79: 0.66 | S79: Se detectó una rotación de activos baja lo que podría indicar que la compañía tiene mucho capital inutilizado en sus activos | T79: . | Y79: 66 | Z79: =Z78-(1/60) -> 0.9 | AA79: Estable | AB79: 66 | AC79: La política de cobro de la empresa es medianamente eficiente pues hace efectivo la cuenta por cobrar rápidamente. | AD79: . | AE79: 66 | AF79: 1.12 | AG79: La empresa cuenta con buena liquidez y asi asumir oportunamente el pago de sus deudas. | AH79: . | AI79: 66 | AJ79: 0.66 | AK79: La empresa muestra un resultado optimo ya que las deudas representan la menor parte de los activos, y podra mantenerse y cumplir con sus obligaciones. | AL79: . | AM79: 6.6 | AN79: 0.66 | AO79: La empresa posee una exelente capacidad de ganancias retenidas sobre los ingresos. | AP79: . | AQ79: 6.6 | AR79: 0.66 | AS79: Existe una optima administración de los recursos, por lo que a partir de sus gastos efectuados el negocio puede cubrir sus costos y gastos y contar con un margen de utilidad. | AT79: . | AU79: .
B80: 0.67 | C80: =(1/130)+C79 -> 0.51538462 | D80: Deficiente | E80: 0.67 | F80: ROE por encima de los estándares óptimos, Gran trabajo | G80: . | H80: 0.67 | I80: =(1/110)+I79 -> 0.60909091 | J80: Deficiente | K80: 0.67 | L80: Se detectó un activo muy bajo se recomienda mejorar el control de ellos | O80: 0.67 | P80: Se detectó un ROA alto significá que la empresa es capaz de generar más dinero con menor inversión. Felicitaciones | R80: 0.67 | S80: Se detectó una rotación de activos baja lo que podría indicar que la compañía tiene mucho capital inutilizado en sus activos | T80: . | Y80: 67 | Z80: =Z79-(1/60) -> 0.88333333 | AA80: Estable | AB80: 67 | AC80: La política de cobro de la empresa es medianamente eficiente pues hace efectivo la cuenta por cobrar rápidamente. | AD80: . | AE80: 67 | AF80: 1.14 | AG80: La empresa cuenta con buena liquidez y asi asumir oportunamente el pago de sus deudas. | AH80: . | AI80: 67 | AJ80: 0.67 | AK80: La empresa muestra un resultado optimo ya que las deudas representan la menor parte de los activos, y podra mantenerse y cumplir con sus obligaciones. | AL80: . | AM80: 6.7 | AN80: 0.67 | AO80: La empresa posee una exelente capacidad de ganancias retenidas sobre los ingresos. | AP80: . | AQ80: 6.7 | AR80: 0.67 | AS80: Existe una optima administración de los recursos, por lo que a partir de sus gastos efectuados el negocio puede cubrir sus costos y gastos y contar con un margen de utilidad. | AT80: . | AU80: .
B81: 0.68 | C81: =(1/130)+C80 -> 0.52307692 | D81: Deficiente | E81: 0.68 | F81: ROE por encima de los estándares óptimos, Gran trabajo | G81: . | H81: 0.68 | I81: =(1/110)+I80 -> 0.61818182 | J81: Deficiente | K81: 0.68 | L81: Se detectó un activo muy bajo se recomienda mejorar el control de ellos | O81: 0.68 | P81: Se detectó un ROA alto significá que la empresa es capaz de generar más dinero con menor inversión. Felicitaciones | R81: 0.68 | S81: Se detectó una rotación de activos baja lo que podría indicar que la compañía tiene mucho capital inutilizado en sus activos | T81: . | Y81: 68 | Z81: =Z80-(1/60) -> 0.86666667 | AA81: Estable | AB81: 68 | AC81: La política de cobro de la empresa es medianamente eficiente pues hace efectivo la cuenta por cobrar rápidamente. | AD81: . | AE81: 68 | AF81: 1.16 | AG81: La empresa cuenta con buena liquidez y asi asumir oportunamente el pago de sus deudas. | AH81: . | AI81: 68 | AJ81: 0.68 | AK81: La empresa muestra un resultado optimo ya que las deudas representan la menor parte de los activos, y podra mantenerse y cumplir con sus obligaciones. | AL81: . | AM81: 6.8 | AN81: 0.68 | AO81: La empresa posee una exelente capacidad de ganancias retenidas sobre los ingresos. | AP81: . | AQ81: 6.8 | AR81: 0.68 | AS81: Existe una optima administración de los recursos, por lo que a partir de sus gastos efectuados el negocio puede cubrir sus costos y gastos y contar con un margen de utilidad. | AT81: . | AU81: .
B82: 0.69 | C82: =(1/130)+C81 -> 0.53076923 | D82: Deficiente | E82: 0.69 | F82: ROE por encima de los estándares óptimos, Gran trabajo | G82: . | H82: 0.69 | I82: =(1/110)+I81 -> 0.62727273 | J82: Deficiente | K82: 0.69 | L82: Se detectó un activo muy bajo se recomienda mejorar el control de ellos | O82: 0.69 | P82: Se detectó un ROA alto significá que la empresa es capaz de generar más dinero con menor inversión. Felicitaciones | R82: 0.69 | S82: Se detectó una rotación de activos baja lo que podría indicar que la compañía tiene mucho capital inutilizado en sus activos | T82: . | Y82: 69 | Z82: =Z81-(1/60) -> 0.85 | AA82: Estable | AB82: 69 | AC82: La política de cobro de la empresa es medianamente eficiente pues hace efectivo la cuenta por cobrar rápidamente. | AD82: . | AE82: 69 | AF82: 1.18 | AG82: La empresa cuenta con buena liquidez y asi asumir oportunamente el pago de sus deudas. | AH82: . | AI82: 69 | AJ82: 0.69 | AK82: La empresa muestra un resultado optimo ya que las deudas representan la menor parte de los activos, y podra mantenerse y cumplir con sus obligaciones. | AL82: . | AM82: 6.9 | AN82: 0.69 | AO82: La empresa posee una exelente capacidad de ganancias retenidas sobre los ingresos. | AP82: . | AQ82: 6.9 | AR82: 0.69 | AS82: Existe una optima administración de los recursos, por lo que a partir de sus gastos efectuados el negocio puede cubrir sus costos y gastos y contar con un margen de utilidad. | AT82: . | AU82: .
B83: 0.7 | C83: =(1/130)+C82 -> 0.53846154 | D83: Deficiente | E83: 0.7 | F83: ROE por encima de los estándares óptimos, Gran trabajo | G83: . | H83: 0.7 | I83: =(1/110)+I82 -> 0.63636364 | J83: Deficiente | K83: 0.7 | L83: Se detectó un activo muy bajo se recomienda mejorar el control de ellos | O83: 0.7 | P83: Se detectó un ROA alto significá que la empresa es capaz de generar más dinero con menor inversión. Felicitaciones | R83: 0.7 | S83: Se detectó una rotación de activos baja lo que podría indicar que la compañía tiene mucho capital inutilizado en sus activos | T83: . | Y83: 70 | Z83: =Z82-(1/60) -> 0.83333333 | AA83: Estable | AB83: 70 | AC83: La política de cobro de la empresa es medianamente eficiente pues hace efectivo la cuenta por cobrar rápidamente. | AD83: . | AE83: 70 | AF83: 1.2 | AG83: La empresa cuenta con buena liquidez y asi asumir oportunamente el pago de sus deudas. | AH83: . | AI83: 70 | AJ83: 0.7 | AK83: La empresa muestra un resultado optimo ya que las deudas representan la menor parte de los activos, y podra mantenerse y cumplir con sus obligaciones. | AL83: . | AM83: 7 | AN83: 0.7 | AO83: La empresa posee una exelente capacidad de ganancias retenidas sobre los ingresos. | AP83: . | AQ83: 7 | AR83: 0.7 | AS83: Existe una optima administración de los recursos, por lo que a partir de sus gastos efectuados el negocio puede cubrir sus costos y gastos y contar con un margen de utilidad. | AT83: . | AU83: .
B84: 0.71 | C84: =(1/130)+C83 -> 0.54615385 | D84: Deficiente | E84: 0.71 | F84: ROE por encima de los estándares óptimos, Gran trabajo | G84: . | H84: 0.71 | I84: =(1/110)+I83 -> 0.64545455 | J84: Deficiente | K84: 0.71 | L84: Se detectó un activo muy bajo se recomienda mejorar el control de ellos | O84: 0.71 | P84: Se detectó un ROA alto significá que la empresa es capaz de generar más dinero con menor inversión. Felicitaciones | R84: 0.71 | S84: Se detectó una rotación de activos baja lo que podría indicar que la compañía tiene mucho capital inutilizado en sus activos | T84: . | Y84: 71 | Z84: =Z83-(1/60) -> 0.81666667 | AA84: Estable | AB84: 71 | AC84: La política de cobro de la empresa es medianamente eficiente pues hace efectivo la cuenta por cobrar rápidamente. | AD84: . | AE84: 71 | AF84: 1.22 | AG84: La empresa cuenta con buena liquidez y asi asumir oportunamente el pago de sus deudas. | AH84: . | AI84: 71 | AJ84: 0.71 | AK84: La empresa muestra un resultado optimo ya que las deudas representan la menor parte de los activos, y podra mantenerse y cumplir con sus obligaciones. | AL84: . | AM84: 7.1 | AN84: 0.71 | AO84: La empresa posee una exelente capacidad de ganancias retenidas sobre los ingresos. | AP84: . | AQ84: 7.1 | AR84: 0.71 | AS84: Existe una optima administración de los recursos, por lo que a partir de sus gastos efectuados el negocio puede cubrir sus costos y gastos y contar con un margen de utilidad. | AT84: . | AU84: .
B85: 0.72 | C85: =(1/130)+C84 -> 0.55384615 | D85: Deficiente | E85: 0.72 | F85: ROE por encima de los estándares óptimos, Gran trabajo | G85: . | H85: 0.72 | I85: =(1/110)+I84 -> 0.65454545 | J85: Deficiente | K85: 0.72 | L85: Se detectó un activo muy bajo se recomienda mejorar el control de ellos | O85: 0.72 | P85: Se detectó un ROA alto significá que la empresa es capaz de generar más dinero con menor inversión. Felicitaciones | R85: 0.72 | S85: Se detectó una rotación de activos baja lo que podría indicar que la compañía tiene mucho capital inutilizado en sus activos | T85: . | Y85: 72 | Z85: =Z84-(1/60) -> 0.8 | AA85: Estable | AB85: 72 | AC85: La política de cobro de la empresa es medianamente eficiente pues hace efectivo la cuenta por cobrar rápidamente. | AD85: . | AE85: 72 | AF85: 1.24 | AG85: La empresa cuenta con buena liquidez y asi asumir oportunamente el pago de sus deudas. | AH85: . | AI85: 72 | AJ85: 0.72 | AK85: La empresa muestra un resultado optimo ya que las deudas representan la menor parte de los activos, y podra mantenerse y cumplir con sus obligaciones. | AL85: . | AM85: 7.2 | AN85: 0.72 | AO85: La empresa posee una exelente capacidad de ganancias retenidas sobre los ingresos. | AP85: . | AQ85: 7.2 | AR85: 0.72 | AS85: Existe una optima administración de los recursos, por lo que a partir de sus gastos efectuados el negocio puede cubrir sus costos y gastos y contar con un margen de utilidad. | AT85: . | AU85: .
B86: 0.73 | C86: =(1/130)+C85 -> 0.56153846 | D86: Deficiente | E86: 0.73 | F86: ROE por encima de los estándares óptimos, Gran trabajo | G86: . | H86: 0.73 | I86: =(1/110)+I85 -> 0.66363636 | J86: Deficiente | K86: 0.73 | L86: Se detectó un activo muy bajo se recomienda mejorar el control de ellos | O86: 0.73 | P86: Se detectó un ROA alto significá que la empresa es capaz de generar más dinero con menor inversión. Felicitaciones | R86: 0.73 | S86: Se detectó una rotación de activos baja lo que podría indicar que la compañía tiene mucho capital inutilizado en sus activos | T86: . | Y86: 73 | Z86: =Z85-(1/60) -> 0.78333333 | AA86: Estable | AB86: 73 | AC86: La política de cobro de la empresa es medianamente eficiente pues hace efectivo la cuenta por cobrar rápidamente. | AD86: . | AE86: 73 | AF86: 1.26 | AG86: La empresa cuenta con buena liquidez y asi asumir oportunamente el pago de sus deudas. | AH86: . | AI86: 73 | AJ86: 0.73 | AK86: La empresa muestra un resultado optimo ya que las deudas representan la menor parte de los activos, y podra mantenerse y cumplir con sus obligaciones. | AL86: . | AM86: 7.3 | AN86: 0.73 | AO86: La empresa posee una exelente capacidad de ganancias retenidas sobre los ingresos. | AP86: . | AQ86: 7.3 | AR86: 0.73 | AS86: Existe una optima administración de los recursos, por lo que a partir de sus gastos efectuados el negocio puede cubrir sus costos y gastos y contar con un margen de utilidad. | AT86: . | AU86: .
... B103: 0.9 | C103: =(1/130)+C102 -> 0.69230769 | D103: Deficiente | E103: 0.9 | F103: ROE por encima de los estándares óptimos, Gran trabajo | G103: . | H103: 0.9 | I103: =(1/110)+I102 -> 0.81818182 | J103: Estable | K103: 0.9 | L103: Se detectó un activo muy bajo se recomienda mejorar el control de ellos | O103: 0.9 | P103: Se detectó un ROA alto significá que la empresa es capaz de generar más dinero con menor inversión. Felicitaciones | R103: 0.9 | S103: Se detectó una rotación de activos baja lo que podría indicar que la compañía tiene mucho capital inutilizado en sus activos | T103: . | Y103: 90 | Z103: =Z102-(1/60) -> 0.5 | AA103: Estable | AB103: 90 | AC103: La política de cobro de la empresa es medianamente eficiente pues hace efectivo la cuenta por cobrar rápidamente. | AD103: . | AE103: 90 | AF103: 1.6 | AG103: La empresa cuenta con buena liquidez y asi asumir oportunamente el pago de sus deudas. | AH103: . | AI103: 90 | AJ103: 0.9 | AK103: La empresa muestra que las deudas representan la mayor parte de los activos, eso significa que una empresa al presentar fluctuaciones con sus ventas, tendrá dificultades para mantenerse y cumplir con sus obligaciones; ya que se traduce que presenta un grado de endeudamiento alto o riesgoso. | AL103: . | AM103: 9 | AN103: 0.9 | AO103: La empresa posee una exelente capacidad de ganancias retenidas sobre los ingresos. | AP103: . | AQ103: 9 | AR103: 0.9 | AS103: Existe una optima administración de los recursos, por lo que a partir de sus gastos efectuados el negocio puede cubrir sus costos y gastos y contar con un margen de utilidad. | AT103: . | AU103: .
B104: 0.91 | C104: =(1/130)+C103 -> 0.7 | D104: Estable | E104: 0.91 | F104: ROE por encima de los estándares óptimos, Gran trabajo | G104: . | H104: 0.91 | I104: =(1/110)+I103 -> 0.82727273 | J104: Estable | K104: 0.91 | L104: Se detectó un activo muy bajo se recomienda mejorar el control de ellos | O104: 0.91 | P104: Se detectó un ROA alto significá que la empresa es capaz de generar más dinero con menor inversión. Felicitaciones | R104: 0.91 | S104: Se detectó una rotación de activos baja lo que podría indicar que la compañía tiene mucho capital inutilizado en sus activos | T104: . | Y104: 91 | Z104: =Z103-(1/60) -> 0.48333333 | AA104: Deficiente | AB104: 91 | AC104: La política de cobro de la empresa es deficiente pues hace efectivo la cuenta por cobrar rápidamente. | AD104: . | AE104: 91 | AF104: 1.62 | AG104: La empresa cuenta con buena liquidez y asi asumir oportunamente el pago de sus deudas. | AH104: . | AJ104: 0.91 | AK104: La empresa muestra que las deudas representan la mayor parte de los activos, eso significa que una empresa al presentar fluctuaciones con sus ventas, tendrá dificultades para mantenerse y cumplir con sus obligaciones; ya que se traduce que presenta un grado de endeudamiento alto o riesgoso. | AM104: 9.1 | AN104: 0.91 | AO104: La empresa posee una exelente capacidad de ganancias retenidas sobre los ingresos. | AP104: . | AQ104: 9.1 | AR104: 0.91 | AS104: Existe una optima administración de los recursos, por lo que a partir de sus gastos efectuados el negocio puede cubrir sus costos y gastos y contar con un margen de utilidad. | AT104: . | AU104: .
B105: 0.92 | C105: =(1/130)+C104 -> 0.70769231 | D105: Estable | E105: 0.92 | F105: ROE por encima de los estándares óptimos, Gran trabajo | G105: . | H105: 0.92 | I105: =(1/110)+I104 -> 0.83636364 | J105: Estable | K105: 0.92 | L105: Se detectó un activo muy bajo se recomienda mejorar el control de ellos | O105: 0.92 | P105: Se detectó un ROA alto significá que la empresa es capaz de generar más dinero con menor inversión. Felicitaciones | R105: 0.92 | S105: Se detectó una rotación de activos baja lo que podría indicar que la compañía tiene mucho capital inutilizado en sus activos | T105: . | Y105: 92 | Z105: =Z104-(1/60) -> 0.46666667 | AA105: Deficiente | AB105: 92 | AC105: La política de cobro de la empresa es deficiente pues hace efectivo la cuenta por cobrar rápidamente. | AD105: . | AE105: 92 | AF105: 1.64 | AG105: La empresa cuenta con buena liquidez y asi asumir oportunamente el pago de sus deudas. | AH105: . | AJ105: 0.92 | AK105: La empresa muestra que las deudas representan la mayor parte de los activos, eso significa que una empresa al presentar fluctuaciones con sus ventas, tendrá dificultades para mantenerse y cumplir con sus obligaciones; ya que se traduce que presenta un grado de endeudamiento alto o riesgoso. | AM105: 9.2 | AN105: 0.92 | AO105: La empresa posee una exelente capacidad de ganancias retenidas sobre los ingresos. | AP105: . | AQ105: 9.2 | AR105: 0.92 | AS105: Existe una optima administración de los recursos, por lo que a partir de sus gastos efectuados el negocio puede cubrir sus costos y gastos y contar con un margen de utilidad. | AT105: . | AU105: .
B106: 0.93 | C106: =(1/130)+C105 -> 0.71538462 | D106: Estable | E106: 0.93 | F106: ROE por encima de los estándares óptimos, Gran trabajo | G106: . | H106: 0.93 | I106: =(1/110)+I105 -> 0.84545455 | J106: Óptimo | K106: 0.93 | L106: Se detectó un activo muy bajo se recomienda mejorar el control de ellos | O106: 0.93 | P106: Se detectó un ROA alto significá que la empresa es capaz de generar más dinero con menor inversión. Felicitaciones | R106: 0.93 | S106: Se detectó una rotación de activos baja lo que podría indicar que la compañía tiene mucho capital inutilizado en sus activos | T106: . | Y106: 93 | Z106: =Z105-(1/60) -> 0.45 | AA106: Deficiente | AB106: 93 | AC106: La política de cobro de la empresa es deficiente pues hace efectivo la cuenta por cobrar rápidamente. | AD106: . | AE106: 93 | AF106: 1.66 | AG106: La empresa cuenta con buena liquidez y asi asumir oportunamente el pago de sus deudas. | AH106: . | AJ106: 0.93 | AK106: La empresa muestra que las deudas representan la mayor parte de los activos, eso significa que una empresa al presentar fluctuaciones con sus ventas, tendrá dificultades para mantenerse y cumplir con sus obligaciones; ya que se traduce que presenta un grado de endeudamiento alto o riesgoso. | AM106: 9.3 | AN106: 0.93 | AO106: La empresa posee una exelente capacidad de ganancias retenidas sobre los ingresos. | AP106: . | AQ106: 9.3 | AR106: 0.93 | AS106: Existe una optima administración de los recursos, por lo que a partir de sus gastos efectuados el negocio puede cubrir sus costos y gastos y contar con un margen de utilidad. | AT106: . | AU106: .
B107: 0.94 | C107: =(1/130)+C106 -> 0.72307692 | D107: Estable | E107: 0.94 | F107: ROE por encima de los estándares óptimos, Gran trabajo | G107: . | H107: 0.94 | I107: =(1/110)+I106 -> 0.85454545 | J107: Óptimo | K107: 0.94 | L107: Se detectó un activo muy bajo se recomienda mejorar el control de ellos | O107: 0.94 | P107: Se detectó un ROA alto significá que la empresa es capaz de generar más dinero con menor inversión. Felicitaciones | R107: 0.94 | S107: Se detectó una rotación de activos baja lo que podría indicar que la compañía tiene mucho capital inutilizado en sus activos | T107: . | Y107: 94 | Z107: =Z106-(1/60) -> 0.43333333 | AA107: Deficiente | AB107: 94 | AC107: La política de cobro de la empresa es deficiente pues hace efectivo la cuenta por cobrar rápidamente. | AD107: . | AE107: 94 | AF107: 1.68 | AG107: La empresa cuenta con buena liquidez y asi asumir oportunamente el pago de sus deudas. | AH107: . | AJ107: 0.94 | AK107: La empresa muestra que las deudas representan la mayor parte de los activos, eso significa que una empresa al presentar fluctuaciones con sus ventas, tendrá dificultades para mantenerse y cumplir con sus obligaciones; ya que se traduce que presenta un grado de endeudamiento alto o riesgoso. | AM107: 9.4 | AN107: 0.94 | AO107: La empresa posee una exelente capacidad de ganancias retenidas sobre los ingresos. | AP107: . | AQ107: 9.4 | AR107: 0.94 | AS107: Existe una optima administración de los recursos, por lo que a partir de sus gastos efectuados el negocio puede cubrir sus costos y gastos y contar con un margen de utilidad. | AT107: . | AU107: .
B108: 0.95 | C108: =(1/130)+C107 -> 0.73076923 | D108: Estable | E108: 0.95 | F108: ROE por encima de los estándares óptimos, Gran trabajo | G108: . | H108: 0.95 | I108: =(1/110)+I107 -> 0.86363636 | J108: Óptimo | K108: 0.95 | L108: Se detectó un activo muy bajo se recomienda mejorar el control de ellos | O108: 0.95 | P108: Se detectó un ROA alto significá que la empresa es capaz de generar más dinero con menor inversión. Felicitaciones | R108: 0.95 | S108: Se detectó una rotación de activos baja lo que podría indicar que la compañía tiene mucho capital inutilizado en sus activos | T108: . | Y108: 95 | Z108: =Z107-(1/60) -> 0.41666667 | AA108: Deficiente | AB108: 95 | AC108: La política de cobro de la empresa es deficiente pues hace efectivo la cuenta por cobrar rápidamente. | AD108: . | AE108: 95 | AF108: 1.7 | AG108: La empresa cuenta con buena liquidez y asi asumir oportunamente el pago de sus deudas. | AH108: . | AJ108: 0.95 | AK108: La empresa muestra que las deudas representan la mayor parte de los activos, eso significa que una empresa al presentar fluctuaciones con sus ventas, tendrá dificultades para mantenerse y cumplir con sus obligaciones; ya que se traduce que presenta un grado de endeudamiento alto o riesgoso. | AM108: 9.5 | AN108: 0.95 | AO108: La empresa posee una exelente capacidad de ganancias retenidas sobre los ingresos. | AP108: . | AQ108: 9.5 | AR108: 0.95 | AS108: Existe una optima administración de los recursos, por lo que a partir de sus gastos efectuados el negocio puede cubrir sus costos y gastos y contar con un margen de utilidad. | AT108: . | AU108: .
B109: 0.96 | C109: =(1/130)+C108 -> 0.73846154 | D109: Estable | E109: 0.96 | F109: ROE por encima de los estándares óptimos, Gran trabajo | G109: . | H109: 0.96 | I109: =(1/110)+I108 -> 0.87272727 | J109: Óptimo | K109: 0.96 | L109: Se detectó un activo muy bajo se recomienda mejorar el control de ellos | O109: 0.96 | P109: Se detectó un ROA alto significá que la empresa es capaz de generar más dinero con menor inversión. Felicitaciones | R109: 0.96 | S109: Se detectó una rotación de activos baja lo que podría indicar que la compañía tiene mucho capital inutilizado en sus activos | T109: . | Y109: 96 | Z109: =Z108-(1/60) -> 0.4 | AA109: Deficiente | AB109: 96 | AC109: La política de cobro de la empresa es deficiente pues hace efectivo la cuenta por cobrar rápidamente. | AD109: . | AE109: 96 | AF109: 1.72 | AG109: La empresa cuenta con buena liquidez y asi asumir oportunamente el pago de sus deudas. | AH109: . | AJ109: 0.96 | AK109: La empresa muestra que las deudas representan la mayor parte de los activos, eso significa que una empresa al presentar fluctuaciones con sus ventas, tendrá dificultades para mantenerse y cumplir con sus obligaciones; ya que se traduce que presenta un grado de endeudamiento alto o riesgoso. | AM109: 9.6 | AN109: 0.96 | AO109: La empresa posee una exelente capacidad de ganancias retenidas sobre los ingresos. | AP109: . | AQ109: 9.6 | AR109: 0.96 | AS109: Existe una optima administración de los recursos, por lo que a partir de sus gastos efectuados el negocio puede cubrir sus costos y gastos y contar con un margen de utilidad. | AT109: . | AU109: .
B110: 0.97 | C110: =(1/130)+C109 -> 0.74615385 | D110: Estable | E110: 0.97 | F110: ROE por encima de los estándares óptimos, Gran trabajo | G110: . | H110: 0.97 | I110: =(1/110)+I109 -> 0.88181818 | J110: Óptimo | K110: 0.97 | L110: Se detectó un activo muy bajo se recomienda mejorar el control de ellos | O110: 0.97 | P110: Se detectó un ROA alto significá que la empresa es capaz de generar más dinero con menor inversión. Felicitaciones | R110: 0.97 | S110: Se detectó una rotación de activos baja lo que podría indicar que la compañía tiene mucho capital inutilizado en sus activos | T110: . | Y110: 97 | Z110: =Z109-(1/60) -> 0.38333333 | AA110: Deficiente | AB110: 97 | AC110: La política de cobro de la empresa es deficiente pues hace efectivo la cuenta por cobrar rápidamente. | AD110: . | AE110: 97 | AF110: 1.74 | AG110: La empresa cuenta con buena liquidez y asi asumir oportunamente el pago de sus deudas. | AH110: . | AJ110: 0.97 | AK110: La empresa muestra que las deudas representan la mayor parte de los activos, eso significa que una empresa al presentar fluctuaciones con sus ventas, tendrá dificultades para mantenerse y cumplir con sus obligaciones; ya que se traduce que presenta un grado de endeudamiento alto o riesgoso. | AM110: 9.7 | AN110: 0.97 | AO110: La empresa posee una exelente capacidad de ganancias retenidas sobre los ingresos. | AP110: . | AQ110: 9.7 | AR110: 0.97 | AS110: Existe una optima administración de los recursos, por lo que a partir de sus gastos efectuados el negocio puede cubrir sus costos y gastos y contar con un margen de utilidad. | AT110: . | AU110: .
B111: 0.98 | C111: =(1/130)+C110 -> 0.75384615 | D111: Estable | E111: 0.98 | F111: ROE por encima de los estándares óptimos, Gran trabajo | G111: . | H111: 0.98 | I111: =(1/110)+I110 -> 0.89090909 | J111: Óptimo | K111: 0.98 | L111: Se detectó un activo muy bajo se recomienda mejorar el control de ellos | O111: 0.98 | P111: Se detectó un ROA alto significá que la empresa es capaz de generar más dinero con menor inversión. Felicitaciones | R111: 0.98 | S111: Se detectó una rotación de activos baja lo que podría indicar que la compañía tiene mucho capital inutilizado en sus activos | T111: . | Y111: 98 | Z111: =Z110-(1/60) -> 0.36666667 | AA111: Deficiente | AB111: 98 | AC111: La política de cobro de la empresa es deficiente pues hace efectivo la cuenta por cobrar rápidamente. | AD111: . | AE111: 98 | AF111: 1.76 | AG111: La empresa cuenta con buena liquidez y asi asumir oportunamente el pago de sus deudas. | AH111: . | AJ111: 0.98 | AK111: La empresa muestra que las deudas representan la mayor parte de los activos, eso significa que una empresa al presentar fluctuaciones con sus ventas, tendrá dificultades para mantenerse y cumplir con sus obligaciones; ya que se traduce que presenta un grado de endeudamiento alto o riesgoso. | AM111: 9.8 | AN111: 0.98 | AO111: La empresa posee una exelente capacidad de ganancias retenidas sobre los ingresos. | AP111: . | AQ111: 9.8 | AR111: 0.98 | AS111: Existe una optima administración de los recursos, por lo que a partir de sus gastos efectuados el negocio puede cubrir sus costos y gastos y contar con un margen de utilidad. | AT111: . | AU111: .
B112: 0.99 | C112: =(1/130)+C111 -> 0.76153846 | D112: Estable | E112: 0.99 | F112: ROE por encima de los estándares óptimos, Gran trabajo | G112: . | H112: 0.99 | I112: =(1/110)+I111 -> 0.9 | J112: Óptimo | K112: 0.99 | L112: Se detectó un activo muy bajo se recomienda mejorar el control de ellos | O112: 0.99 | P112: Se detectó un ROA alto significá que la empresa es capaz de generar más dinero con menor inversión. Felicitaciones | R112: 0.99 | S112: Se detectó una rotación de activos baja lo que podría indicar que la compañía tiene mucho capital inutilizado en sus activos | T112: . | Y112: 99 | Z112: =Z111-(1/60) -> 0.35 | AA112: Deficiente | AB112: 99 | AC112: La política de cobro de la empresa es deficiente pues hace efectivo la cuenta por cobrar rápidamente. | AD112: . | AE112: 99 | AF112: 1.78 | AG112: La empresa cuenta con buena liquidez y asi asumir oportunamente el pago de sus deudas. | AH112: . | AJ112: 0.99 | AK112: La empresa muestra que las deudas representan la mayor parte de los activos, eso significa que una empresa al presentar fluctuaciones con sus ventas, tendrá dificultades para mantenerse y cumplir con sus obligaciones; ya que se traduce que presenta un grado de endeudamiento alto o riesgoso. | AM112: 9.9 | AN112: 0.99 | AO112: La empresa posee una exelente capacidad de ganancias retenidas sobre los ingresos. | AP112: . | AQ112: 9.9 | AR112: 0.99 | AS112: Existe una optima administración de los recursos, por lo que a partir de sus gastos efectuados el negocio puede cubrir sus costos y gastos y contar con un margen de utilidad. | AT112: . | AU112: .
B113: 1 | C113: =(1/130)+C112 -> 0.76923077 | D113: Estable | E113: 1 | F113: ROE por encima de los estándares óptimos, Gran trabajo | G113: . | H113: 1 | I113: =(1/110)+I112 -> 0.90909091 | J113: Óptimo | K113: 1 | L113: Se detectó un activo muy bajo se recomienda mejorar el control de ellos | O113: 1 | P113: Se detectó un ROA alto significá que la empresa es capaz de generar más dinero con menor inversión. Felicitaciones | R113: 1 | S113: Rotación de activos estable mejorar sus estrategias | T113: . | Y113: 100 | Z113: =Z112-(1/60) -> 0.33333333 | AA113: Deficiente | AB113: 100 | AC113: La política de cobro de la empresa es deficiente pues hace efectivo la cuenta por cobrar rápidamente. | AD113: . | AE113: 100 | AF113: 1.8 | AG113: La empresa cuenta con buena liquidez y asi asumir oportunamente el pago de sus deudas. | AH113: . | AJ113: 1 | AK113: La empresa muestra que las deudas representan la mayor parte de los activos, eso significa que una empresa al presentar fluctuaciones con sus ventas, tendrá dificultades para mantenerse y cumplir con sus obligaciones; ya que se traduce que presenta un grado de endeudamiento alto o riesgoso. | AM113: 10 | AN113: 1 | AO113: La empresa posee una exelente capacidad de ganancias retenidas sobre los ingresos. | AP113: . | AQ113: 10 | AR113: 1 | AS113: Existe una optima administración de los recursos, por lo que a partir de sus gastos efectuados el negocio puede cubrir sus costos y gastos y contar con un margen de utilidad. | AT113: . | AU113: .
B114: 1.01 | C114: =(1/130)+C113 -> 0.77692308 | D114: Estable | E114: 1.01 | F114: ROE por encima de los estándares óptimos, Gran trabajo | G114: . | H114: 1.01 | I114: =(1/110)+I113 -> 0.91818182 | J114: Óptimo | K114: 1.01 | L114: Se detectó un activo muy bajo se recomienda mejorar el control de ellos | O114: 1.01 | P114: Se detectó un ROA alto significá que la empresa es capaz de generar más dinero con menor inversión. Felicitaciones | R114: 1.01 | S114: Se detectó una rotación de activos alta en consecuente la empresa tendrá una productividad mayor. Muy bien | T114: . | Y114: 101 | Z114: =Z113-(1/60) -> 0.31666667 | AA114: Deficiente | AB114: 101 | AC114: La política de cobro de la empresa es deficiente pues hace efectivo la cuenta por cobrar rápidamente. | AD114: . | AE114: 101 | AF114: 1.82 | AG114: La empresa cuenta con buena liquidez y asi asumir oportunamente el pago de sus deudas. | AH114: . | AJ114: 1.01 | AK114: La empresa muestra que las deudas representan la mayor parte de los activos, eso significa que una empresa al presentar fluctuaciones con sus ventas, tendrá dificultades para mantenerse y cumplir con sus obligaciones; ya que se traduce que presenta un grado de endeudamiento alto o riesgoso. | AM114: 10.1 | AN114: 1.01 | AO114: La empresa posee una exelente capacidad de ganancias retenidas sobre los ingresos. | AP114: . | AQ114: 10.1 | AR114: 1.01 | AS114: Existe una buena administración de los recursos, por lo que a partir de sus gastos efectuados el negocio puede cubrir sus costos de producción y contar con un margen de utilidad. | AT114: . | AU114: .
B115: 1.02 | C115: =(1/130)+C114 -> 0.78461538 | D115: Estable | E115: 1.02 | F115: ROE por encima de los estándares óptimos, Gran trabajo | G115: . | H115: 1.02 | I115: =(1/110)+I114 -> 0.92727273 | J115: Óptimo | K115: 1.02 | L115: Se detectó un activo muy bajo se recomienda mejorar el control de ellos | O115: 1.02 | P115: Se detectó un ROA alto significá que la empresa es capaz de generar más dinero con menor inversión. Felicitaciones | R115: 1.02 | S115: Se detectó una rotación de activos alta en consecuente la empresa tendrá una productividad mayor. Muy bien | T115: . | Y115: 102 | Z115: =Z114-(1/60) -> 0.3 | AA115: Deficiente | AB115: 102 | AC115: La política de cobro de la empresa es deficiente pues hace efectivo la cuenta por cobrar rápidamente. | AD115: . | AE115: 102 | AF115: 1.84 | AG115: La empresa cuenta con buena liquidez y asi asumir oportunamente el pago de sus deudas. | AH115: . | AJ115: 1.02 | AK115: La empresa muestra que las deudas representan la mayor parte de los activos, eso significa que una empresa al presentar fluctuaciones con sus ventas, tendrá dificultades para mantenerse y cumplir con sus obligaciones; ya que se traduce que presenta un grado de endeudamiento alto o riesgoso. | AM115: 10.2 | AN115: 1.02 | AO115: La empresa posee una exelente capacidad de ganancias retenidas sobre los ingresos. | AP115: . | AQ115: 10.2 | AR115: 1.02 | AS115: Existe una buena administración de los recursos, por lo que a partir de sus gastos efectuados el negocio puede cubrir sus costos de producción y contar con un margen de utilidad. | AT115: . | AU115: .
... B122: 1.09 | C122: =(1/130)+C121 -> 0.83846154 | D122: Estable | E122: 1.09 | F122: ROE por encima de los estándares óptimos, Gran trabajo | G122: . | H122: 1.09 | I122: =(1/110)+I121 -> 0.99090909 | J122: Óptimo | K122: 1.09 | L122: Se detectó un activo muy bajo se recomienda mejorar el control de ellos | O122: 1.09 | P122: Se detectó un ROA alto significá que la empresa es capaz de generar más dinero con menor inversión. Felicitaciones | R122: 1.09 | S122: Se detectó una rotación de activos alta en consecuente la empresa tendrá una productividad mayor. Muy bien | T122: . | Y122: 109 | Z122: =Z121-(1/60) -> 0.18333333 | AA122: Deficiente | AB122: 109 | AC122: La política de cobro de la empresa es deficiente pues hace efectivo la cuenta por cobrar rápidamente. | AD122: . | AE122: 109 | AF122: 1.98 | AG122: La empresa cuenta con buena liquidez y asi asumir oportunamente el pago de sus deudas. | AH122: . | AJ122: 1.09 | AK122: La empresa muestra que las deudas representan la mayor parte de los activos, eso significa que una empresa al presentar fluctuaciones con sus ventas, tendrá dificultades para mantenerse y cumplir con sus obligaciones; ya que se traduce que presenta un grado de endeudamiento alto o riesgoso. | AM122: 10.9 | AN122: 1.09 | AO122: La empresa posee una exelente capacidad de ganancias retenidas sobre los ingresos. | AP122: . | AQ122: 10.9 | AR122: 1.09 | AS122: Existe una buena administración de los recursos, por lo que a partir de sus gastos efectuados el negocio puede cubrir sus costos de producción y contar con un margen de utilidad. | AT122: . | AU122: .
B123: 1.1 | C123: =(1/130)+C122 -> 0.84615385 | D123: Óptimo | E123: 1.1 | F123: ROE por encima de los estándares óptimos, Gran trabajo | G123: . | H123: 1.1 | I123: 1 | J123: Óptimo | K123: 1.1 | L123: Se detectó un activo muy bajo se recomienda mejorar el control de ellos | O123: 1.1 | P123: Se detectó un ROA alto significá que la empresa es capaz de generar más dinero con menor inversión. Felicitaciones | R123: 1.1 | S123: Se detectó una rotación de activos alta en consecuente la empresa tendrá una productividad mayor. Muy bien | T123: . | Y123: 110 | Z123: =Z122-(1/60) -> 0.16666667 | AA123: Deficiente | AB123: 110 | AC123: La política de cobro de la empresa es deficiente pues hace efectivo la cuenta por cobrar rápidamente. | AD123: . | AE123: 110 | AF123: 2 | AG123: La empresa cuenta con buena liquidez y asi asumir oportunamente el pago de sus deudas. | AH123: . | AJ123: 1.1 | AK123: La empresa muestra que las deudas representan la mayor parte de los activos, eso significa que una empresa al presentar fluctuaciones con sus ventas, tendrá dificultades para mantenerse y cumplir con sus obligaciones; ya que se traduce que presenta un grado de endeudamiento alto o riesgoso. | AM123: 11 | AN123: 1.1 | AO123: La empresa posee una exelente capacidad de ganancias retenidas sobre los ingresos. | AP123: . | AQ123: 11 | AR123: 1.1 | AS123: Existe una buena administración de los recursos, por lo que a partir de sus gastos efectuados el negocio puede cubrir sus costos de producción y contar con un margen de utilidad. | AT123: . | AU123: .
B124: 1.11 | C124: =(1/130)+C123 -> 0.85384615 | D124: Óptimo | E124: 1.11 | F124: ROE por encima de los estándares óptimos, Gran trabajo | G124: . | H124: 1.11 | I124: 1 | J124: Óptimo | K124: 1.11 | L124: Se detectó un activo muy bajo se recomienda mejorar el control de ellos | O124: 1.11 | P124: Se detectó un ROA alto significá que la empresa es capaz de generar más dinero con menor inversión. Felicitaciones | R124: 1.11 | S124: Se detectó una rotación de activos alta en consecuente la empresa tendrá una productividad mayor. Muy bien | T124: . | Y124: 111 | Z124: =Z123-(1/60) -> 0.15 | AA124: Deficiente | AB124: 111 | AC124: La política de cobro de la empresa es deficiente pues hace efectivo la cuenta por cobrar rápidamente. | AD124: . | AE124: 111 | AF124: 2.02 | AG124: La empresa cuenta con buena liquidez y asi asumir oportunamente el pago de sus deudas. | AH124: . | AJ124: 1.11 | AK124: La empresa muestra que las deudas representan la mayor parte de los activos, eso significa que una empresa al presentar fluctuaciones con sus ventas, tendrá dificultades para mantenerse y cumplir con sus obligaciones; ya que se traduce que presenta un grado de endeudamiento alto o riesgoso. | AM124: 11.1 | AN124: 1.11 | AO124: La empresa posee una exelente capacidad de ganancias retenidas sobre los ingresos. | AP124: . | AQ124: 11.1 | AR124: 1.11 | AS124: Existe una buena administración de los recursos, por lo que a partir de sus gastos efectuados el negocio puede cubrir sus costos de producción y contar con un margen de utilidad. | AT124: . | AU124: .
B125: 1.12 | C125: =(1/130)+C124 -> 0.86153846 | D125: Óptimo | E125: 1.12 | F125: ROE por encima de los estándares óptimos, Gran trabajo | G125: . | H125: 1.12 | I125: 1 | J125: Óptimo | K125: 1.12 | L125: Se detectó un activo muy bajo se recomienda mejorar el control de ellos | O125: 1.12 | P125: Se detectó un ROA alto significá que la empresa es capaz de generar más dinero con menor inversión. Felicitaciones | R125: 1.12 | S125: Se detectó una rotación de activos alta en consecuente la empresa tendrá una productividad mayor. Muy bien | T125: . | Y125: 112 | Z125: =Z124-(1/60) -> 0.13333333 | AA125: Deficiente | AB125: 112 | AC125: La política de cobro de la empresa es deficiente pues hace efectivo la cuenta por cobrar rápidamente. | AD125: . | AE125: 112 | AF125: 2.04 | AG125: La empresa cuenta con buena liquidez y asi asumir oportunamente el pago de sus deudas. | AH125: . | AJ125: 1.12 | AK125: La empresa muestra que las deudas representan la mayor parte de los activos, eso significa que una empresa al presentar fluctuaciones con sus ventas, tendrá dificultades para mantenerse y cumplir con sus obligaciones; ya que se traduce que presenta un grado de endeudamiento alto o riesgoso. | AM125: 11.2 | AN125: 1.12 | AO125: La empresa posee una exelente capacidad de ganancias retenidas sobre los ingresos. | AP125: . | AQ125: 11.2 | AR125: 1.12 | AS125: Existe una buena administración de los recursos, por lo que a partir de sus gastos efectuados el negocio puede cubrir sus costos de producción y contar con un margen de utilidad. | AT125: . | AU125: .
B126: 1.13 | C126: =(1/130)+C125 -> 0.86923077 | D126: Óptimo | E126: 1.13 | F126: ROE por encima de los estándares óptimos, Gran trabajo | G126: . | H126: 1.13 | I126: 1 | J126: Óptimo | K126: 1.13 | L126: Se detectó un activo muy bajo se recomienda mejorar el control de ellos | O126: 1.13 | P126: Se detectó un ROA alto significá que la empresa es capaz de generar más dinero con menor inversión. Felicitaciones | R126: 1.13 | S126: Se detectó una rotación de activos alta en consecuente la empresa tendrá una productividad mayor. Muy bien | T126: . | Y126: 113 | Z126: =Z125-(1/60) -> 0.11666667 | AA126: Deficiente | AB126: 113 | AC126: La política de cobro de la empresa es deficiente pues hace efectivo la cuenta por cobrar rápidamente. | AD126: . | AE126: 113 | AF126: 2.06 | AG126: La empresa cuenta con buena liquidez y asi asumir oportunamente el pago de sus deudas. | AH126: . | AJ126: 1.13 | AK126: La empresa muestra que las deudas representan la mayor parte de los activos, eso significa que una empresa al presentar fluctuaciones con sus ventas, tendrá dificultades para mantenerse y cumplir con sus obligaciones; ya que se traduce que presenta un grado de endeudamiento alto o riesgoso. | AM126: 11.3 | AN126: 1.13 | AO126: La empresa posee una exelente capacidad de ganancias retenidas sobre los ingresos. | AP126: . | AQ126: 11.3 | AR126: 1.13 | AS126: Existe una buena administración de los recursos, por lo que a partir de sus gastos efectuados el negocio puede cubrir sus costos de producción y contar con un margen de utilidad. | AT126: . | AU126: .
B127: 1.14 | C127: =(1/130)+C126 -> 0.87692308 | D127: Óptimo | E127: 1.14 | F127: ROE por encima de los estándares óptimos, Gran trabajo | G127: . | H127: 1.14 | I127: 1 | J127: Óptimo | K127: 1.14 | L127: Se detectó un activo muy bajo se recomienda mejorar el control de ellos | O127: 1.14 | P127: Se detectó un ROA alto significá que la empresa es capaz de generar más dinero con menor inversión. Felicitaciones | R127: 1.14 | S127: Se detectó una rotación de activos alta en consecuente la empresa tendrá una productividad mayor. Muy bien | T127: . | Y127: 114 | Z127: =Z126-(1/60) -> 0.1 | AA127: Deficiente | AB127: 114 | AC127: La política de cobro de la empresa es deficiente pues hace efectivo la cuenta por cobrar rápidamente. | AD127: . | AE127: 114 | AF127: 2.08 | AG127: La empresa cuenta con buena liquidez y asi asumir oportunamente el pago de sus deudas. | AH127: . | AJ127: 1.14 | AK127: La empresa muestra que las deudas representan la mayor parte de los activos, eso significa que una empresa al presentar fluctuaciones con sus ventas, tendrá dificultades para mantenerse y cumplir con sus obligaciones; ya que se traduce que presenta un grado de endeudamiento alto o riesgoso. | AM127: 11.4 | AN127: 1.14 | AO127: La empresa posee una exelente capacidad de ganancias retenidas sobre los ingresos. | AP127: . | AQ127: 11.4 | AR127: 1.14 | AS127: Existe una buena administración de los recursos, por lo que a partir de sus gastos efectuados el negocio puede cubrir sus costos de producción y contar con un margen de utilidad. | AT127: . | AU127: .
B128: 1.15 | C128: =(1/130)+C127 -> 0.88461538 | D128: Óptimo | E128: 1.15 | F128: ROE por encima de los estándares óptimos, Gran trabajo | G128: . | H128: 1.15 | I128: 1 | J128: Óptimo | K128: 1.15 | L128: Se detectó un activo muy bajo se recomienda mejorar el control de ellos | O128: 1.15 | P128: Se detectó un ROA alto significá que la empresa es capaz de generar más dinero con menor inversión. Felicitaciones | R128: 1.15 | S128: Se detectó una rotación de activos alta en consecuente la empresa tendrá una productividad mayor. Muy bien | T128: . | Y128: 115 | Z128: =Z127-(1/60) -> 0.083333333 | AA128: Deficiente | AB128: 115 | AC128: La política de cobro de la empresa es deficiente pues hace efectivo la cuenta por cobrar rápidamente. | AD128: . | AE128: 115 | AF128: 2.1 | AG128: La empresa cuenta con buena liquidez y asi asumir oportunamente el pago de sus deudas. | AH128: . | AJ128: 1.15 | AK128: La empresa muestra que las deudas representan la mayor parte de los activos, eso significa que una empresa al presentar fluctuaciones con sus ventas, tendrá dificultades para mantenerse y cumplir con sus obligaciones; ya que se traduce que presenta un grado de endeudamiento alto o riesgoso. | AM128: 11.5 | AN128: 1.15 | AO128: La empresa posee una exelente capacidad de ganancias retenidas sobre los ingresos. | AP128: . | AQ128: 11.5 | AR128: 1.15 | AS128: Existe una buena administración de los recursos, por lo que a partir de sus gastos efectuados el negocio puede cubrir sus costos de producción y contar con un margen de utilidad. | AT128: . | AU128: .
B129: 1.16 | C129: =(1/130)+C128 -> 0.89230769 | D129: Óptimo | E129: 1.16 | F129: ROE por encima de los estándares óptimos, Gran trabajo | G129: . | H129: 1.16 | I129: 1 | J129: Óptimo | K129: 1.16 | L129: Se detectó un activo muy bajo se recomienda mejorar el control de ellos | O129: 1.16 | P129: Se detectó un ROA alto significá que la empresa es capaz de generar más dinero con menor inversión. Felicitaciones | R129: 1.16 | S129: Se detectó una rotación de activos alta en consecuente la empresa tendrá una productividad mayor. Muy bien | T129: . | Y129: 116 | Z129: =Z128-(1/60) -> 0.066666667 | AA129: Deficiente | AB129: 116 | AC129: La política de cobro de la empresa es deficiente pues hace efectivo la cuenta por cobrar rápidamente. | AD129: . | AE129: 116 | AF129: 2.12 | AG129: La empresa cuenta con buena liquidez y asi asumir oportunamente el pago de sus deudas. | AH129: . | AJ129: 1.16 | AK129: La empresa muestra que las deudas representan la mayor parte de los activos, eso significa que una empresa al presentar fluctuaciones con sus ventas, tendrá dificultades para mantenerse y cumplir con sus obligaciones; ya que se traduce que presenta un grado de endeudamiento alto o riesgoso. | AM129: 11.6 | AN129: 1.16 | AO129: La empresa posee una exelente capacidad de ganancias retenidas sobre los ingresos. | AP129: . | AQ129: 11.6 | AR129: 1.16 | AS129: Existe una buena administración de los recursos, por lo que a partir de sus gastos efectuados el negocio puede cubrir sus costos de producción y contar con un margen de utilidad. | AT129: . | AU129: .
B130: 1.17 | C130: =(1/130)+C129 -> 0.9 | D130: Óptimo | E130: 1.17 | F130: ROE por encima de los estándares óptimos, Gran trabajo | G130: . | H130: 1.17 | I130: 1 | J130: Óptimo | K130: 1.17 | L130: Se detectó un activo muy bajo se recomienda mejorar el control de ellos | O130: 1.17 | P130: Se detectó un ROA alto significá que la empresa es capaz de generar más dinero con menor inversión. Felicitaciones | R130: 1.17 | S130: Se detectó una rotación de activos alta en consecuente la empresa tendrá una productividad mayor. Muy bien | T130: . | Y130: 117 | Z130: =Z129-(1/60) -> 0.05 | AA130: Deficiente | AB130: 117 | AC130: La política de cobro de la empresa es deficiente pues hace efectivo la cuenta por cobrar rápidamente. | AD130: . | AE130: 117 | AF130: 2.14 | AG130: La empresa cuenta con buena liquidez y asi asumir oportunamente el pago de sus deudas. | AH130: . | AJ130: 1.17 | AK130: La empresa muestra que las deudas representan la mayor parte de los activos, eso significa que una empresa al presentar fluctuaciones con sus ventas, tendrá dificultades para mantenerse y cumplir con sus obligaciones; ya que se traduce que presenta un grado de endeudamiento alto o riesgoso. | AM130: 11.7 | AN130: 1.17 | AO130: La empresa posee una exelente capacidad de ganancias retenidas sobre los ingresos. | AP130: . | AQ130: 11.7 | AR130: 1.17 | AS130: Existe una buena administración de los recursos, por lo que a partir de sus gastos efectuados el negocio puede cubrir sus costos de producción y contar con un margen de utilidad. | AT130: . | AU130: .
B131: 1.18 | C131: =(1/130)+C130 -> 0.90769231 | D131: Óptimo | E131: 1.18 | F131: ROE por encima de los estándares óptimos, Gran trabajo | G131: . | H131: 1.18 | I131: 1 | J131: Óptimo | K131: 1.18 | L131: Se detectó un activo muy bajo se recomienda mejorar el control de ellos | O131: 1.18 | P131: Se detectó un ROA alto significá que la empresa es capaz de generar más dinero con menor inversión. Felicitaciones | R131: 1.18 | S131: Se detectó una rotación de activos alta en consecuente la empresa tendrá una productividad mayor. Muy bien | T131: . | Y131: 118 | Z131: =Z130-(1/60) -> 0.033333333 | AA131: Deficiente | AB131: 118 | AC131: La política de cobro de la empresa es deficiente pues hace efectivo la cuenta por cobrar rápidamente. | AD131: . | AE131: 118 | AF131: 2.16 | AG131: La empresa cuenta con buena liquidez y asi asumir oportunamente el pago de sus deudas. | AH131: . | AJ131: 1.18 | AK131: La empresa muestra que las deudas representan la mayor parte de los activos, eso significa que una empresa al presentar fluctuaciones con sus ventas, tendrá dificultades para mantenerse y cumplir con sus obligaciones; ya que se traduce que presenta un grado de endeudamiento alto o riesgoso. | AM131: 11.8 | AN131: 1.18 | AO131: La empresa posee una exelente capacidad de ganancias retenidas sobre los ingresos. | AP131: . | AQ131: 11.8 | AR131: 1.18 | AS131: Existe una buena administración de los recursos, por lo que a partir de sus gastos efectuados el negocio puede cubrir sus costos de producción y contar con un margen de utilidad. | AT131: . | AU131: .
B132: 1.19 | C132: =(1/130)+C131 -> 0.91538462 | D132: Óptimo | E132: 1.19 | F132: ROE por encima de los estándares óptimos, Gran trabajo | G132: . | H132: 1.19 | I132: 1 | J132: Óptimo | K132: 1.19 | L132: Se detectó un activo muy bajo se recomienda mejorar el control de ellos | O132: 1.19 | P132: Se detectó un ROA alto significá que la empresa es capaz de generar más dinero con menor inversión. Felicitaciones | R132: 1.19 | S132: Se detectó una rotación de activos alta en consecuente la empresa tendrá una productividad mayor. Muy bien | T132: . | Y132: 119 | Z132: =Z131-(1/60) -> 0.016666667 | AA132: Deficiente | AB132: 119 | AC132: La política de cobro de la empresa es deficiente pues hace efectivo la cuenta por cobrar rápidamente. | AD132: . | AE132: 119 | AF132: 2.18 | AG132: La empresa cuenta con buena liquidez y asi asumir oportunamente el pago de sus deudas. | AH132: . | AJ132: 1.19 | AK132: La empresa muestra que las deudas representan la mayor parte de los activos, eso significa que una empresa al presentar fluctuaciones con sus ventas, tendrá dificultades para mantenerse y cumplir con sus obligaciones; ya que se traduce que presenta un grado de endeudamiento alto o riesgoso. | AM132: 11.9 | AN132: 1.19 | AO132: La empresa posee una exelente capacidad de ganancias retenidas sobre los ingresos. | AP132: . | AQ132: 11.9 | AR132: 1.19 | AS132: Existe una buena administración de los recursos, por lo que a partir de sus gastos efectuados el negocio puede cubrir sus costos de producción y contar con un margen de utilidad. | AT132: . | AU132: .
B133: 1.2 | C133: =(1/130)+C132 -> 0.92307692 | D133: Óptimo | E133: 1.2 | F133: ROE por encima de los estándares óptimos, Gran trabajo | G133: . | H133: 1.2 | I133: 1 | J133: Óptimo | K133: 1.2 | L133: Se detectó un activo muy bajo se recomienda mejorar el control de ellos | O133: 1.2 | P133: Se detectó un ROA alto significá que la empresa es capaz de generar más dinero con menor inversión. Felicitaciones | R133: 1.2 | S133: Se detectó una rotación de activos alta en consecuente la empresa tendrá una productividad mayor. Muy bien | T133: . | Y133: 120 | Z133: =Z132-(1/60) -> -1.3947177e-15 | AA133: Deficiente | AB133: 120 | AC133: La política de cobro de la empresa es deficiente pues hace efectivo la cuenta por cobrar rápidamente. | AD133: . | AE133: 120 | AF133: 2.2 | AG133: La empresa cuenta con buena liquidez y asi asumir oportunamente el pago de sus deudas. | AH133: . | AJ133: 1.2 | AK133: La empresa muestra que las deudas representan la mayor parte de los activos, eso significa que una empresa al presentar fluctuaciones con sus ventas, tendrá dificultades para mantenerse y cumplir con sus obligaciones; ya que se traduce que presenta un grado de endeudamiento alto o riesgoso. | AM133: 12 | AN133: 1.2 | AO133: La empresa posee una exelente capacidad de ganancias retenidas sobre los ingresos. | AP133: . | AQ133: 12 | AR133: 1.2 | AS133: Existe una buena administración de los recursos, por lo que a partir de sus gastos efectuados el negocio puede cubrir sus costos de producción y contar con un margen de utilidad. | AT133: . | AU133: .
B134: 1.21 | C134: =(1/130)+C133 -> 0.93076923 | D134: Óptimo | E134: 1.21 | F134: ROE por encima de los estándares óptimos, Gran trabajo | G134: . | H134: 1.21 | I134: 1 | J134: Óptimo | K134: 1.21 | L134: Se detectó un activo muy bajo se recomienda mejorar el control de ellos | O134: 1.21 | P134: Se detectó un ROA alto significá que la empresa es capaz de generar más dinero con menor inversión. Felicitaciones | R134: 1.21 | S134: Se detectó una rotación de activos alta en consecuente la empresa tendrá una productividad mayor. Muy bien | T134: . | AE134: 121 | AF134: 2.22 | AG134: La empresa cuenta con buena liquidez y asi asumir oportunamente el pago de sus deudas. | AH134: . | AJ134: 1.21 | AK134: La empresa muestra que las deudas representan la mayor parte de los activos, eso significa que una empresa al presentar fluctuaciones con sus ventas, tendrá dificultades para mantenerse y cumplir con sus obligaciones; ya que se traduce que presenta un grado de endeudamiento alto o riesgoso. | AM134: 12.1 | AN134: 1.21 | AO134: La empresa posee una exelente capacidad de ganancias retenidas sobre los ingresos. | AP134: . | AQ134: 12.1 | AR134: 1.21 | AS134: Existe una buena administración de los recursos, por lo que a partir de sus gastos efectuados el negocio puede cubrir sus costos de producción y contar con un margen de utilidad. | AT134: . | AU134: .
B135: 1.22 | C135: =(1/130)+C134 -> 0.93846154 | D135: Óptimo | E135: 1.22 | F135: ROE por encima de los estándares óptimos, Gran trabajo | G135: . | H135: 1.22 | I135: 1 | J135: Óptimo | K135: 1.22 | L135: Se detectó un activo muy bajo se recomienda mejorar el control de ellos | O135: 1.22 | P135: Se detectó un ROA alto significá que la empresa es capaz de generar más dinero con menor inversión. Felicitaciones | R135: 1.22 | S135: Se detectó una rotación de activos alta en consecuente la empresa tendrá una productividad mayor. Muy bien | T135: . | AE135: 122 | AF135: 2.24 | AG135: La empresa cuenta con buena liquidez y asi asumir oportunamente el pago de sus deudas. | AH135: . | AJ135: 1.22 | AK135: La empresa muestra que las deudas representan la mayor parte de los activos, eso significa que una empresa al presentar fluctuaciones con sus ventas, tendrá dificultades para mantenerse y cumplir con sus obligaciones; ya que se traduce que presenta un grado de endeudamiento alto o riesgoso. | AM135: 12.2 | AN135: 1.22 | AO135: La empresa posee una exelente capacidad de ganancias retenidas sobre los ingresos. | AP135: . | AQ135: 12.2 | AR135: 1.22 | AS135: Existe una buena administración de los recursos, por lo que a partir de sus gastos efectuados el negocio puede cubrir sus costos de producción y contar con un margen de utilidad. | AT135: . | AU135: .
B136: 1.23 | C136: =(1/130)+C135 -> 0.94615385 | D136: Óptimo | E136: 1.23 | F136: ROE por encima de los estándares óptimos, Gran trabajo | G136: . | H136: 1.23 | I136: 1 | J136: Óptimo | K136: 1.23 | L136: Se detectó un activo muy bajo se recomienda mejorar el control de ellos | O136: 1.23 | P136: Se detectó un ROA alto significá que la empresa es capaz de generar más dinero con menor inversión. Felicitaciones | R136: 1.23 | S136: Se detectó una rotación de activos alta en consecuente la empresa tendrá una productividad mayor. Muy bien | T136: . | AE136: 123 | AF136: 2.26 | AG136: La empresa cuenta con buena liquidez y asi asumir oportunamente el pago de sus deudas. | AH136: . | AJ136: 1.23 | AK136: La empresa muestra que las deudas representan la mayor parte de los activos, eso significa que una empresa al presentar fluctuaciones con sus ventas, tendrá dificultades para mantenerse y cumplir con sus obligaciones; ya que se traduce que presenta un grado de endeudamiento alto o riesgoso. | AM136: 12.3 | AN136: 1.23 | AO136: La empresa posee una exelente capacidad de ganancias retenidas sobre los ingresos. | AP136: . | AQ136: 12.3 | AR136: 1.23 | AS136: Existe una buena administración de los recursos, por lo que a partir de sus gastos efectuados el negocio puede cubrir sus costos de producción y contar con un margen de utilidad. | AT136: . | AU136: .
B137: 1.24 | C137: =(1/130)+C136 -> 0.95384615 | D137: Óptimo | E137: 1.24 | F137: ROE por encima de los estándares óptimos, Gran trabajo | G137: . | H137: 1.24 | I137: 1 | J137: Óptimo | K137: 1.24 | L137: Se detectó un activo muy bajo se recomienda mejorar el control de ellos | O137: 1.24 | P137: Se detectó un ROA alto significá que la empresa es capaz de generar más dinero con menor inversión. Felicitaciones | R137: 1.24 | S137: Se detectó una rotación de activos alta en consecuente la empresa tendrá una productividad mayor. Muy bien | T137: . | AE137: 124 | AF137: 2.28 | AG137: La empresa cuenta con buena liquidez y asi asumir oportunamente el pago de sus deudas. | AH137: . | AJ137: 1.24 | AK137: La empresa muestra que las deudas representan la mayor parte de los activos, eso significa que una empresa al presentar fluctuaciones con sus ventas, tendrá dificultades para mantenerse y cumplir con sus obligaciones; ya que se traduce que presenta un grado de endeudamiento alto o riesgoso. | AM137: 12.4 | AN137: 1.24 | AO137: La empresa posee una exelente capacidad de ganancias retenidas sobre los ingresos. | AP137: . | AQ137: 12.4 | AR137: 1.24 | AS137: Existe una buena administración de los recursos, por lo que a partir de sus gastos efectuados el negocio puede cubrir sus costos de producción y contar con un margen de utilidad. | AT137: . | AU137: .
B138: 1.25 | C138: =(1/130)+C137 -> 0.96153846 | D138: Óptimo | E138: 1.25 | F138: ROE por encima de los estándares óptimos, Gran trabajo | G138: . | H138: 1.25 | I138: 1 | J138: Óptimo | K138: 1.25 | L138: Se detectó un activo muy bajo se recomienda mejorar el control de ellos | O138: 1.25 | P138: Se detectó un ROA alto significá que la empresa es capaz de generar más dinero con menor inversión. Felicitaciones | R138: 1.25 | S138: Se detectó una rotación de activos alta en consecuente la empresa tendrá una productividad mayor. Muy bien | T138: . | AE138: 125 | AF138: 2.3 | AG138: La empresa cuenta con buena liquidez y asi asumir oportunamente el pago de sus deudas. | AH138: . | AJ138: 1.25 | AK138: La empresa muestra que las deudas representan la mayor parte de los activos, eso significa que una empresa al presentar fluctuaciones con sus ventas, tendrá dificultades para mantenerse y cumplir con sus obligaciones; ya que se traduce que presenta un grado de endeudamiento alto o riesgoso. | AM138: 12.5 | AN138: 1.25 | AO138: La empresa posee una exelente capacidad de ganancias retenidas sobre los ingresos. | AP138: . | AQ138: 12.5 | AR138: 1.25 | AS138: Existe una buena administración de los recursos, por lo que a partir de sus gastos efectuados el negocio puede cubrir sus costos de producción y contar con un margen de utilidad. | AT138: . | AU138: .
B139: 1.26 | C139: =(1/130)+C138 -> 0.96923077 | D139: Óptimo | E139: 1.26 | F139: ROE por encima de los estándares óptimos, Gran trabajo | G139: . | H139: 1.26 | I139: 1 | J139: Óptimo | K139: 1.26 | L139: Se detectó un activo muy bajo se recomienda mejorar el control de ellos | O139: 1.26 | P139: Se detectó un ROA alto significá que la empresa es capaz de generar más dinero con menor inversión. Felicitaciones | R139: 1.26 | S139: Se detectó una rotación de activos alta en consecuente la empresa tendrá una productividad mayor. Muy bien | T139: . | AE139: 126 | AF139: 2.32 | AG139: La empresa cuenta con buena liquidez y asi asumir oportunamente el pago de sus deudas. | AH139: . | AJ139: 1.26 | AK139: La empresa muestra que las deudas representan la mayor parte de los activos, eso significa que una empresa al presentar fluctuaciones con sus ventas, tendrá dificultades para mantenerse y cumplir con sus obligaciones; ya que se traduce que presenta un grado de endeudamiento alto o riesgoso. | AM139: 12.6 | AN139: 1.26 | AO139: La empresa posee una exelente capacidad de ganancias retenidas sobre los ingresos. | AP139: . | AQ139: 12.6 | AR139: 1.26 | AS139: Existe una buena administración de los recursos, por lo que a partir de sus gastos efectuados el negocio puede cubrir sus costos de producción y contar con un margen de utilidad. | AT139: . | AU139: .
B140: 1.27 | C140: =(1/130)+C139 -> 0.97692308 | D140: Óptimo | E140: 1.27 | F140: ROE por encima de los estándares óptimos, Gran trabajo | G140: . | H140: 1.27 | I140: 1 | J140: Óptimo | K140: 1.27 | L140: Se detectó un activo muy bajo se recomienda mejorar el control de ellos | O140: 1.27 | P140: Se detectó un ROA alto significá que la empresa es capaz de generar más dinero con menor inversión. Felicitaciones | R140: 1.27 | S140: Se detectó una rotación de activos alta en consecuente la empresa tendrá una productividad mayor. Muy bien | T140: . | AE140: 127 | AF140: 2.34 | AG140: La empresa cuenta con buena liquidez y asi asumir oportunamente el pago de sus deudas. | AH140: . | AJ140: 1.27 | AK140: La empresa muestra que las deudas representan la mayor parte de los activos, eso significa que una empresa al presentar fluctuaciones con sus ventas, tendrá dificultades para mantenerse y cumplir con sus obligaciones; ya que se traduce que presenta un grado de endeudamiento alto o riesgoso. | AM140: 12.7 | AN140: 1.27 | AO140: La empresa posee una exelente capacidad de ganancias retenidas sobre los ingresos. | AP140: . | AQ140: 12.7 | AR140: 1.27 | AS140: Existe una buena administración de los recursos, por lo que a partir de sus gastos efectuados el negocio puede cubrir sus costos de producción y contar con un margen de utilidad. | AT140: . | AU140: .
B141: 1.28 | C141: =(1/130)+C140 -> 0.98461538 | D141: Óptimo | E141: 1.28 | F141: ROE por encima de los estándares óptimos, Gran trabajo | G141: . | H141: 1.28 | I141: 1 | J141: Óptimo | K141: 1.28 | L141: Se detectó un activo muy bajo se recomienda mejorar el control de ellos | O141: 1.28 | P141: Se detectó un ROA alto significá que la empresa es capaz de generar más dinero con menor inversión. Felicitaciones | R141: 1.28 | S141: Se detectó una rotación de activos alta en consecuente la empresa tendrá una productividad mayor. Muy bien | T141: . | AE141: 128 | AF141: 2.36 | AG141: La empresa cuenta con buena liquidez y asi asumir oportunamente el pago de sus deudas. | AH141: . | AJ141: 1.28 | AK141: La empresa muestra que las deudas representan la mayor parte de los activos, eso significa que una empresa al presentar fluctuaciones con sus ventas, tendrá dificultades para mantenerse y cumplir con sus obligaciones; ya que se traduce que presenta un grado de endeudamiento alto o riesgoso. | AM141: 12.8 | AN141: 1.28 | AO141: La empresa posee una exelente capacidad de ganancias retenidas sobre los ingresos. | AP141: . | AQ141: 12.8 | AR141: 1.28 | AS141: Existe una buena administración de los recursos, por lo que a partir de sus gastos efectuados el negocio puede cubrir sus costos de producción y contar con un margen de utilidad. | AT141: . | AU141: .
B142: 1.29 | C142: =(1/130)+C141 -> 0.99230769 | D142: Óptimo | E142: 1.29 | F142: ROE por encima de los estándares óptimos, Gran trabajo | G142: . | H142: 1.29 | I142: 1 | J142: Óptimo | K142: 1.29 | L142: Se detectó un activo muy bajo se recomienda mejorar el control de ellos | O142: 1.29 | P142: Se detectó un ROA alto significá que la empresa es capaz de generar más dinero con menor inversión. Felicitaciones | R142: 1.29 | S142: Se detectó una rotación de activos alta en consecuente la empresa tendrá una productividad mayor. Muy bien | T142: . | AE142: 129 | AF142: 2.38 | AG142: La empresa cuenta con buena liquidez y asi asumir oportunamente el pago de sus deudas. | AH142: . | AJ142: 1.29 | AK142: La empresa muestra que las deudas representan la mayor parte de los activos, eso significa que una empresa al presentar fluctuaciones con sus ventas, tendrá dificultades para mantenerse y cumplir con sus obligaciones; ya que se traduce que presenta un grado de endeudamiento alto o riesgoso. | AM142: 12.9 | AN142: 1.29 | AO142: La empresa posee una exelente capacidad de ganancias retenidas sobre los ingresos. | AP142: . | AQ142: 12.9 | AR142: 1.29 | AS142: Existe una buena administración de los recursos, por lo que a partir de sus gastos efectuados el negocio puede cubrir sus costos de producción y contar con un margen de utilidad. | AT142: . | AU142: .
B143: 1.3 | C143: 1 | D143: Óptimo | E143: 1.3 | F143: ROE por encima de los estándares óptimos, Gran trabajo | G143: . | H143: 1.3 | I143: 1 | J143: Óptimo | K143: 1.3 | L143: Se detectó un activo muy bajo se recomienda mejorar el control de ellos | O143: 1.3 | P143: Se detectó un ROA alto significá que la empresa es capaz de generar más dinero con menor inversión. Felicitaciones | R143: 1.3 | S143: Se detectó una rotación de activos alta en consecuente la empresa tendrá una productividad mayor. Muy bien | T143: . | AE143: 130 | AF143: 2.4 | AG143: La empresa cuenta con buena liquidez y asi asumir oportunamente el pago de sus deudas. | AH143: . | AJ143: 1.3 | AK143: La empresa muestra que las deudas representan la mayor parte de los activos, eso significa que una empresa al presentar fluctuaciones con sus ventas, tendrá dificultades para mantenerse y cumplir con sus obligaciones; ya que se traduce que presenta un grado de endeudamiento alto o riesgoso. | AM143: 13 | AN143: 1.3 | AO143: La empresa posee una exelente capacidad de ganancias retenidas sobre los ingresos. | AP143: . | AQ143: 13 | AR143: 1.3 | AS143: Existe una buena administración de los recursos, por lo que a partir de sus gastos efectuados el negocio puede cubrir sus costos de producción y contar con un margen de utilidad. | AT143: . | AU143: .
B144: 1.31 | C144: 1 | D144: Óptimo | E144: 1.31 | F144: ROE por encima de los estándares óptimos, Gran trabajo | G144: . | H144: 1.31 | I144: 1 | J144: Óptimo | K144: 1.31 | L144: Se detectó un activo muy bajo se recomienda mejorar el control de ellos | O144: 1.31 | P144: Se detectó un ROA alto significá que la empresa es capaz de generar más dinero con menor inversión. Felicitaciones | R144: 1.31 | S144: Se detectó una rotación de activos alta en consecuente la empresa tendrá una productividad mayor. Muy bien | T144: . | AE144: 131 | AF144: 2.42 | AG144: La empresa cuenta con buena liquidez y asi asumir oportunamente el pago de sus deudas. | AH144: . | AJ144: 1.31 | AK144: La empresa muestra que las deudas representan la mayor parte de los activos, eso significa que una empresa al presentar fluctuaciones con sus ventas, tendrá dificultades para mantenerse y cumplir con sus obligaciones; ya que se traduce que presenta un grado de endeudamiento alto o riesgoso. | AM144: 13.1 | AN144: 1.31 | AO144: La empresa posee una exelente capacidad de ganancias retenidas sobre los ingresos. | AP144: . | AQ144: 13.1 | AR144: 1.31 | AS144: Existe una buena administración de los recursos, por lo que a partir de sus gastos efectuados el negocio puede cubrir sus costos de producción y contar con un margen de utilidad. | AT144: . | AU144: .
B145: 1.32 | C145: 1 | D145: Óptimo | E145: 1.32 | F145: ROE por encima de los estándares óptimos, Gran trabajo | G145: . | H145: 1.32 | I145: 1 | J145: Óptimo | K145: 1.32 | L145: Se detectó un activo muy bajo se recomienda mejorar el control de ellos | O145: 1.32 | P145: Se detectó un ROA alto significá que la empresa es capaz de generar más dinero con menor inversión. Felicitaciones | R145: 1.32 | S145: Se detectó una rotación de activos alta en consecuente la empresa tendrá una productividad mayor. Muy bien | T145: . | AE145: 132 | AF145: 2.44 | AG145: La empresa cuenta con buena liquidez y asi asumir oportunamente el pago de sus deudas. | AH145: . | AJ145: 1.32 | AK145: La empresa muestra que las deudas representan la mayor parte de los activos, eso significa que una empresa al presentar fluctuaciones con sus ventas, tendrá dificultades para mantenerse y cumplir con sus obligaciones; ya que se traduce que presenta un grado de endeudamiento alto o riesgoso. | AM145: 13.2 | AN145: 1.32 | AO145: La empresa posee una exelente capacidad de ganancias retenidas sobre los ingresos. | AP145: . | AQ145: 13.2 | AR145: 1.32 | AS145: Existe una buena administración de los recursos, por lo que a partir de sus gastos efectuados el negocio puede cubrir sus costos de producción y contar con un margen de utilidad. | AT145: . | AU145: .
B146: 1.33 | C146: 1 | D146: Óptimo | E146: 1.33 | F146: ROE por encima de los estándares óptimos, Gran trabajo | G146: . | H146: 1.33 | I146: 1 | J146: Óptimo | K146: 1.33 | L146: Se detectó un activo muy bajo se recomienda mejorar el control de ellos | O146: 1.33 | P146: Se detectó un ROA alto significá que la empresa es capaz de generar más dinero con menor inversión. Felicitaciones | R146: 1.33 | S146: Se detectó una rotación de activos alta en consecuente la empresa tendrá una productividad mayor. Muy bien | T146: . | AE146: 133 | AF146: 2.46 | AG146: La empresa cuenta con buena liquidez y asi asumir oportunamente el pago de sus deudas. | AH146: . | AJ146: 1.33 | AK146: La empresa muestra que las deudas representan la mayor parte de los activos, eso significa que una empresa al presentar fluctuaciones con sus ventas, tendrá dificultades para mantenerse y cumplir con sus obligaciones; ya que se traduce que presenta un grado de endeudamiento alto o riesgoso. | AM146: 13.3 | AN146: 1.33 | AO146: La empresa posee una exelente capacidad de ganancias retenidas sobre los ingresos. | AP146: . | AQ146: 13.3 | AR146: 1.33 | AS146: Existe una buena administración de los recursos, por lo que a partir de sus gastos efectuados el negocio puede cubrir sus costos de producción y contar con un margen de utilidad. | AT146: . | AU146: .
B147: 1.34 | C147: 1 | D147: Óptimo | E147: 1.34 | F147: ROE por encima de los estándares óptimos, Gran trabajo | G147: . | H147: 1.34 | I147: 1 | J147: Óptimo | K147: 1.34 | L147: Se detectó un activo muy bajo se recomienda mejorar el control de ellos | O147: 1.34 | P147: Se detectó un ROA alto significá que la empresa es capaz de generar más dinero con menor inversión. Felicitaciones | R147: 1.34 | S147: Se detectó una rotación de activos alta en consecuente la empresa tendrá una productividad mayor. Muy bien | T147: . | AE147: 134 | AF147: 2.48 | AG147: La empresa cuenta con buena liquidez y asi asumir oportunamente el pago de sus deudas. | AH147: . | AJ147: 1.34 | AK147: La empresa muestra que las deudas representan la mayor parte de los activos, eso significa que una empresa al presentar fluctuaciones con sus ventas, tendrá dificultades para mantenerse y cumplir con sus obligaciones; ya que se traduce que presenta un grado de endeudamiento alto o riesgoso. | AM147: 13.4 | AN147: 1.34 | AO147: La empresa posee una exelente capacidad de ganancias retenidas sobre los ingresos. | AP147: . | AQ147: 13.4 | AR147: 1.34 | AS147: Existe una buena administración de los recursos, por lo que a partir de sus gastos efectuados el negocio puede cubrir sus costos de producción y contar con un margen de utilidad. | AT147: . | AU147: .
